Workbook
Name check: [1]Listas!$R$2:$R$3
Name DeduFran: [1]Listas!$H$2:$H$4
Name Grupo: [2]Listas!$B$2:$B$3
Name Servicio: [1]Listas!$G$2:$G$17
Name tadquisicion: [2]Listas!$A$2:$A$8
Name TipodeVehiculo: [2]Listas!$C$2:$C$10

Sheet 1. COND. BÁSICAS TRDM
B2: SECRETARIA DISTRITAL DE SEGURIDAD, CONVIVENCIA Y JUSTICIA DE BOGOTÁ - SCJ.
B3: ANEXO No. 1 - CONDICIONES OBLIGATORIAS (MÍNIMAS TÉCNICAS)
B4: GRUPO No. 1
B6: 1. PÓLIZA DE SEGURO DE TODO RIESGO DAÑOS MATERIALES COMBINADOS
B7: 1.1. | C7: INFORMACIÓN GENERAL
B8: TOMADOR: | C8: SECRETARIA DISTRITAL DE SEGURIDAD, CONVIVENCIA Y JUSTICIA DE BOGOTÁ - SCJ. | F8: NIT. | G8: 899.999.061-9
B9: ASEGURADO: | C9: SECRETARIA DISTRITAL DE SEGURIDAD, CONVIVENCIA Y JUSTICIA DE BOGOTÁ - SCJ. | F9: NIT. | G9: =+G8 -> 899.999.061-9
B10: BENEFICIARIO: | C10: SECRETARIA DISTRITAL DE SEGURIDAD, CONVIVENCIA Y JUSTICIA DE BOGOTÁ - SCJ. | F10: NIT. | G10: =+G9 -> 899.999.061-9
B11: 1.2. | C11: OBJETO DEL SEGURO
B12: Amparar todos los activos (bienes inmuebles y muebles) de propiedad de la SECRETARIA DISTRITAL DE SEGURIDAD, CONVIVENCIA Y JUSTICIA DE BOGOTÁ o aquellos que se encuentren bajo su control, tenencia, responsabilidad o custodia, contra los daños o pérdidas materiales a consecuencia de cualquier riesgo, tanto por eventos internos o externos, incluyendo las pérdidas consecuenciales por todo concepto y en general los recibidos a cualquier título o por los que tenga algún interés asegurable, ubicados en el territorio nacional o por aquellos que por su naturaleza se deban trasladar a nivel mundial, dentro o fuera de las instalaciones del asegurado y/o en predios de terceros o a la intemperie y los utilizados en desarrollo del objeto social de la SECRETARIA DISTRITAL DE SEGURIDAD, CONVIVENCIA Y JUSTICIA DE BOGOTÁ.
B13: 1.3. | C13: BIENES ASEGURADOS
B14: Las aseguradoras aceptan que no obstante las siguientes definiciones generales de bienes asegurados, el alcance de éstas se amplian al objeto establecido en el Manual de Procedimientos Administrativos y Contables para el manejo y control de los bienes de la Entidad.
B15: Los bienes asegurados comprenden absolutamente toda propiedad de bienes materiales de la Entidad o de terceros que se estén bajo su cuidado, custodia, control o por los cuales sea legal o contractualmente responsable y en general los recibidos a cualquier título o por los que tenga o tenga interés asegurable, localizados dentro del territorio nacional dentro o fuera de las instalaciones del asegurado y/o en predios de terceros y utilizados en desarrollo del objeto social de la Entidad. consistentes principalmente pero no limitados a los siguientes bienes:
B16: EDIFICIOS: Corresponde a las edificaciones y obras civiles, sus estructuras, cimientos, construcciones fijas con todas sus adiciones y en general toda clase de construcciones propias y no propias, de edificios e inherentes a ellos, incluidos (Cais, Estaciones y/o Subestaciones de Policia, Casas de Justicia, Casas Fiscales, Cárceles, Hogares del Menor Infractor, y todas aquellas por las que sea legalmente responsable), de propiedad de la SECRETARIA DISTRITAL DE SEGURIDAD, CONVIVENCIA Y JUSTICIA o bajo su cuidado, tenencia y control , incluido anexos, escaleras externas, instalaciones eléctricas, de comunicación, intercomunicación o sonido, incluidos anexos y estructuras sanitarias, alcantarillado, para agua, aire acondicionado, (subterráneas o no), sistema de drenaje y aguas negras, tuberías, conductos, tuberías, conductos, desagües, tanques para almacenamiento, ductos, mallas, patios, aceras, instalaciones permanentes de protección contra incendio y demás instalaciones que se hallen o no por debajo del nivel del suelo y/o subterráneas, vidrios internos y externos que conforman y hacen parte de las construcciones, rampas de acceso, tanques de almacenamiento, similares, que formen parte integrante, del edificio, o edificios asegurados, aunque no se hayan informado específicamente, entre otros ubicados en el territorio nacional, incluidos aquellos propios o recibidos por parte de otras entidades para el desarrollo misional de la seguridad de Bogotá, bajo su responsabilidad, tenencia y/o control de la SECRETARIA.
B17: MEJORAS LOCATIVAS: Todas aquellas mejoras a los inmuebles realizadas por la Entidad, aún en el caso de no ser propietaria del bien, que haya realizado inversiones para adecuarlas a sus necesidades, tales como tapetes, tapizados, enchapes, mejoras eléctricas, cielos rasos, etc.
B18: CONTENIDOS Y BIENES EN GENERAL: Corresponden a todo tipo de bienes como muebles y enseres en general propios de la actividad general de una entidad pública, incluidos equipos de oficina no eléctricos ni electrónicos, entre otros, sistemas de oficina abierta, al igual que los documentos de cualquier tipo, que se encuentren localizados dentro de los predios asegurados o fuera de los mismos, incluidos todos aquellos elementos de los Cais Móviles, Casas de Justicias Móviles, Elementos en las carros de lavantamiento de cadáveres, y todos aquellos bienes propios o recibidos por parte de otras entidades para el desarrollo misional de la seguridad de Bogotá, bajo su responsabilidad, tenencia y/o control de la SECRETARIA.
B19: VALOR ADMITIDO: Dada la dificultad de determinar el costo de bienes como: cuadros y obras de arte, por cuanto están sujetos a criterios subjetivos, por sus características especiales (ejemplo obras de arte, según el pintor, la antigüedad, etc.) y alhajas y joyas, estos item se aseguran bajo la modalidad de Valor Admitido.
B20: EQUIPOS ELÉCTRICOS, ELECTRÓNICOS Y DE COMUNICACIÓN: Comprende todos aquellos equipos eléctricos, electrónicos, electromecánicos y los de comunicación (incluidas antenas), incluidos en forma especial C4 – que es el Centro de Comando, Control, Comunicaciones y Cómputo de Bogotá extendida esta definición a salas de control, servidores, equipos de computo con todos sus accesorios periféricos scanner, ploters, servidores, impresoras software, equipos de telecomunicaciones, equipos celulares, equipos de comunicación portátil, tabletas, equipos móviles y/o portátiles, equipos científicos de laboratorio, electrodomésticos, entre otros y todos aquellos bienes propios o recibidos por parte de otras entidades para el desarrollo misional de la seguridad de Bogotá, bajo su responsabilidad, tenencia y/o control de la SECRETARIA.
B21: BIENES O ACTIVOS DE ALMÁCEN E INVENTARIOS: Comprende todos los elementos de consumo, devolutivos nuevos, recuperables, inservibles, papelería, útiles de oficina, equipos en general, repuestos, muestras de oferentes y demás bienes contenidos en las diferentes dependencias de la SECRETARÍA y en general todo elemento que los Asegurados determinen como existencias o elementos de almacén, aunque no se hayan determinado específicamente.
B22: 1.4. | C22: VALORES ASEGURADOS
B23: BIENES ASEGURADOS | F23: VALORES ASEGURADOS
B24: A. EDIFICIOS Y MEJORAS LOCATIVAS | G24: 375585507541
B25: B. CONTENIDOS EN GENERAL Y MUEBLES Y ENSERES | G25: 15722915855
B26: C. EQUIPO ELÉCTRICOS, ELECTRÓNICOS Y DE COMUNICACIÓN (INCLUIDOS EQUIPOS MÓVILES Y PORTÁTILES, SOFTWARE Y LICENCIAS, ROBOT'S ANTIEXPLOSIVOS Y ELEMENTOS INSTALADOS EN EL HELICOPTERO) al igual que todos los equipos que se encuentran en el C4 – Centro de Comando, Control, Comunicaciones y Cómputo de Bogotá. | G26: 332575234659
B27: D. EQUIPO Y MAQUINARÍA | G27: 11440932499
B28: E. FUTURAS INCLUSIONES DE BIENES + INDICE VARIABLE | G28: 23428675495
B29: F. ADECUACION DE CONSTRUCCIONES A LAS NORMAS SISMORESISTENTES | G29: 37558550754
B30: G. COBERTURA PARA ADECUACION DE TERRENOS | G30: 37558550754
B31: SUBTOTAL | G31: =SUM(G24:G30) -> 833870367557
B32: INDICE VARIABLE 7% (SE EXCLUYE DE ESTA CONDICIÓN ELEMENTOS COMO CONSUMO, SISTEMA PUESTA A TIERRA, BICICLETAS, VEHÍCULOS INMOVILIZADOS Y MERCANCÍA EN BODEGA) | G32: 50790828990
B33: TOTAL VALOR ASEGURADO | G33: =+G31+G32 -> 884661196547
B34: Nota: Las aseguradoras debe tener en cuenta que el índice variable esta calculado con relación a la vigencia minima exigida, por tanto la aseguradora debe calcular el índice variable con relación a la vigencia ofertada.
B35: 1.4.2. Bienes con Sublímites
B36: BIENES Y/O RIESGO CON SUBLÍMITE | F36: SUBLÍMITE
B37: Dinero y títulos valores dentro y fuera de caja fuerte. | F37: 49860000
B38: Vehículos inmovilizados y/o para remate o proceso de jurisdicción | F38: 1159059333
B39: Almacén e Inventarios - Bodega | F39: 413960662
B40: TOTAL SUBLIMITES | F40: =SUM(F37:G39) -> 1622879995
B41: FUTURAS INCLUSIONES | F41: SUBLÍMITE
B42: TOTAL VALOR ASEGURADO + SUBLÍMITES + FUTURAS INCLUSIONES | F42: =F40+G33 -> 886284076542
B44: NOTAS:
B45: 1 - Los Sublímites antes indicados corresponden al monto mínimo que deben contemplar las aseguradoras para la propuesta de cobertura de los bienes y/o riesgos.
B46: 2 - Teniendo en cuenta la imposibilidad de establecer valor asegurable para este tipo de bienes por sus características y/o su condición de flotantes, queda expresamente declarado y aceptado por la aseguradora que la misma admite que para estos no exigirá el reporte de valor asegurable y por lo tanto no aplica la condición de seguro insuficiente
B47: 1.4.1. | C47: BASE DE VALORACIÓN DE LOS BIENES ASEGURADOS
B48: EDIFICIOS: Valor de reconstrucción.
B49: CONTENIDOS, EQUIPOS ELECTRICOS, ELECTRÓNICOS Y DE COMUNICACIÓN (INCLUIDO LICENCIAS Y SOFTWARE): Valor de reposición o reemplazo.
B50: BIENES DEVOLUTIVOS Y/O INSERVIBLES O PARA DAR DE BAJA O REMATE Y/O GASTADOS: Valor fiscal y/o de uso o de remate.
B51: BICICLETAS: Valor reposición o reemplazo.
B52: 1.5. | C52: COBERTURAS BÁSICAS
B53: Todo Riesgo: Bajo esta póliza se otorga amparo en la modalidad de todo riesgo por las pérdidas y/o daños materiales que sufran los bienes asegurados activos o inactivos por cualquier riesgo o causas, incluidos, entre otros, pero no limitados a, incendio, rayo, explosión, anegación, daños por agua, rotura de maquinaria, equipo electrónico, hurto y hurto calificado, desaparación misteriosa de bienes únicamente en el desarrollo de las actividades de la entidad, actos mal intencionados de terceros, asonada, motin, conmoción civil o popular, sabotaje y terrorismo, vientos fuertes, granizo y cualquier evento de la naturaleza, impacto de vehículos terrestres, caída de aeronaves y/o piezas o partes que se desprendan o caigan de ellas, humo, impericia, descuido, sabotaje, manejo inadecuado, acción directa de la energía eléctrica como resultado de cortos circuitos, arcos voltaicos, sobrevoltajes, errores de diseño, defectos de fabricación, fundición y uso de materiales defectuosos, fatiga molecular, sobrecalentamiento, defectos de mano de obra, montaje incorrecto y/o defectuoso, rotura debido a fuerza centrífuga, cuerpos extraños que se introduzcan en la maquinaria asegurada, implosión, explosión química de gases impropiamente quemados en la cámara de combustión de calderas o máquinas de combustión interna, explosión física y, demás que no se encuentren expresamente excluidas en las condiciones generales de la póliza. Se entienden incluidos los riesgos mencionados en el artículo 1105 del Código de Comercio, excepto Guerra Civil o Internacional.
B54: NOTA 1: | C54: LAS ASEGURADORAS DEBEN TENER EN CUENTA QUE NO SE ACEPTA PROPUESTA BAJO LA MODALIDAD DE RIESGOS NOMBRADOS, Y EL OFERENTE CON LA PRESENTACIÓN DEL FORMATO No.1 ACEPTA ESTA CONDICIÓN.
B55: NOTA 2: | C55: QUEDA EXPRESAMENTE ACEPTADO POR LA ASEGURADORA QUE LAS CONDICIONES, COBERTURAS Y CLAUSULAS BÁSICAS PARA LAS CUALES NO SE INDIQUE SUBLÍMITE, OPERARÁN AL 100% DEL VALOR ASEGURADO.
B56: NOTA 3: | C56: CADA SUBLÍMITE INDICADO APLICA COMBINADO PARA TODOS LOS BIENES ASEGURADOS Y ESTAN CONTEMPLADOS DENTRO DEL VALOR ASEGURADO.
B57: TERREMOTO, TEMBLOR Y/O ERUPCIÓN VOLCÁNICA Y DEMÁS EVENTOS DE LA NATURALEZA, (100%). | E57: Bajo este amparo, la aseguradora se compromete a indemnizar al Asegurado hasta el límite del valor asegurado de este sublímite, los daños y/o pérdidas materiales que sufran los bienes asegurados causados por terremoto, tembor y/o erupción volcánica y demás eventos de la naturaleza, o por incendio originado por tales fenómenos.
A58: 1 | B58: ACTOS MAL INTENCIONADOS DE TERCEROS ASONADA, MOTÍN, CONMOCIÓN CIVIL O POPULAR Y HUELGA (INCLUIDO TERRORISMO Y SABOTAJE). Sublímite básico obligatorio de $15.000.000.000 vigencia combinado para las coberturas de daños materiales. Se califica en Condiciones Adicionales (Formato No. 3) el aumento del sublímite ofrecido. | E58: La aseguradora se compromete a indemnizar al Asegurado hasta el límite del valor asegurado de este sublímite, los daños y/o pérdidas materiales que sufran los bienes asegurados causados por: Actos Mal Intencionados de Terceros y Terrorismo: Destrucción y daños materiales provenientes de actos terroristas, aún aquellos que sean cometidos por individuos pertenecientes a movimientos subversivo, incluida la explosión originada en tales fenómenos. Asonada, Motín, Conmoción Civil o Popular: Los daños y/o pérdidas materiales cuasados por personas intervenientes en desordenes, confusiones, alteraciones, y disturbios de caráter violento y tumultario. Así como asonada según la definición del Código Penal. Huelga: Los daños y/o pérdidas materiales causados por huelgistas o por personas que tomen parte en conflictos colectivos de trabajo o suspensión de hecho de labores.
B59: COBERTURA POR ROTURA DE VIDRIOS Sublímite de $2.000.000.000 evento/ vigencia incluidos los eventos de Actos Mal Intencionados de Terceros Asonada, Motín, Conmoción Civil o Popular y Huelga (Incluido Terrorismo y sabotaje). SIN APLICACION DE DEDUCIBLE. | E59: La aseguradora se compromete a indemnizar al Asegurado hasta el límite del valor asegurado de este sublímite, la rotura que sufran los vidrios, domos, acrilicos u otros materiales que hagan sus veces, al igual que los cristales, espejos y unidades sanitarias instalados y que formen parte del predio asegurado, incluidos aquellos que sean parte decorativas de los mismos.
A60: 2 | B60: HURTO Y HURTO CALIFICADO Sublímite de $5.000.000.000 evento/ vigencia anual combinado para todos los bienes. Se califica en Condiciones Adicionales (Formato No. 3) el aumento del sublímite ofrecido. | E60: La aseguradora se compromete a indemnizar al Asegurado hasta el límite del valor asegurado de este sublímite, las pérdidas y/o daños materiales de los bienes asegurados, ocasionados por cualquier causa o accidente en cualquier lugar, inclusive aquellos que se deriven de: - Hurto simple o el hurto calificado según se define en el Código Penal. - Terremoto, temblor, erupción volcánica o cualquier otro fenómeno de la naturaleza. - Caída o destrucción total o parcial del predio asegurado - Saqueo.
B61: COBERTURA PARA LA CÁRCEL DISTRITAL DE VARONES Y ANEXO DE MUJERES Sublimite de $ 80.000.000.000 | E61: La aseguradora se compromete a indemnizar al Asegurado hasta el límite del valor asegurado de este sublímite, LA CÁRCEL DISTRITAL DE VARONES Y ANEXO DE MUJERES y todos aquellos bienes que formen parte del predio asegurado, incluidos aquellos que sean parte decorativas de los mismos, por todos los los daños y/o pérdidas materiales que sufran los bienes asegurados como consecuencia de la materializacion de los evetos asegurados descritos en la poliza.
B62: GASTOS PARA LA ADECUACIÓN DE SUELOS Y TERRENOS Hasta el 10% del valor asegurable del bien inmueble afectado. | E62: La aseguradora se compromete a indemnizar al asegurado, hasta el límite del porcentaje aca establecido, las pérdidas que sufra la Entidad por daños materiales como consecuencia de Terremoto, temblor, erupción volcánica o cualquier otro evento de la naturaleza, que se originen en las siguientes situaciones: a) Alteración de las características del suelo sobre el cual se levante la edificación asegurada, de tal forma que las nuevas características de dicho suelo pongan en condiciones inhabitables dicha edificación. b) Imposibilidad del asegurado para reparar o reconstruir la edificación asegurada, en virtud de disposiciones legales o administrativas, adoptadas por autoridad competente como consecuencia de la ocurrencia de un evento asegurado, que afecte en forma grave y notoria las características del terreno. De igual forma queda expresamente aclarado y convenido que la responsabilidad de la aseguradora se establece respectivamente así: a) El valor de los costos y gastos en que necesaria y razonablemente deba incurrir el asegurado para la recuperación de la estabilidad y capacidad portante del suelo, de tal manera que se garantice la estabilidad de la edificación asegurada. b) El costo de adquisición de un lote o terreno de características y ubicación similares al lote sobre el cual se levante la edificación asegurada. Para los efectos de este amparo se entenderá por valor asegurado el valor comercial del lote de terreno asegurado de acuerdo con su superficie y ubicación. Para los efectos de este amparo, la aseguradora efectuará el pago de la indemnización a que se refiere el segundo ítem del presente amparo, una vez el asegurado haya efectuado a su costa, mediante escritura pública debidamente registrada, el traspaso de los derechos sobre el terreno asegurado a nombre de la aseguradora.
B63: GASTOS PARA LA EXTINCIÓN DEL SINIESTRO. 100% DE LOS DEMOSTRADOS POR EL ASEGURADO. | E63: La Compañía se obliga a indemnizar el 100% de los gastos en que necesaria y razonablemente incurra el asegurado con el fin extinguir cualquier siniestro amparado por la póliza o para evitar su propagación, de acuerdo con lo señalado en el artículo 1074 del Código de Comercio. Se precisa que bajo ninguna circunstancia se considerara como gastos de extinción de un incendio la colaboración personal prestada por el asegurado, ni la de sus empleados, obreros o sus contratistas para el apoyo a la gestión.
A64: 3 | B64: GASTOS ADICIONALES. 5% del valor total asegurado (sin sublímites), evento / vigencia. Se califica en Condiciones Adicionales (Formato No. 3) el aumento del sublímite ofrecido. | E64: No obstante lo que se diga en contrario en las condiciones generales de la póliza, la Compañía se obliga a indemnizar los gastos adicionales (que no tengan carácter de permanentes), debidamente comprobados en que necesaria y razonablemente incurra el asegurado, como consecuencia directa del siniestro.
B65: 1. Gastos de horas extras, trabajo nocturno o en días festivos y flete expreso y aéreo. | E65: Bajo esta cobertura se amparan los gastos adicionales y extraordinarios por concepto de horas extras, trabajo nocturno o en días festivos, flete expreso y aéreo, que se incurran con motivo de una pérdida o daño amparado.
B66: 2. Gastos de viajes y estadia. | E66: Bajo esta cobertura se amparan los gastos de viajes de y estadia de funcionarios, empleados y técnicos que intervienen en la planificación de la reconstrucción o adquisicón de los bienes asegurados.
B67: 3. Remoción de Escombros y Gastos de Demolición. | E67: Mediante este amparo la compañía indemnizará, los gastos demostrados por remoción de escombros, desmantelamiento, demolición o de apuntalamiento de los bienes asegurados, que hayan sido dañados o destruidos por la ocurrencia de cualquiera de los riesgos amparados, incluyendo los gastos de limpieza y recuperación de materiales, con ocasión de un siniestro.
B68: 4. Gastos para la Demostración del Siniestro. | E68: Bajo este amparo se cubren los gastos en que incurra el asegurado, para la demostración de la ocurrencia y cuantía del siniestro y serán indemnizados bajo esta póliza.
B69: 5. Gastos para la extinción del incendio. | E69: No obstante lo que se diga en contrario en las condiciones generales y particulares de la póliza, la Compañía se obliga a indemnizar los costos de los productos o sustancias utilizadas, así como los elementos o equipos destruidos total o parcialmente, como consecuencia de las actividades dirigidas a la extinción del incendio o para evitar su propagación, hasta el 100% de los gastos demostrados
B70: 6. Gastos de Auditores, Revisores y Contadores. | E70: Bajo este amparo la Compañía indemnizará, los gastos en que incurra el asegurado, por pago de auditores, revisores y contadores que se requieran para analizar y certificar los datos extraídos de los libros de contabilidad y demás documentos del negocio del asegurado, al igual que cualesquiera otras informaciones que sean solicitadas por la compañía al asegurado, para la demostración de la ocurrencia y cuantía del siniestro, según lo establecido en esta póliza.
B71: 7. Pago de Honorarios Profesionales. | E71: Se otorga cobertura para amparar los honorarios de arquitectos, interventores, ingenieros, técnicos, consultores u otros profesionales, que sean razonablemente necesarios, así como los gastos de viaje y estadía que se requieran para la planificación, reconstrucción o reparación de los bienes asegurados, a condición de que sea consecuencia de un siniestro cubierto por la póliza.
B72: 8. Gastos para la Preservación de Bienes. | E72: Se ampara bajo la presente cobertura, los gastos en que incurra el asegurado para realizar remplazos temporales y/o provisionales o reacondicionamientos y/o reparación de los bienes asegurados afectados por siniestro, así como la ejecución de obras o construcciones provisionales o transitorias, siempre y cuando estos gastos sean requeridos para la preservación y/o conservación de los bienes asegurados con el fin de establecer y continuar con igual eficiencia, como sea posible, las operaciones del giro normal de las actividades del asegurado que sean afectados directamente por un evento amparado.
B73: 9. Gastos para la obtención de licencias y permisos para reconstruir el inmueble asegurado | E73: Se ampara bajo la presente cobertura, los gastos en que incurra el asegurado por concepto de honorarios y materiales necesarios para obtener la licencias y permisos requeridos para reconstruir el inmueble.
B74: 10. Gastos para acelerar la reparación, reacondicionamiento o el reemplazo de los bienes asegurados. | E74: Se ampara bajo la presente cobertura, los gastos en que incurra el asegurados para acelerar la reparación, reacondicionamiento o el reemplazo de los bienes asegurados.
B75: 11. Gastos para reparaciones o recostrucciones provisonales o transitorias. | E75: Se ampara bajo la presente cobertura, los gastos en que incurra el asegurado con el fin de efectuar reparaciones o reconstrucciones provisionales transitorias, con el objeto de salvar, preservar o conservar los bienes amparados.
B76: GASTOS EXTRAORDINARIOS. Sin aplicación de deducible. Sublimite $3.000.000.000 por evento/ vigencia. | E76: Mediante esta condición la cobertura de la póliza se extiende a amparar los gastos extras por arrendamientos de bienes, cualquier tipo de equipos, instalaciones y edificios en que incurra el asegurado, adicionales y en exceso a sus costos normales de operación, con el único fin de poder continuar con igual eficiencia, como sea posible, las operaciones del giro normal de sus actividades que se vean afectadas directamente por un evento amparado bajo este seguro, incluido los gastos por pago de administración y servicios públicos de las instalaciones utilizadas.
... B86: ACTOS DE AUTORIDAD | E86: La póliza se extiende a cubrir los daños o pérdidas materiales de los bienes asegurados, causados directamente por la acción de la autoridad legalmente constituida, ejercida con el fin de disminuir o aminorar las consecuencias de cualquiera de los riesgos amparados. Se excluye la confiscación de bienes.
B87: 1.6. | C87: CLÁUSULAS BÁSICAS
B88: REVOCACIÓN DE LA PÓLIZA, CLÁUSULAS O CONDICIONES. Con Termino de Noventa (90) días y para AMIT, AMCCOPH, Terrorismo y Sabotaje diez (10) días. | E88: La aseguradora podrá revocar la póliza, cláusulas o condiciones unilateralmente por la compañía, mediante noticia escrita enviada al asegurado, a su última dirección registrada, con no menos de noventa (90) días y para AMIT Y AMCCOPH diez (10) días, de antelación; contados a partir de la fecha del envío. El asegurado podra pedir la revocación en cualquier momento, según lo previsto en el Código de Comercio. Así mismo, en el caso de que la aseguradora decida no otorgar renovación o prorroga del contrato de seguro, excepto para AMIT, AMCCOPH, Terrorismo y Sabotaje, deberá dar aviso de ello al asegurado con no menos de noventa (90) días de antelación a la fecha de vencimiento de la póliza, en caso contrario se dará por entendido que la aseguradora acepta la renovación o prorroga hasta el límite legal establecido en la Ley 80 de 1993, para la adición de los contratos y manteniendo las mismas condiciones ofertadas en este proceso de aseguradoras.
B89: AMPLIACIÓN DEL AVISO DE SINIESTRO. Término de noventa (90) días Y para AMIT, AMCCOPH, Terrorismo y Sabotaje diez (10) días. | E89: La póliza extiende el término de aviso de la ocurrencia del siniestro, por parte del asegurado a un término de noventa (90) días y para AMIT Y AMCCOPH diez (10) días siguientes a la fecha en que lo haya conocido o debido conocer.
B90: COBERTURA AUTOMÁTICA PARA NUEVAS PROPIEDADES Y BIENES. Sublímite de $20.000.000.000 y aviso de sesenta 60) días. | E90: Mediante la presente cláusula, la aseguradora se obliga a otorgar cobertura automática para los bienes que adquiera, construya, esten en montajes, instale, remodele o adecúe, a cualquier título, sean nuevos o usados, sobre los cuales éste tuviere interés asegurable o queden bajo su responsabilidad, cuidado o control del asegurado, bajo las mismas condiciones ofrecidas en el presente proceso y a partir del momento en que el asegurado asuma la responsabilidad por los mismos. La aplicación de esta condición queda sujeta a que el asegurado se obliga a dar aviso a la aseguradora dentro del término señalado a la adquisición o recibo de los mismos. Esta condición dará derecho a la compañía al cobro de la prima proporcional, calculada a prorrata, con las tasas adjudicadas y correspondiente al periodo de amparo, incluido el término automático otorgado para esta condición. Así mismo queda acordado y convenido, que si el valor supera el sublímite de la presente cláusula, la cobertura aplicará hasta dicho monto y la cobertura del valor adicional operará a partir de la fecha de reporte y solicitud formulada por la entidad asegurada.
B91: AMPARO AUTOMÁTICO POR CAMBIO DE UBICACIÓN DEL RIESGO. Aviso a la aseguradora 120 días. | E91: Mediante la presente condición, queda expresamente acordado que la cobertura del seguro se extiende a cubrir los bienes asegurados, que cambien de dirección, ubicación o sean trasladados a otro(s) sitio(s), siempre y cuando ello se genere por las necesidades de la operación y/o servicio de la entidad asegurada o tomadora.
B92: EXPERTICIO TÉCNICO | E92: Queda convenido, entendido y aceptado que en el evento de existir una discrepancia entre la compañía y el asegurado en cuanto a si el siniestro constituye una pérdida total o parcial, o con relación a otros aspectos de orden técnico, la cuestion sera sometida a desición de la decisión de ingenieros, técnicos o peritos expertos en la actividad que desarrolla el asegurado (peritos o a expertos en la materia de siniestros), según los intereses afectados por el siniestro, siguiendo el procedimiento que para tal regulación previo los articulos 2026 y siguientes del código del comercio.
B93: CONOCIMIENTO DEL RIESGO | E93: La Compañía acepta mediante la presente cláusula que la Entidad, le ha brindado la oportunidad para realizar la inspección de los bienes y riesgos a que están sujetos los mismos y el patrimonio del Asegurado, razón por la cual se deja constancia del conocimiento y aceptación de los hechos, circunstancias y, en general, condiciones de los mismos. La compañía se reserva el derecho de llevar a cabo la inspección cuantas veces lo juzgue pertinente.
B94: PROTOCOLO DE CONTRUCCCIÓN DE LOS CENTROS DE ATENCIÓN INMEDIATA (CAI) | E94: La Compañía acepta mediante la presente cláusula que en caso de un siniestro que afecte a los CENTROS DE ATENCIÓN INMEDIATA (CAI), la reconstrucción de los mismo se debe realizar por el protocolo con el cual se encuentre vigente.
B95: NOMBRAMIENTO Y DESIGNACIÓN DE AJUSTADORES | E95: El nombramiento de ajustadores deberá efectuarse de común acuerdo entre la aseguradora y el asegurado, para lo cual la aseguradora presentará para cada reclamo una relación de cinco (5) firmas ajustadoras. No obstante la anterior condición, el asegurador con su propuesta se obliga a presentar la lista de todos sus ajustadores y la Entidad se reserva el derecho de nombrar al ajustador que considere más adecuado o solicitar el cambio de los mismos en caso de que no fueren de su entera satisfacción, sin que para ello se requiera motivación alguna.
B96: EXTENSIÓN DE COBERTURA PARA DAÑOS Y/O PÉRDIDAS CONSECUENCIALES | E96: La aseguradora acepta y conveniene que la presente póliza se extiende a amparar los daños y/o pérdidas consecuenciales que afecten los bienes asegurados que sean derivadas de cualquier tipo de riesgo, bajo los mismos términos del seguro; siempre y cuando las mismas sean causadas por alguno de los riesgos amparados con la presente póliza, incluyendo las pérdidas y/o daños en medios de operación, como combustibles, lubricantes, refrigerantes o agentes químicos, entre otros.
B97: NO APLICACIÓN DE DÉMERITO POR USO O MEJORÁ TECNOLÓGICA PARA DAÑOS O PÉRDIDAS DE EQUIPOS ELÉCTRICOS, ELECTRÓNICOS Y/O DE ROTURA DE MAQUINARÍA. PARA BIENES CON EDAD DE HASTA DOCE (12) AÑOS. | E97: La aseguradora acepta no aplicará demérito por uso y/o mejora tecnológica, o cualquier otro concepto, en la liquidación de la indemnizaciones de los siniestros que afecten las coberturas de equipos eléctricos, electrónicos y/o rotura de maquinaria; según el término de años de edad ofrecido por la aseguradora y con base en la siguiente tabla de demérito a aplicar:
B98: - TABLA DE DEMÉRITO A APLICAR | E98: EDAD DEL EQUIPO | F98: PORCENTAJE | G98: ACUMULADO
E99: Superior a 0 años y hasta 12 años | F99: 0 | G99: 0
E100: Superior a 12 años | F100: 8 | G100: 40
E101: Aplicación de máximo el 40% en conjunto, por concepto de demérito por uso y/o mejora tecnológica para riesgos de Equipo Eléctricos, Electrónicos y/o Rotura de Maquinaría.
B102: NO APLICACIÓN DE DÉMERITO POR USO O MEJORÁ TECNOLÓGICA PARA DAÑOS O PÉRDIDAS DIFERENTES A LAS DE EQUIPOS ELÉCTRICOS, ELECTRÓNICOS Y/O ROTURA DE MAQUINARÍA. | E102: La aseguradora acepta mediante la presente póliza la no aplicación por démerito, uso, vetustez, obsolecencia tecnológica o, en fin, cualquier otro concepto para los riesgos de Sustracción, Incendio y anexos (se exceptua los bienes correspondientes a equipos eléctricos y electrónicos). Para las coberturas de equipos eléctricos, electrónicos y rotura de maquinaría aplicará en la liquidación de las indemnizaciones las siguientes condiciones:
B103: - RECONSTRUCCIÓN, REPOSICIÓN, REPARACIÓN O REEMPLAZO. | E103: Bajo esta cláusula la Compañía pagará la indemnización por el valor de la reposición o reemplazo del bien o bienes asegurados, cuando el conjunto o la totalidad de ellos queden destruidos o de tal modo averiados que pierdan la aptitud para el fin a que están destinados o cuando no obstante no perder esa aptitud, su reparación aunque se facilite, implique perjuicios en la calidad o eficiencia en la producción u operación y de conformidad con lo siguiente y en concordancia con la tabla de demérito a aplicar:
E104: a) Se entiende por valor de reposición del bien o los bienes, el valor a nuevo del mismo o de los mismos, sin deducción alguna por depreciación, demérito, uso, vetustez, o en fin, por cualquier otro concepto.
E105: b) Si con ocasión del siniestro, la reposición o reparación del bien, conjunto o totalidad de los bienes, ó de un grupo de estos o de cualquiera de ellos, el asegurado hiciera cualquier cambio o reforma en sus instalaciones, o reemplazare el o los bienes siniestrados por otro u otros de diferente naturaleza, o de mayor capacidad, serán de su cuenta los mayores costos que dichos cambios ocasionen.
E106: c) La Aseguradora también se obliga a indemnizar el siniestro total o parcial con base en el valor de la reconstrucción, reposición, reparación o reemplazo, si se hace conveniente o necesaria la reconstrucción en un sitio distinto al del sitio afectado por el siniestro, sin que la indemnización exceda de la suma que hubiere debido indemnizar en casos normales.
E107: d) Sin importar que la indemnización se haga bajo cualesquiera de las modalidades antes previstas, la compañía no estará obligada a responder sino hasta la concurrencia del valor asegurado, ajustado según lo estipulado en las condiciones de la póliza.
B108: CLÁUSULA DE ADECUACIÓN DE CONSTRUCCIONES A LAS NORMAS DE SISMO RESISTENCIA Sublímite del 10% del valor de la reparación o reconstrucción de la parte de la edificación afectada. | E108: Queda expresamente convenido y acordado que en caso de siniestro la aseguradora indemnizará los costos de adecuación, del o de los inmuebles afectados a las normas de sismo resistencia vigentes al momento del siniestro, en exceso del monto total de la reparación o la reconstrucción de los daños o pérdidas que afecten los inmuebles o construcciones aseguradas, que se generen a consecuencia de cualquier evento amparado bajo la presente póliza. Los costos amparados bajo la presente cláusula comprenden, costos de diseño y rediseño, honorarios profesionales de ingenieros, arquitectos, topógrafos, interventores, consultores, tecnólogos, técnicos o cualquier otro profesional, para efectuar trabajos de planos, especificaciones y/o cualquier otro trabajo y ejecución de obras relacionadas con la reparación y/o reconstrucción de las partes del inmueble afectado y dirigidas a la adecuación de las mismas a las normas de sismo resistencia.
B109: DESIGNACIÓN O DENOMINACIÓN DE BIENES | E109: La aseguradora acepta el título, nombre, denominación o nomenclatura con que el asegurado identifica o describe los bienes asegurados en sus registros o libros de comercio o contabilidad.
B110: MODIFICACIONES A FAVOR DEL ASEGURADO | E110: Los cambios o modificaciones a las condiciones de la presente póliza, serán acordados mutuamente entre la compañía y el asegurado. El certificado, documento o comunicaciones que se expidan para formalizarlos debe ser firmado, en señal de aceptación, por un representante legal del asegurado o funcionario autorizado, prevaleciendo sobre las condiciones de esta póliza. No obstante si durante la vigencia de la póliza se presentan modificaciones en las condiciones del seguro, legalmente aprobadas que representen un beneficio a favor del asegurado, tales modificaciones se consideran automáticamente incorporadas. Siempre y cuando no causen cobro de prima adicional.
B111: ERRORES, OMISIONES O INEXACTITUDES | E111: El tomador está obligado a declarar sinceramente los hechos y circunstancias que determinen el estado del riesgo. La inexactitud sobre hechos o circunstancias que, conocidas por la compañía, la hubieren retraído de celebrar el contrato o inducido a estipular condiciones más onerosas, produce la nulidad relativa del seguro. Sin embargo, si se incurriere en errores, omisiones e inexactitudes inculpables al tomador o al asegurado, el contrato no será nulo ni habrá lugar a la aplicación del inciso tercero del artículo 1058 del Código de Comercio sobre reducción porcentual de la prestación asegurada. En este caso se deberá pagar la prima adecuada al verdadero estado del riesgo.
B112: ERRORES Y/U OMISIONES EN LA PRESENTACIÓN DE LA INFORMACIÓN DE LOS BIENES ASEGURADOS | E112: En caso de que en estas condiciones técnicas, anexos o en la póliza que se expida, se encuentre información imprecisa sobre la identificación de los bienes asegurados, siempre y cuando se pueda evidenciar que se tenía intención de asegurar o se pagó la prima correspondiente, la aseguradora indemnizará el valor de la perdida o daño.
...

Sheet 2. COND. BÁSICAS MANEJO
B2: SECRETARIA DISTRITAL DE SEGURIDAD, CONVIVENCIA Y JUSTICIA DE BOGOTÁ - SCJ.
B3: ANEXO No. 1 - CONDICIONES OBLIGATORIAS (MÍNIMAS TÉCNICAS)
B4: GRUPO No. 1
B6: 2. PÓLIZA DE SEGURO GLOBAL DE MANEJO PARA ENTIDADES OFICIALES
B7: 2.1. | C7: INFORMACIÓN GENERAL
B8: TOMADOR: | C8: SECRETARIA DISTRITAL DE SEGURIDAD, CONVIVENCIA Y JUSTICIA DE BOGOTÁ - SCJ. | F8: NIT. | G8: =+'1. COND. BÁSICAS TRDM'!G8 -> 899.999.061-9
B9: ASEGURADO: | C9: SECRETARIA DISTRITAL DE SEGURIDAD, CONVIVENCIA Y JUSTICIA DE BOGOTÁ - SCJ. | F9: NIT. | G9: =+G8 -> 899.999.061-9
B10: BENEFICIARIO: | C10: SECRETARIA DISTRITAL DE SEGURIDAD, CONVIVENCIA Y JUSTICIA DE BOGOTÁ - SCJ. | F10: NIT. | G10: =+G9 -> 899.999.061-9
B11: 2.2. | C11: OBJETO DEL SEGURO
B12: Amparar los riesgos que impliquen menoscabo de los fondos o bienes de propiedad, bajo tenencia, control y/o responsabilidad de la SECRETARIA DISTRITAL DE SEGURIDAD, CONVIVENCIA Y JUSTICIA DE BOGOTÁ , causados por acciones y omisiones de sus servidores, que incurran en delitos contra la administración pública o fallos con responsabilidad fiscal, por incumplimiento de las disposiciones legales y reglamentarias, incluyendo el costo de la rendición de cuentas en caso de abandono del cargo o fallecimiento del empleado, en concordancia con la Resolución 014249 del 15 de mayo de 1992, aprobada por la Contraloría General de la República.
B13: 2.3. | C13: LÍMITE ASEGURADO EVENTO /AGREGADO ANUAL
A14: 1 | B14: Oferta Básica: Se califica en Condiciones Adicionales (Formato No. 3) el aumento del límite asegurado sin cobro de prima adicional. | F14: 900000000
B15: 2.3.1. | C15: MODALIDAD DE CONTRATACIÓN
B16: Los amparos otorgados, en la presente póliza, operan bajo la modalidad de delimitación temporal de cobertura, denominada OCURRENCIA, es decir que se cubrirán las pérdidas que sufra o que se causen al asegurado durante la vigencia de la póliza.
B17: 2.4. | C17: CARGOS ASEGURADOS
C18: Directivo | D18: 21
C19: Despacho Secretario | D19: 7
C20: Asesor | D20: 2 | E20: MONTO ANUAL PROYECTADO DE LA NÓMINA: | G20: $4.621.412.847
C21: Profesional | D21: 158
C22: Técnico | D22: 40
C23: Asistencial | D23: 505 | E23: CONTRATISTAS: 401
B24: TOTAL CARGOS ASEGURADOS: | D24: =SUM(D18:D23) -> 733
B25: NOTA: | C25: CADA SUBLÍMITE INDICADO ESTAN CONTEMPLADOS DENTRO DEL LÍMITE ASEGURADO.
B26: 2.5. | C26: COBERTURAS BÁSICAS
B27: DELITOS CONTRA LA ADMINISTRACIÓN PÚBLICA | E27: La aseguradora indemnizará la pérdida económica que sufra la Entidad a consecuencia de actos que se tipifiquen como delitos contra la administración pública, cometidos por empleado(s) en desempeño de(los) cargo(s) señalados en el numeral 2.4. y cuando sean descubiertos durante la vigencia de la póliza.
B28: GASTOS DE RECONSTRUCCIÓN O RENDICIÓN DE CUENTAS | E28: La aseguradora mediante este amparo cubre los gastos que la Entidad tenga que incurrir en caso de abandono del cargo o fallecimiento del empleado, para llevar a cabo los procesos de rendición y reconstrucción de cuentas.
B29: DELITOS CONTRA EL PATRIMONIO ECÓNOMICO | E29: La aseguradora mediante este amparo indemnizará la pérdida económica que sufra la Entidad, por aquellas conductas penalmente sancionables, cometidas por los empleados de la Entidadl, que no dan cuenta de un buen manejo de los recursos estatales y que causan detrimento al patrimonio del estado, tales como el peculado por apropiación, peculado por uso, peculado por aplicación oficial diferente y peculado culposo de acuerdo con su definición legal.
B30: JUICIOS CON RESPONSABILIDAD FISCAL Y ALCANCES FISCALES | E30: La aseguradora mediante este amparo cubre los procesos de responsabilidad fiscal con ocasión de la ejecución de actos que den lugar a iniciación de juicios de esta naturaleza.
B31: PÉRDIDA DE EMPLEADOS NO IDENTIFICADOS AL 100% DEL LÍMITE ASEGURADO | E31: En caso de ocurrencia de cualquier pérdida, pero que la Entidad no pudiera determinar específicamente al empleado o los empleados responsables, la aseguradora reconocerá la indemnización correspondiente, siempre y cuando las circunstancias que dieron lugar al evento, permitan considerar que en la ocurrencia del mismo intervinieron uno o varios empleados de la Entidad, a cualquier titulo (autor intelectual, material o cómplice). Queda entendido que la responsabilidad de la compañía, respecto de tales pérdidas, no excederá en ningún caso del monto asegurado estipulado en la póliza.
B32: PROTECCIÓN DE DEPÓSITOS BANCARIOS AL 100% DEL LÍMITE ASEGURADO | E32: Cubre las pérdidas de dinero que el asegurado tenga depositado en sus cuentas corrientes o de ahorro en entidades bancarias o financieras (incluidos sus respectivos intereses), que se deba a falsificación o adulteración de un cheque, letra de cambio, pagaré, carta de crédito o cualquier otra clase de título valor que el banco o entidad financiera presuma que ha sido firmado, endosado o avalado por el asegurado o por una persona que obre en su nombre o representación y que el banco o entidad financiera compruebe que no es responsable por dicho pago, incluyendo: a) Cualquier cheque o giro hecho o girado en nombre de la Entidad pagadero a una persona ficticia y endosado o pagado a nombre de dicha persona. b) Cualquier cheque o giro hecho o girado en transacción de la Entidad o por su representante a favor de un tercero y entregado al representante de éste que resultare endosado o cobrado por persona distinta de aquel a quien se giró. c) Cualquier cheque o giro con destino al pago de salarios que habiendo sido girado u ordenado por la Entidad, resultare endosado y cobrado por un tercero obrando supuestamente a nombre del girador, o de aquel a quien se debía hacer el pago. Esta cbertura aplica cuando se demuestra la participación de uno o más empleados y que la entidad bancaria demuestre que no tiene ninguna responsabilidad.
B33: EXTENSIÓN DE COBERTURA PARA EMPLEADOS OCASIONALES, TEMPORALES Y TRANSITORIOS AL 100% DEL LÍMITE ASEGURADO | E33: Bajo esta condición la cobertura de la presente póliza se extiende a amparar a los trabajadores ocasionales, temporales o transitorios y a quienes sin serlo, realicen prácticas o investigaciones en sus dependencias. Esta cobertura queda sujeta a que las operaciones que realicen tales personas estén bajo el control de la Entidad.
B34: EXTENSIÓN DE COBERTURA PARA EMPLEADOS DE FIRMAS ESPECIALIZADAS Y OTROS AL 100% DEL LÍMITE ASEGURADO | E34: Bajo esta condición la cobertura de la presente póliza se extiende a amparar a todas aquellas personas naturales que presten servicios en los establecimientos del asegurado bajo cualquier título o contrato, incluidos los empleados de firmas especializadas, los empleados de contratistas independientes, los cuales deben cumplir con las normas que los regulan y con las garantías exigidas por la ley 80 de 1993. Esta cobertura queda sujeta a que las operaciones que realicen tales personas estén bajo el control de la Entidad.
B35: EXTENSIÓN DE COBERTURA PARA PÉRDIDAS OCASIONADAS POR EMPLEADOS DE CONTRATISTAS Y SUBCONTRASTISTAS INDEPENDIENTES AL 100% DEL LÍMITE ASEGURADO | E35: Bajo esta condición la cobertura de la presente póliza se extiende a amparar a todas aquellas personas naturales que presten servicios en los establecimientos del asegurado bajo cualquier título o contrato, incluidos los empleados de contratistas y subcontratistas independientes, los cuales deben cumplir con las normas que los regulan y con las garantías exigidas por la ley 80 de 1993.
B36: GASTOS POR PAGOS DE AUDITORES, REVISORES, CONTADORES Y ABOGADOS | E36: La cobertura de esta póliza debe extenderse a amparar los gastos en que incurra el asegurado, por pago a auditores, revisores, contadores y abogados, que se requieran para analizar y certificar los datos extraídos de los libros de contabilidad y demás documentos del asegurado, al igual que cualquier otra información que sea solicitada por la compañía al asegurado para el ajuste y definición de los reclamos.
B37: GASTOS ADICIONALES PARA DEMOSTRAR EL SINIESTRO Y SU CUANTÍA | E37: La aseguradora se obliga a indemnizar los gastos en que necesaria y razonablemente incurra el asegurado con el fin de demostrar la ocurrencia del siniestro y la cuantía de la pérdida, de los bienes que sean afectados por uno de los eventos amparados bajo la presente póliza, hasta el 100% de los gastos demostrados y estos hacen parte del límite asegurado.
B38: ACTOS DE AUTORIDAD | E38: La póliza se extiende a cubrir los daños o pérdidas materiales de los bienes asegurados, causados directamente por la acción de la autoridad legalmente constituida, ejercida con el fin de disminuir o aminorar las consecuencias de cualquiera de los riesgos amparados. Se excluye la confiscación de bienes.
B39: 2.7. | C39: CLÁUSULAS BÁSICAS
B40: REVOCACIÓN DE LA PÓLIZA, CLÁUSULAS O CONDICIONES Con termino de noventa (90) días. | E40: La aseguradora podrá revocar la póliza, cláusulas o condiciones unilateralmente por la compañía, mediante noticia escrita enviada al asegurado, a su última dirección registrada, con no menos de noventa (90) días de antelación; contados a partir de la fecha del envío. El asegurado podrá pedir la revocación en cualquier momento, según lo previsto en el Código de Comercio. Así mismo, en el caso de que la aseguradora decida no otorgar renovación o prorroga del contrato de seguro, deberá dar aviso de ello al asegurado con no menos de noventa (90) días de antelación a la fecha de vencimiento de la póliza, en caso contrario se dará por entendido que la aseguradora acepta la renovación o prorroga hasta el límite legal establecido en la Ley 80 de 1993, para la adición de los contratos y manteniendo las mismas condiciones ofertadas en este proceso.
B41: AMPARO AUTOMÁTICO DE NUEVOS CARGOS | E41: Bajo esta cláusula se otorga amparo automático a todo nuevo cargo creado por la Entidad, durante la vigencia de la misma, sin que exista obligación por parte de la entidad asegurada de reportarle dichos nuevos cargos, siempre que los nuevos cargos cuenten con las mismas seguridades y controles que los reportados en el inicio de la póliza.
B42: ERRORES, OMISIONES O INEXACTITUDES | E42: El tomador está obligado a declarar sinceramente los hechos y circunstancias que determinen el estado del riesgo. La inexactitud sobre hechos o circunstancias que, conocidas por la compañía, la hubieren retraído de celebrar el contrato o inducido a estipular condiciones más onerosas, produce la nulidad relativa del seguro. Sin embargo, si se incurriere en errores, omisiones e inexactitudes inculpables al tomador o al asegurado, el contrato no será nulo ni habrá lugar a la aplicación del inciso tercero del artículo 1058 del Código de Comercio sobre reducción porcentual de la prestación asegurada. En este caso se deberá pagar la prima adecuada al verdadero estado del riesgo.
B43: MODIFICACIÓN A CARGOS | E43: Queda entendido, convenido y aceptado que si durante la vigencia de la presente póliza se presenta cambio de denominaciones a cargos, se consideran automáticamente incorporados a la póliza, sin que el asegurado se obligue a reportarle tales cambios y/o modificaciones
B44: AMPLIACIÓN AVISO DEL SINIESTRO Con termino de noventa (90) días. | E44: Queda convenido y aceptado que el asegurado podrá dar aviso de la ocurrencia del siniestro en un término de noventa (90), siguientes a la fecha en que haya conocido o debido conocer la ocurrencia del mismo.
B45: DEFINICIÓN DE TRABAJADOR O EMPLEADO | E45: Queda convenido y aceptado que aseguradora acepta bajo la presente cláusula, que el término "trabajador o empleado" y esten bajo el contro y dependencia del asegurado, dondequiera que se utilice en la póliza significará:
E46: 1) La persona natural que, dentro del desempeño del cargo asegurado, presta su servicio a la Entidad, vinculada a éste mediante contrato de trabajo, orden de trabajo o mediante nombramiento por decreto o resolución.
E47: 2) Contratistas bajo la Prestación de Servicios Profesionales para el apoyo a la gestión.
E48: 3) Los asesores y consultores que desarrollan funciones en la Entidad.
E49: 4) Estudiantes o Preacticantes mientras estén prosiguiendo estudios o deberes en los predios de a Entidad.
E50: 5) Empleados de seguridad y contratistas y sus empleados, mientras dichos contratistas estén desarrollando servicios temporales para la Entidad.
E51: 6) Los trabajadores suministrados por compañías especializadas para desarrollar trabajos propios del asegurado y bajo supervisión en cualquiera de las oficinas o predios de la Entidad.
E52: 7) Directores cuando sean empleados asalariados, pensionados o cuando estén desarrollando labores propias de un empleado o cuando esté actuando como miembro de cualquier comité debidamente elegido o nombrado por Resolución de la Junta Directiva de la Entidad (cuando aplica) para desempeñar específicamente la labor de nombramiento para actos de dirección en nombre del asegurado.
E53: 8) Cualquier persona o compañía empleada por el asegurado para prestar servicios profesionales en cualquier rama de su especialidad mientras estan prestando servicios a la Entidad.
E54: Todas las anteriores definiciones se consideran empleados mientras estén prestando dichos servicios e incluye los primeros sesenta (60) días siguientes a la dejación del cargo o a la terminación de sus servicios, según sea el caso y se otorga siempre y cuando el termino indicado se encuentre dentro de la vigencia de la póliza, sin exceder la fecha de finalización de vigencia.
B55: DESIGNACIÓN DE BIENES | E55: La aseguradora acepta el título, nombre, denominación o nomenclatura con que el asegurado identifica o describe los bienes asegurados en sus registros o libros de comercio o contabilidad. El alcance de éstas designación de bienes se amplia al objeto establecido en el Manual de Procedimientos Administrativos y Contables para el manejo y control de los bienes de la Entidad.
B56: CONOCIMIENTO DEL RIESGO | E56: La Compañía acepta mediante la presente cláusula que la Entidad, le ha brindado la oportunidad para realizar la inspección de los bienes y riesgos a que están sujetos los mismos y el patrimonio del Asegurado, razón por la cual se deja constancia del conocimiento y aceptación de los hechos, circunstancias y, en general, condiciones de los mismos. La compañía se reserva el derecho de llevar a cabo la inspección cuantas veces lo juzgue pertinente.
A57: 2 | B57: ANTICIPO DE INDEMNIZACIÓN DEL 50% Se califica en Condiciones Adicionales (Formato No. 3) el aumento del porcentaje ofrecido. | E57: Queda expresamente acordado que, a petición escrita de la Entidad, la aseguradora anticipará pagos parciales sobre el valor de cualquier reclamo, con base en el valor de la estimación preliminar de la pérdida aceptada por el ajustador, para adelantar la reparación, reposición o remplazo de los bienes asegurados. En el caso de que no haya nombramiento de ajustador, el anticipo se liquidará con base en la valoración de la cuantía de la pérdida amparada, acreditada por la entidad mediante cotización de la misma. En caso que el anticipo o suma de anticipos que la compañía adelante al asegurado llegare a exceder la suma total indemnizable a que tenga derecho, éste se compromete a devolver el exceso pagado. Para esta cláusula la aseguradora debe contemplar un plazo máximo para el pago del anticipo de diez (10) días hábiles contados a partir de la fecha de solicitud y formalización del mismo.
B58: MODIFICACIONES A FAVOR DEL ASEGURADO | E58: Los cambios o modificaciones a las condiciones de la presente póliza, serán acordados mutuamente entre la compañía y el asegurado. El certificado, documento o comunicaciones que se expidan para formalizarlos debe ser firmado, en señal de aceptación, por un representante legal del asegurado o funcionario autorizado, prevaleciendo sobre las condiciones de esta póliza. No obstante si durante la vigencia de la póliza se presentan modificaciones en las condiciones del seguro, legalmente aprobadas que representen un beneficio a favor del asegurado, tales modificaciones se consideran automáticamente incorporadas. Siempre y cuando no causen cobro de prima adicional.
B59: NOMBRAMIENTO Y DESIGNACIÓN DE AJUSTADORES | E59: El nombramiento de ajustadores deberá efectuarse de común acuerdo entre la aseguradora y el asegurado, para lo cual la aseguradora presentará para cada reclamo una relación de cinco (5) firmas ajustadoras. No obstante la anterior condición, el asegurador con su propuesta se obliga a presentar la lista de todos sus ajustadores y la Entidad se reserva el derecho de nombrar al ajustador que considere más adecuado o solicitar el cambio de los mismos en caso de que no fueren de su entera satisfacción, sin que para ello se requiera motivación alguna.
B60: VARIACIONES DEL RIESGO | E60: Queda entendido, convenido y aceptado que las notificaciones que sobre los hechos o circunstancias no previsibles que sobrevengan con posterioridad a la celebración del contrato de seguro y que, conforme al criterio consignado en el inciso 1° del artículo 1058 del código de comercio, signifiquen agravación del riesgo, se efectuarán por la Entidad dentro de los noventa (90) días siguientes a la fecha de modificación del riesgo.
B61: NO CONCURRENCIA DE AMPAROS, CLÁUSULAS O CONDICIONES | E61: Queda entendido, convenido y aceptado, que si dos o más amparos, cláusulas o condiciones otorgan cobertura a un mismo evento, se indemnizará con base en aquella que ofrezca mayor protección para los intereses del asegurado. De igual manera prevalecerán los amparos, cláusulas o condiciones que otorguen coberturas sobre aquellos que las excluyan. En todo caso y ante cualquier discrepancia sobre cual es el amparo, cláusula o condición aplicable a un caso determinado, se aplicara aquella o aquellas que en conjunto determine el asegurado de acuerdo a su conveniencia.
B62: AMPARO AUTOMÁTICO DE CARGOS QUE POR ERROR U OMISIÓN NO SE HAYAN INFORMADO AL INICIO DE LA VIGENCIA. | E62: Queda entendido, convenido y aceptado que no obstante lo que en contrario se diga en las condiciones generales de la póliza, el presente anexo se extiende a cubrir automáticamente todo cargo que por error u omisión no se haya informado al inicio del seguro por el asegurado. El asegurado deberá comunicar tal situación a la aseguradora dentro del plazo aca estipulado y siguientes a la expedición del seguro y la compañía efectuará el cobro de la prima proporcional a prorrata.
B63: NO APLICACIÓN DE GARANTÍAS | E63: Queda expresamente acordado y aceptado que la cobertura otorgada bajo la presente póliza no queda sujeta al cumplimiento de ningún tipo de garantía por parte de la entidad asegurada.
B64: NO APLICACIÓN DE DEDUCIBLE O RESTRICCIÓN DE LÍMITE PARA CAJAS MENORES | E64: Queda expresamente acordado y aceptado que la aseguradora acepta la no aplicación de deducibles para Cajas Menores y tampoco impondra restriciones al límite de número y cuantias que manejan cada una de ellas.
B65: FALTANTES DE INVENTARIOS | E65: El oferente ofrecerá la cobertura para los faltantes de inventarios atribuibles a funcionarios de la entidad siempre y cuando tales pérdidas sean como consecuencia de eventos amparados bajo presente póliza.
B66: DETERMINACIÓN DE LA PÉRDIDA INDEMNIZABLE | E66: La aseguradora debe contemplar en forma expresa que la determinación del valor de la pérdida indemnizable de bienes, se efectuará con base en cotizaciones de bienes de la misma clase, capacidad, tipo y marca o de las características más similares que ofrezca el mercado. En caso de que en el mercado no existan bienes de las mismas o similares características, la determinación se efectuará con base en la (s) alternativa (s) de reemplazo que presentará el asegurado.
A67: 3 | B67: RESTABLECIMIENTO AUTOMÁTICO DEL LÍMITE ASEGURADO POR PAGO DE SINIESTRO, HASTA UNA (1) VEZ EL LÍMITE CONTRATADO CON COBRO DE PRIMA A PRORRATA Se califica en Condiciones Adicionales (Formato No. 3) el número del restablecimiento a ofrecer. | E67: Mediante la presente cláusula la aseguradora acepta expresamente, que en el caso de presentarse una pérdida amparada por la presente póliza, la cuantía de tal pérdida se considerará inmediatamente restablecida desde el momento de ocurrencia del siniestro. El restablecimiento ofrecido por esta condición dará derecho a la aseguradora al cobro de la prima, a prorrata, correspondiente al monto restablecido, desde la fecha de la pérdida hasta el vencimiento de la póliza, expedición de cuyo certificado de seguro realizará una vez efectuado el pago de la indemnización.
B68: PAGO DE RECLAMOS CON BASE EN LA DETERMINACIÓN DE RESPONSABILIDAD DE EMPLEADOS DEL ASEGURADO EN LA INVESTIGACIÓN ADMINISTRATIVA, SIN NECESIDAD DEL FALLO DE RESPONSABILIDAD FISCAL. | E68: Queda entendido, convenido y aceptado, que la aseguradora indemnizará las pérdidas objeto de la respectiva cobertura, previamente demostrada ocurrencia y cuantía, sin requerir fallo fiscal o penal, con base en la determinación de responsabilidad del (los) empleado(s) del asegurado en la investigación administrativa. Esta condición aplica siempre y cuando se acredite la ocurrencia y cuantía de la pérdida.
B69: NO APLICACIÓN DE LA CONDICIÓN DE COMPENSACIÓN EN CASO DE SINIESTRO | E69: La Aseguradora no podrá a su arbitrio aplicar en la liquidación de valor de las indemnizaciones de los reclamos que afecten esta póliza, sumas de dinero que la entidad asegurada adeude al (los) empleado (s) involucrado (os) en las acciones, omisiones y/o delitos contra la administración pública, que dan lugar al siniestro, a menos que exista fallo judicial debidamente ejecutoriado que así lo determine.
B70: APLICACIÓN DE LA PÓLIZA, FRENTE AL SEGURO DE INFIDELIDAD Y RIESGOS FINANCIEROS (SI SE TIENE CONTRATADA PÓLIZA DE IRF) (CADA PÓLIZA APLICA SUS DEDUCIBLES EN FORMA INDEPENDIENTE). | E70: Queda expresamente señalado, que la presente póliza se contrata para el cumplimiento de las disposiciones que obligan a la Entidad asegurada a su constitución; por lo tanto la cobertura de la misma no estará sujeta a restricción y/o afectación por coexistencia de seguros, aseguramiento de deducible u otra condición, derivada de la eventual contratación del seguro de Infidelidad riesgos Financieros. De conformidad con lo anterior, queda expresamente acordado que la cobertura de este seguro aplicará en caso de ocurrencia de siniestro, hasta el limite asegurado y el exceso operará bajo el seguro de Infidelidad y riesgos financieros, en el caso de que se encuentra contratado
B71: PAGO DE LA INDEMNIZACIÓN | E71: Queda expresamente acordado que la aseguradora acepta efectuar el pago de la indemnización, en dinero o mediante el giro a los contratistas y/o proveedores de servicios o suministro de éstos u otros similares con los cuales la Entidad, decida remplazar, reconstruir, reparar y/o reponer el bien o bienes afectados; y para este último caso la compañía efectuará el pago hasta el monto de su responsabilidad, a petición escrita de la Entidad Asegurada. De todas formas queda convenido que la entidad asegurada se reserva el derecho de determinar si el giro de la indemnización se realiza en dinero o giro a los contratistas y la aseguradora acepta esta condición.
B72: COMPROMISO PARA EL PAGO DE LAS INDEMNIZACIONES Plazo de diez (10) días hábiles. Se califica en Condiciones Adicionales (Formato No. 3) la reducción del término para el pago de las indemnizaciones. | E72: Bajo esta condición la aseguradora se compromete al pago de la indemnización dentro del plazo establecido, una vez el asegurado demuestre ocurrencia y cuantía.
B73: CLÁUSULA DE JURISDICCION Y SOLUCION DE CONTROVERSIAS | E73: Toda y cualquier diferencia que surja entre las partes por la interpretación del presente contrato, su ejecución, cumplimiento, terminación o las consecuencias futuras del mismo, será dirimida bajo la jurisdicción y legislación de la República de Colombia. Las diferencias y controversias que surjan se solucionarán con sujeción a las siguientes instancias que se agotarán de forma sucesiva o a elección de las partes, así: a). Arreglo Directo: Las partes tratarán de resolver sus diferencias de forma directa y entre ellas mismas dentro del plazo de quince (15) días contados a partir de la notificación escrita en que cualquiera de ellas informe a la otra de un conflicto o controversia orIginado en el contrato. b). Conciliación: Agotado el plazo anterior sin que las partes lograsen un acuerdo por si mismas, acudirán a la asistencia de un conciliador legalmente autorizado que se designará y actuará según los parámetros establecidos por la Ley 446 de 1998 y el decreto 1818 del mismo año, la etapa de conciliación durará un mes (1) desde el momento en que las partes o cualquiera de ellas radique la solicitud de conciliación respectiva, en caso de lograrse la conciliación la misma producirá efectos de cosa juzgada entre las partes, en caso contrario agotará el requisito de procedibilidad para acudir a la jurisdicción ordinaria o arbitral según corresponda, de acuerdo con los literales c) y d) de la presente cláusula. c). Jurisdicción Ordinaria: Agotadas las instancias anteriores, si la cuantía de las pretensiones derivadas de la diferencia que surja entre las partes por la interpretación del presente contrato, su ejecución, cumplimiento, terminación o las consecuencias futuras del mismo, no excediere de 220 SMMLV las partes sujetarán su controversia a la decisión del juez de instancia que corresponda según la cuantía y competencia en arreglo a lo previsto por el código de procedimiento Civil. d). Jurisdicción Arbitral: Agotadas las instancias anteriores, si la cuantía de las pretensiones derivadas de la diferencia que surja entre las partes por la interpretación del presente contrato, su ejecución, cumplimiento, terminación o las consecuencias futuras del mismo, se llevará el conflicto a la decisión de un Tribunal de Arbitramento Institucional cuyo domicilio será la ciudad de Bogotá D.C., el Tribunal estará integrado por un (1) árbitro que será designado conjuntamente por las partes dentro de los quince (15) días hábiles siguientes al envío de la comunicación por correo certificado que una de ellas le haga llegar a la otra solicitando la conformación del Tribunal; en caso de desacuerdo o falta de respuesta de la parte requerida, la otra parte podrá solicitar la designación y conformación del Tribunal al centro de Arbitraje y Conciliación de la Cámara de Comercio de la ciudad de Bogotá D.C.. El Tribunal así conformado funcionará en la ciudad de Bogotá D.C. y el laudo deberá proferirse en derecho, sujetándose en un todo al Decreto 2279 de 1.989, la ley 23 de 1.991, a la Ley 446 de 1.998, sus decretos reglamentarios y demás normas que regulan esta figura judicial.
B75: LIQUIDACIÓN A PRORRATA EN CASO DE CANCELACIÓN DE LA PÓLIZA POR PARTE DEL ASEGURADO | E75: Bajo esta cláusula la aseguradora debe aceptar que en caso de cancelación de la póliza por parte del asegurado, la devolución de las primas respectivas se realizará a prorrata.
B76: LIQUIDACIÓN A PRORRATA PARA PRÓRROGA DE LA VIGENCIA | E76: En caso de que el asegurado lo requiera, la aseguradora realizara la liquidación de la prima de la prorroga a prorrata con las mismas tasas y condiciones de la póliza inicial. Siempre y cuando la siniestralidad de la póliza no sea mayor al 50%, en el caso que la siniestralidad supere el 50% la aseguradora acordará con el asegurado las condiciones en que se otorgará la prórroga.
B77: CLÁUSULA DE CONDICIONES PARTICULARES | E77: Queda expresamente acordado y convenido, que la aseguradora acepta las condiciones obigatorias (mínimas técnicas) establecidas en este anexo, en los términos señalados en el mismo, por lo tanto, en caso de existir discrepancia ente los ofrecimientos contenidos en la propuesta técnica básica, frente a los textos de los ejemplares de las pólizas, a las condiciones generales, certificados, anexos o cualquier otro documento; prevalecerá la información y condiciones básicas técnicas establecidas de este anexo, de igual forma en caso de encontrarse contradicción en alguna condición prevalecerá la de mayor beneficio para el asegurado.
B78: DETERMINACIÓN DE CONDICIONES Y REQUISITOS PARA EL PAGO DE INDEMNIZACIONES | E78: La aseguradora manifiesta expresamente que acepta los requisitos y documentos contenidos en el ANEXO No. 11 REQUISITOS PARA EL PAGO DE LAS INDEMNIZACIONES, como unicos para la atención y pago de reclamaciones por siniestros. A futuro no podrá exigir documentos o trámites adicionales.
B79: 2.8. | C79: EXCLUSIÓN DE ENFERMEDADES TRANSMISIBLES O CONTAGIOSAS
B80: Este seguro no cubre cualquier reclamo de ninguna manera causado por o como resultado de: a) Enfermedad por coronavirus (COVID-19) b) Coronavirus 2 del síndrome respiratorio agudo severo (SARS-CoV-2) c) Cualquier mutación o variación de SARS-CoV-2; d) Cualquier otra enfermedad transmisible, epidemia o pandemia e) Cualquier temor o amenaza de a), b), c) ó d) anteriores f) La interrupción de negocios y/o pérdidas financieras sufridas por la Entidad al no poder desarrollar la actividad para la cual fue creada como consecuencia de a), b), c), d) y e) anteriores.
B81: 2.9. | C81: COBERTURAS, AMPAROS Y BIENES SIN APLICACIÓN DE DEDUCIBLES EN FORMA OBLIGATORIA
B82: La Entidad, requiere oferta de cobertura SIN APLICACIÓN DE DEDUCIBLE, para los bienes y/o amparos y/o eventos, señalados a continuación y por lo tanto el proponente con la firma del FORMATO No. 2 - CARTA DE ACEPTACIÓN DE LAS CONDICIONES OBLIGATORIAS (MÍNIMAS TÉCNICAS), admite estas condiciones.
B83: • Caja Menores sin aplicación de deducibe.
B84: Teniendo en cuenta que esta póliza no contempla deducibles por tanto este factor no será objeto de evaluación, razón por la cual el puntaje de esta aspecto será sumado al puntaje establecido para la evaluación del factor económico de MAYOR VIGENCIA, es decir que este factor tendrá un puntaje total de setenta y tres (73) puntos.
B85: By: Tiger

Sheet 3. COND. BÁSICAS RCE
B2: SECRETARIA DISTRITAL DE SEGURIDAD, CONVIVENCIA Y JUSTICIA DE BOGOTÁ - SCJ.
B3: ANEXO No. 1 - CONDICIONES OBLIGATORIAS (MÍNIMAS TÉCNICAS)
B4: GRUPO No. 1
B6: 3. PÓLIZA DE SEGURO DE RESPONSABILIDAD CIVIL EXTRACONTRACTUAL
B7: 3.1. | C7: INFORMACIÓN GENERAL
B8: TOMADOR: | C8: SECRETARIA DISTRITAL DE SEGURIDAD, CONVIVENCIA Y JUSTICIA DE BOGOTÁ - SCJ. | F8: NIT. | G8: =+'1. COND. BÁSICAS TRDM'!G8 -> 899.999.061-9
B9: ASEGURADO: | C9: SECRETARIA DISTRITAL DE SEGURIDAD, CONVIVENCIA Y JUSTICIA DE BOGOTÁ - SCJ. | F9: NIT. | G9: =+G8 -> 899.999.061-9
B10: BENEFICIARIO: | C10: TERCEROS AFECTADOS
B11: 3.2. | C11: OBJETO DEL SEGURO
B12: Amparar los perjuicios patrimoniales y extrapatrimoniales que cause la Entidad como consecuencia de la Responsabilidad Civil Extracontractual originada dentro o fuera de sus instalaciones, en el desarrollo de sus actividades o en lo relacionado con ella, lo mismo que los actos de sus empleados y funcionarios dentro y fuera del territorio nacional. Nota: Se entenderán como terceros todas y cada una de las personas que circulen, ingresen, accedan o se encuentren en los predios de asegurado o por los cuales es responsable en su aseguramiento, independientemente que el asegurado le esté prestando un servicio objeto de su razón social. De igual forma se debe dar cobertura a los perjuicios que se lleguen a causar a familiares del funcionario o de terceros derivados de la realización de teletrabajo por parte de los funcionarios o los contratistas para el apoyo a la misionalidad o la la gestión o los perjucios que se lleguen a causar a bienes derivados de esta nueva modalidad de trabajo.
B13: 3.3. | C13: LÍMITE ASEGURADO EVENTO / VIGENCIA
A14: 1 | B14: Oferta Básica: Se califica en Condiciones Adicionales (Formato No. 3) el aumento del límite ofrecido sin cobro de prima adicional. | F14: 10000000000
B15: 3.4. | C15: INFORMACIÓN GENERAL
B16: Nómina promedio mensual: $4.261.412.847
B17: Número de funcionarios: 733 / Contratistas: 401 contratos de apoyo a la gestión
B18: Presupuesto anual proyectado de la Entidad año 2021: $603.910.088.00
B19: NOTA: | C19: CADA SUBLÍMITE INDICADO ESTA CONTEMPLADO DENTRO DEL LÍMITE ASEGURADO.
B20: 3.5. | C20: COBERTURAS BÁSICAS
B21: Queda expresamente acordado y convenido, que mediante la presente póliza la aseguradora ampara los perjuicios patrimoniales y extrapatrimoniales, que cause la Entidad a terceros al igual que las costas y gastos de proceso, siempre y cuando el hecho generador le cause daños materiales, lesiones personales y/o muerte; generados como consecuencia de la responsabilidad civil extracontractual originada dentro o fuera de sus instalaciones, en el desarrollo de sus actividades propias a su objeto social o en lo relacionado con ellas, incluidos los actos de sus empleados y funcionarios en el desarrollo de sus funciones. De igual forma, se acuerda que para todos los efectos de la presente póliza, el termino de “perjuicios patrimoniales” contempla los perjuicios relacionados con daños materiales, daño emergente, lucro cesante y demás perjuicios considerados como patrimoniales; y el termino de “perjuicios extrapatrimoniales” comprende, entre otros, el daño moral, daño fisiológico, daño a la vida de relación y demás perjuicios considerados como extrapatrimoniales. La aseguradora acepta expresamente el otorgamiento de la cobertura de este seguro, según lo previsto en el Artículo 1131 del Código de Comercio, relacionado con la configuración del siniestro e inicio de la prescripción, que estipula: ARTICULO 1131. Configuración del siniestro en el seguro de responsabilidad civil. En el seguro de responsabilidad se entenderá ocurrido el siniestro en el momento en que acaezca el hecho externo imputable al asegurado, fecha a partir de la cual correrá la prescripción respecto de la víctima. Frente al asegurado ello ocurrirá desde cuando la víctima le formula la petición judicial o extrajudicial.
B22: PREDIOS, LABORES Y OPERACIONES (incluyendo incendio y explosión) | E22: La aseguradora se obliga a indemnizar, sujeto a los términos y condiciones establecidas tanto en las condiciones generales como a las particulares de la póliza, los perjuicios patrimoniales y extrapatrimoniales que cause el asegurado con motivo de la responsabilidad civil extracontractual en que incurra de acuerdo con la ley colombiana, por hechos imputables al asegurado, que causen la muerte, lesión o menoscabo en la salud de las personas (daños personales) y/o el deterioro o destrucción de bienes (daños materiales) y perjuicios económicos, incluyendo lucro cesante y daño moral, como consecuencia directa de tales daños personales y/o daños materiales. La aseguradora responderá, además, por los costos del proceso que el tercero damnificado o sus causahabientes promuevan en su contra o la del asegurado, con las salvedades siguientes: a) Si la Entidad asegurada afronta el proceso contra orden expresa de la compañía. b) Si la responsabilidad proviene de dolo o esta expresamente señalada en las exclusiones de la póliza. c) Si la condena por los perjuicios ocasionados a la victima excede la suma que delimita la responsabilidad de la aseguradora, esta solo responderá por los gastos del proceso en proporción a la cuota que le corresponda en la indemnización.
E23: PREDIOS, los perjuicios patrimoniales y extrapatrimoniales que cause el asegurado por la posesión, el uso o el mantenimiento de sus predios o por los que es responsable y en especial en los que la Entidad asegurada desarrolla y realiza las actividades objeto de la cobertura de esta póliza.
E24: LABORES Y OPERACIONES, los perjuicios patrimoniales y extrapatrimoniales que cause el asegurado por las labores u operaciones que lleva a cabo la Entidad asegurada en el desarrollo de las actividades objeto de la cobertura de esta póliza incluyendo todos los riesgos que son inherentes a las actividades desarrolladas por el asegurado en el giro normal de sus actividades y derivadas de: a) Posesión o uso de ascensores y escaleras automáticas. b) Posesión o uso de máquinas y equipos de trabajo, de cargue, descargue y transporte dentro de los predios asegurados. c) Transporte de bienes del asegurado, tales como materias primas, productos en proceso y productos terminados, fuera de los predios asegurados (Cuando aplique) d) Operaciones de cargue y descargue. (Cuando aplique) e) Posesión o uso de avisos y vallas publicitarias en el territorio nacional. f) Posesión o uso de sus instalaciones sociales, culturales y deportivas y los eventos que el asegurado realice u organice en ellas. g) Viajes de funcionarios del asegurado dentro y fuera del territorio nacional. h) Actividades y Eventos Sociales y Culturales i) Participación del asegurado en ferias y exposiciones nacionales. j) Vigilancia de los predios asegurados por personal del asegurado o de vigilantes de firmas especializadas, incluyendo el uso de armas, los errores de puntería y el uso de perros guardianes para tales propósitos. Cuando se trate de firmas especilizadas en exceso de las garantías constituidas por estos contratistas. k) Posesión o uso de depósitos, tanques y tuberías ubicados o instalados dentro de los predios asegurados. l) Actos de los directivos, representantes y empleados del asegurado en el desempeño de sus funciones y dentro de las actividades aseguradas. Se excluye la Responsabilidad Profesional. m) Posesión o uso de cafeterías, casinos y restaurantes para uso de sus empleados y/o invitados. n) Incendio y/o explosión producidos dentro de los predios asegurados. o) Uso de parqueaderos dentro de los predios del asegurado p) Descargue, dispersión, liberación o escape de humo, vapores, hollín, ácidos, álcalis y en general productos químicos tóxicos, líquidos o gaseosos, y demás materias irritantes o contaminantes, en o sobre la tierra, atmosfera, ríos, lagos o cualquier curso o cuerpo de agua, producida en forma accidental, súbita e imprevista. (Cuando aplique) q) Uso de casinos, restaurantes y cafeterías de su propiedad o que sean ocupados por él o que tenga tomados en arrendamiento o alquiler, no obstante el hecho que éstos estén administrados por personas naturales o jurídicas distintas de la entidad o sus empleados. r) Productos y Trabajos terminados. (Cuando aplique).
B25: GASTOS MÉDICOS (sin aplicación de deducibles). Sublímite $288.000.000 evento / $580.000.000 vigencia. Se califica en Condiciones Adicionales (Formato No. 3) el aumento del sublímite. | E25: La aseguradora debe contemplar para la propuesta de este amparo, que indemnizarán hasta el límite establecido en la póliza y dentro de los términos y con sujeción a las condiciones de este seguro, los gastos razonables y prioritarios que se causen, por concepto de primeros auxilios inmediatos, servicios médicos, quirúrgicos, de ambulancia de hospital, de enfermeras y medicamentos, como consecuencia de las lesiones corporales producidas a terceros en desarrollo de las actividades de la entidad. Se precisa, que el amparo que se otorga es independiente al de responsabilidad civil extracontractual y por consiguiente, los pagos que por dicho concepto se realicen, en ningún caso pueden ser interpretados como aceptación tácita de responsabilidad y no está sujeto a la aplicación de deducible. Los funcionarios y contratistas para el apoyo a la gestión administrativa y demás personal de apoyo a la Entidad se consideran terceros. De igual forma, en caso de requerirse, este amparo puede aplicar por reembolso.
B26: RESPONSABILIDAD CIVIL PATRONAL. Sublímite de $500.000.000 persona / $1.100.000.000 vigencia. Se califica en Condiciones Adicionales (Formato No. 3) el aumento del sublímite. | E26: La aseguradora mediante este amparo se compromete a indemnizar los perjuicios patrimoniales derivados de la responsabilidad civil extracontractual que le sea imputable al asegurado en su calidad de empleador exclusivamente por los accidentes de trabajo que sufran los empleados a su servicio, en el desarrollo de las actividades asignadas a ellos y de acuerdo con las siguientes definiciones y condiciones: a) Se entiende por empleado toda persona que mediante contrato de trabajo o de prestación de servicios (incluidos contratistas para el apoyo a la gestión admnistritativa o misional) preste al asegurado. b) Quedan excluidas de este seguro: Las enfermedades profesionales, endémicas o epidémicas, contagiosas (en especial el COVID19), por accidentes de trabajo que se hayan sido provocados deliberadamente o por culpa grave del empleado. Se precisa que este amparo opera en exceso de la seguridad social.
B27: CONTRATISTAS Y SUBCONTRATISTAS INDEPENDIENTES AL 100% DEL LÍMITE ASEGURADO | E27: La aseguradora bajo este amparo se obliga a cubrir los perjuicios patrimoniales derivados de la responsabilidad civil extracontractual que le sea imputable al asegurado y/o los gastos médicos por los daños que causare a terceros, a consecuencia de labores amparadas realizadas por contratistas y subcontratistas independientes a su servicio. Se precisa que este amparo opera en exceso de las pólizas del contratista o subcontratista.
B28: RESPONSABILIDAD CIVIL CRUZADA AL 100% DEL LÍMITE ASEGURADO. Sublímite de $805.000.000 evento / vigencia. | E28: Se cubren los perjuicios patrimoniales causados por un contratista a otro, a consecuencia de las labores amparadas previamente contratadas por el asegurado y que se efectúen dentro de los predios del mismo. Se precisa que este amparo opera en exceso de las pólizas del contratista.
B29: RESPONSABILIDAD CIVIL POR LA CAIDA, EL DESCOPE, LA PODA Y EL MANTENIMIENTO DE ÁRBOLES | E29: Se cubren los perjuicios patrimoniales causados por la caída, el descope, la poda y el mantenimiento de árboles.
B30: VEHÍCULOS PROPIOS Y NO PROPIOS EN EXCESO DEL SEGURO DE AUTOMÓVILES Y SOAT Sublímite de $1.200.000.000 por vehículo / $2.400.000.000 vigencia. | E30: Mediante esta condición se indemnizarán los daños que cause el asegurado en razón de la responsabilidad civil por lesiones a terceras personas o daños a propiedades de terceros que le sean imputables legalmente como consecuencia de la utilización en el giro normal de sus negocios, de vehículos prcpios o no propios, en exceso de los limites contratados en el seguro de automóviles. En caso que el vehículo que generó los daños no cuente con pólizá de automóviles y/o SOAT, la cobertura de los daños será asumida por la presente póliza hasta el monto del límite fijado.
B31: DAÑOS Y HURTO DE VEHÍCULOS INCLUIDOS ACCESORIOS EN PARQUEADEROS Y PREDIOS DEL ASEGURADO Sublímite de $150.000.000 por vehículo / $500.000.000 vigencia. | E31: Queda entendido y convenido que la cobertura de la póliza se extiende a amparar los eventos que ocurran en los parqueaderos de propiedad o sobre los cuales se ejerza tenencia y/o control y/o custodia el asegurado, incluyendo daños y hurto de vehículos, bicicletas o accesorios. Los vehículos de los funcionarios y contratistas se consideran terceros.
B32: AMPARO AUTOMÁTICO PARA NUEVOS PREDIOS Y OPERACIONES Con termino de noventa (90) días. | E32: La aseguradora debe contemplar la extensión de la cobertura automática del seguro, en los mismos términos y limitaciones establecidos en esta póliza, para amparar la responsabilidad extracontractual por nuevas operaciones y/o el uso, posesión y demás actividades desarrolladas en nuevos predios que adquiera el asegurado o sobre los cuales obtenga el dominio o control.
B33: GASTOS ADICIONALES PARA CAUCIONES Y COSTAS PROCESALES. | E33: La presente póliza ampara en exceso de la suma asegurada, los siguientes gastos: a) El costo de cualquier clase de caución que el Asegurado tenga que prestar; la aseguradora no se obliga sin embargo, a otorgar dichas cauciones. b) Intereses de mora en beneficio del tercero afectado.
B34: GASTOS ADICIONALES PARA HONORARIOS PROFESIONALES DE ABOGADOS, CONSULTORES, AUDITORES, INTERVENTORES, ETC. | E34: No obstante lo que se diga en contrario en las condiciones generales y particulares de la póliza, la Compañía se obliga a indemnizar los honorarios en que necesaria y razonablemente incurra el asegurado, por concepto de abogados, consultores, auditores, interventores, revisores, contadores, etc., para obtener y certificar: a.- los detalles extraídos de los libros de contabilidad y del negocio mismo del asegurado, y b.- cualesquiera otras informaciones, documentos y testimonios que sean pedidos por la compañía al asegurado según lo establecido en las condiciones generales y particulares de la póliza. La compañía reconocerá hasta el 100% de las gastos demostrados por el asegurado.
B35: POLUCIÓN Y CONTAMINACIÓN ACCIDENTAL | E35: Se cubren los perjuicios derivados de la responsabilidad civil extracontractual en que pudiera incurrir el asegurado por daños a terceros, ocasionados por variaciones perjudiciales de aguas, atmósfera suelos, subsuelos o bien por ruido y habiéndose manifestado durante la vigencia de la póliza siempre y cuando sean a consecuencia directa de un acontecimiento que, desviándose de la marcha normal de la actividad objeto del seguro, ocurra durante la vigencia de la póliza, dentro de los inmuebles asegurados de forma repentina, accidental e imprevista. Se excluye la polución y contaminación paulatina.
B36: RESPONSABILIDAD CIVIL DERIVADA DE MONTAJES, CONSTRUCCIONES Y OBRAS CIVILES PARA EL MANTENIMIENTO Y/O AMPLIACIÓN O ENSANCHE DE PREDIOS. (CUANDO APLIQUE) Sublimite 10% del valor asegurado evento / vigencia. | E36: Se cubren los perjuicios derivados de la responsabilidad civil extracontractual derivada de montajes , construcciones y obras civiles para el mantenimiento y/o ampliación o ensanche de predios.
... B41: BIENES BAJO CUIDADO, TENENCIA, CONTROL Y CUSTODIA | E41: Se amparan los daños y/o perjuicios que se causen a terceros, con bienes que sin ser de propiedad del asegurado se encuentren bajo su cuidado, tenencia, control y custodia. Se excluye el hurto en cualquiera de sus formas y el daño de dichos bienes.
B42: 3.6. | C42: CLÁUSULAS BÁSICAS
B43: REVOCACIÓN DE LA PÓLIZA, CLÁUSULAS O CONDICIONES Con termino de noventa (90) días. | E43: La aseguradora podrá revocar la póliza, cláusulas o condiciones unilateralmente por la compañía, mediante noticia escrita enviada al asegurado, a su última dirección registrada, con no menos de noventa (90) días de antelación; contados a partir de la fecha del envío. El asegurado podrá pedir la revocación en cualquier momento, según lo previsto en el Código de Comercio. Así mismo, en el caso de que la aseguradora decida no otorgar renovación o prorroga del contrato de seguro, deberá dar aviso de ello al asegurado con no menos de noventa (90) días de antelación a la fecha de vencimiento de la póliza, en caso contrario se dará por entendido que la aseguradora acepta la renovación o prorroga hasta el límite legal establecido en la Ley 80 de 1993, para la adición de los contratos y manteniendo las mismas condiciones ofertadas en este proceso.
B44: ERRORES, OMISIONES O INEXACTITUDES | E44: El tomador está obligado a declarar sinceramente los hechos y circunstancias que determinen el estado del riesgo. La inexactitud sobre hechos o circunstancias que, conocidas por la compañía, la hubieren retraído de celebrar el contrato o inducido a estipular condiciones más onerosas, produce la nulidad relativa del seguro. Sin embargo, si se incurriere en errores, omisiones e inexactitudes inculpables al tomador o al asegurado, el contrato no será nulo ni habrá lugar a la aplicación del inciso tercero del artículo 1058 del Código de Comercio sobre reducción porcentual de la prestación asegurada. En este caso se deberá pagar la prima adecuada al verdadero estado del riesgo.
B45: AMPLIACIÓN AVISO DEL SINIESTRO Con termino de noventa (90) días. | E45: Queda convenido y aceptado que el asegurado podrá dar aviso de la ocurrencia del siniestro en un término de noventa (90), siguientes a la fecha en que haya conocido o debido conocer la ocurrencia del mismo.
B46: DESIGNACIÓN DE BIENES | E46: La aseguradora acepta el título, nombre, denominación o nomenclatura con que el asegurado identifica o describe los bienes asegurados en sus registros o libros de comercio o contabilidad. El alcance de éstas designación de bienes se amplia al objeto establecido en el Manual de Procedimientos Administrativos y Contables para el manejo y control de los bienes de la Entidad.
B47: CONOCIMIENTO DEL RIESGO | E47: La aseguradora acepta mediante la presente cláusula que la Entidad, le ha brindado la oportunidad para realizar la inspección de los bienes y riesgos a que están sujetos los mismos y el patrimonio del Asegurado, razón por la cual se deja constancia del conocimiento y aceptación de los hechos, circunstancias y, en general, condiciones de los mismos. La compañía se reserva el derecho de llevar a cabo la inspección cuantas veces lo juzgue pertinente.
B48: PAGO DE LA INDEMNIZACIÓN | E48: Queda expresamente acordado que la aseguradora acepta efectuar el pago de la indemnización, en dinero o mediante el giro a los contratistas y/o proveedores de servicios o suministro de éstos u otros similares con los cuales la Entidad, decida remplazar, reconstruir, reparar y/o reponer el bien o bienes afectados; y para este último caso la compañía efectuará el pago hasta el monto de su responsabilidad, a petición escrita de la Entidad Asegurada. De todas formas queda convenido que la entidad asegurada se reserva el derecho de determinar si el giro de la indemnización se realiza en dinero o giro a los contratistas y la aseguradora acepta esta condición.
B49: ANTICIPO DE INDEMNIZACIÓN DEL 50% Se califica en Condiciones Adicionales (Formato No. 3) el aumento del porcentaje ofrecido. | E49: Queda expresamente acordado que, a petición escrita de la Entidad, la aseguradora anticipará pagos parciales sobre el valor de cualquier reclamo, con base en el valor de la estimación preliminar de la pérdida aceptada por el ajustador, para adelantar la reparación, reposición o remplazo de los bienes asegurados. En el caso de que no haya nombramiento de ajustador, el anticipo se liquidará con base en la valoración de la cuantía de la pérdida amparada, acreditada por la entidad mediante cotización de la misma. En caso que el anticipo o suma de anticipos que la compañía adelante al asegurado llegare a exceder la suma total indemnizable a que tenga derecho, éste se compromete a devolver el exceso pagado. Para esta cláusula la aseguradora debe contemplar un plazo máximo para el pago del anticipo de diez (10) días hábiles contados a partir de la fecha de solicitud y formalización del mismo.
B50: MODIFICACIONES A FAVOR DEL ASEGURADO | E50: Los cambios o modificaciones a las condiciones de la presente póliza, serán acordados mutuamente entre la compañía y el asegurado. El certificado, documento o comunicaciones que se expidan para formalizarlos debe ser firmado, en señal de aceptación, por un representante legal del asegurado o funcionario autorizado, prevaleciendo sobre las condiciones de esta póliza. No obstante si durante la vigencia de la póliza se presentan modificaciones en las condiciones del seguro, legalmente aprobadas que representen un beneficio a favor del asegurado, tales modificaciones se consideran automáticamente incorporadas. Siempre y cuando no causen cobro de prima adicional.
B51: NOMBRAMIENTO Y DESIGNACIÓN DE AJUSTADORES | E51: El nombramiento de ajustadores deberá efectuarse de común acuerdo entre la aseguradora y el asegurado, para lo cual la aseguradora presentará para cada reclamo una relación de cinco (5) firmas ajustadoras. No obstante la anterior condición, el asegurador con su propuesta se obliga a presentar la lista de todos sus ajustadores y la Entidad se reserva el derecho de nombrar al ajustador que considere más adecuado o solicitar el cambio de los mismos en caso de que no fueren de su entera satisfacción, sin que para ello se requiera motivación alguna.
B52: VARIACIONES DEL RIESGO | E52: Queda entendido, convenido y aceptado que las notificaciones que sobre los hechos o circunstancias no previsibles que sobrevengan con posterioridad a la celebración del contrato de seguro y que, conforme al criterio consignado en el inciso 1° del artículo 1058 del código de comercio, signifiquen agravación del riesgo, se efectuarán por la Entidad dentro de los noventa (90) días siguientes a la fecha de modificación del riesgo.
B53: ENDOSOS DE LA PÓLIZA PARA GARANTIZAR ACTIVIDADES O CONVENIOS DE LA ENTIDAD | E53: Queda entendido, convenido y aceptado que la aseguradora se compromete a expedir los certificados que requiera la Entidad para el desarrollo de convenios o actividades en los cuales se le exija el tener constituida la póliza de Responsabilidad Civil Extracontractual.
B54: PROPIETARIOS, ARRENDATARIOS O POSEEDORES | E54: La aseguradora acepta cubrir cualquier gasto que legalmente deba pagar la Entidad por la responsabilidad que llegare a imputársele en su calidad de arrendatario o poseedor.
A55: 2 | B55: RESTABLECIMIENTO AUTOMÁTICO DEL LÍMITE ASEGURADO POR PAGO DE SINIESTRO, HASTA UNA (1) VEZ EL LÍMITE CONTRATADO CON COBRO DE PRIMA A PRORRATA Se califica en Condiciones Adicionales (Formato No. 3) el número de restablecimiento ofrecido. | E55: Mediante la presente cláusula la aseguradora acepta expresamente, que en el caso de presentarse una pérdida amparada por la presente póliza, la cuantía de tal pérdida se considerará inmediatamente restablecida desde el momento de ocurrencia del siniestro. El restablecimiento ofrecido por esta condición dará derecho a la aseguradora al cobro de la prima, a prorrata, correspondiente al monto restablecido, desde la fecha de la pérdida hasta el vencimiento de la póliza, expedición de cuyo certificado de seguro realizará una vez efectuado el pago de la indemnización.
B56: NO APLICACIÓN DE GARANTÍAS | E56: Queda expresamente acordado y aceptado que la cobertura otorgada bajo la presente póliza no queda sujeta al cumplimiento de ningún tipo de garantía por parte de la entidad asegurada.
B57: COSTAS E INTERESES DE MORA | E57: En adición a las indemnizaciones a que haya lugar, la compañía reembolsará al Asegurado los gastos que se generen con ocasión de: la Condena en costo e intereses de mora acumulados a cargo del Asegurado, desde cuando la sentecia se declare en firme hasta cuando la compañia haya reembolsado al Asegurado o consignado en nombre de éste en el juzgado, su participación en tales gastos.
B58: INDEMNIZACIÓN POR CLARA EVIDENCIA SIN QUE EXISTA PREVIO FALLO JUDICIAL | E58: Mediante este amparo (siempre y cuando se acredite la ocurrencia y cuantía de la pérdida), la aseguradora debe contemplar que en caso de siniestro indemnizará los daños causados por el asegurado a un tercero sin que exista previo fallo judicial, siempre y cuando las circunstancias en que ocurrió el evento den lugar a considerar la responsabilidad o culpa del asegurado.
B59: SELECCIÓN DE PROFESIONALES PARA LA DEFENSA | E59: La aseguradora debe contemplar que la selección de los profesionales encargados de la defensa corresponderá a la Entidad asegurada, o los funcionarios que ésta designe, quienes para su aprobación presentarán a la compañía la propuesta correspondiente, teniendo en cuenta que en todos los casos los profesionales del derecho deberán acreditar la debida idoneidad para asumir los procesos en los cuales se les postule para actuar como defensores. Toda propuesta en que los profesionales no acrediten la idoneidad será rechazada. La aseguradora, previo común acuerdo con la Entidad asegurada, podrá asumir la defensa de cualquier litigio o procedimiento legal a nombre del asegurado, a través de abogados elegidos por éste, para lo cual se deberá cumplir con el siguiente procedimiento:
E60: A. ETAPA PREJUDICIAL:
E61: El procedimiento prejudicial para el trámite de las reclamaciones presentado por la Entidad asegurada, ante la compañía Aseguradora, con el fin de evitar dilaciones en el proceso y suspensiones injustificadas de audiencias de conciliación, se desarrollara de la siguiente manera:
E62: a) Una vez ocurrido el siniestro, dentro de los 10 días calendarios siguientes al momento en que tuvo conocimiento de su ocurrencia, la Entidad asegurada, enviara el documento de convocatoria a la Aseguradora, haciéndolo llegar al correo electrónico del funcionario delegado para tal fin, quien para todos los efectos será el designado como el punto de contacto único y permanente entre la Entidad asegurada, y la compañía.
E63: Adicional al documento de convocatoria, la comunicación antes referida debe contener un pronunciamiento claro y debidamente fundamentado, por parte de la Entidad asegurada, frente a los hechos ocurridos. Este requisito será cumplido mediante el concepto previo de la oficina jurídica de la la Entidad asegurada, puesto que en este ya se ha evaluado a priori la responsabilidad, sin que sea viable la exigencia por parte de la aseguradora de alguna decisión del comité de la la Entidad asegurada.
E64: La Entidad asegurada, contara con ocho (8) días calendario para realizar la comunicación acá señalada, contados desde la fecha en que la Entidad haya tenido conocimiento de los hechos.
E65: b) Una vez recibida la información, la compañía Aseguradora estudiara el caso en el Comité de Defensa o de siniestros, según corresponda, a mas tardar dentro de los siete (7) días calendario siguientes al recibo del documento de convocatoria, y, de ser pertinente, se aprobara el valor de una propuesta inicial, que debe constar por escrito y de la cual se dará traslado a la Entidad asegurada, en un término máximo de tres (3) días calendario contados desde la fecha que el Comité sesiono.
E66: La decisión tomada por el Comité debe estar debidamente motivada, especificando la justificación de la cifra propuesta y teniendo como base los parámetros establecidos por la jurisprudencia aplicable al caso, así como el proceso de análisis y valoración que llevo a la misma.
E67: c) En caso que la Entidad asegurada esté en desacuerdo con la decisión inicial del Comité de Defensa de la Aseguradora, podrá, dentro de los cinco (5) días calendario siguientes a la comunicación de la misma, manifestar tal inconformidad, mediante el mismo punto de contacto único, y solicitar la reconsideración del caso, argumentando de manera seria las razones por las cuales considera que no hubo una valoración adecuada.
E68: d) La solicitud de reconsideración será resuelta por parte de la compañía Aseguradora dentro de los siete (7) días calendarios siguientes a la fecha de su radicación. La decisión debe contener una propuesta final, la cual debe constar por escrito y estar debidamente motivada, ya sea argumentando de manera razonada la no modificación de la cifra o explicando la motivación y el proceso de análisis y valoración que llevo a la fijación de un nuevo valor.
E69: NOTA: Será la Entidad asegurada, la encargada de convocar a la Compañía Aseguradora a la audiencia de conciliación prejudicial, por lo que no será necesario, en ningún caso, que la Procuraduría u otro órgano respectivo adelante este trámite.
E70: B. ETAPA JUDICIAL:
E71: a) Se adelantara las etapas del proceso judicial con celeridad y evitando cualquier tipo de dilaciones.
... E73: c) La Aseguradora entiende y se compromete a interactuar con la Entidad asegurada, dentro del proceso judicial, como su garante, realizando una labor de apoyo encaminada a obtener una sentencia favorable.
B74: COMPROMISO PARA EL PAGO DE LAS INDEMNIZACIONES Plazo de Diez (10) días hábiles. Se califica en Condiciones Adicionales (Formato No. 3) la reducción del término para el pago de las indemnizaciones. | E74: Bajo esta condición la aseguradora se compromete al pago de la indemnización dentro del plazo establecido, una vez el asegurado demuestre ocurrencia y cuantía.
B75: NO CONCURRENCIA DE AMPAROS, CLÁUSULAS O CONDICIONES | E75: Queda entendido, convenido y aceptado, que si dos o más amparos, cláusulas o condiciones otorgan cobertura a un mismo evento, se indemnizará con base en aquella que ofrezca mayor protección para los intereses del asegurado. De igual manera prevalecerán los amparos, cláusulas o condiciones que otorguen coberturas sobre aquellos que las excluyan. En todo caso y ante cualquier discrepancia sobre cual es el amparo, cláusula o condición aplicable a un caso determinado, se aplicara aquella o aquellas que en conjunto determine el asegurado de acuerdo a su conveniencia.
B76: CLÁUSULA DE JURISDICCION Y SOLUCION DE CONTROVERSIAS | E76: Toda y cualquier diferencia que surja entre las partes por la interpretación del presente contrato, su ejecución, cumplimiento, terminación o las consecuencias futuras del mismo, será dirimida bajo la jurisdicción y legislación de la República de Colombia. Las diferencias y controversias que surjan se solucionarán con sujeción a las siguientes instancias que se agotarán de forma sucesiva o a elección de las partes, así: a). Arreglo Directo: Las partes tratarán de resolver sus diferencias de forma directa y entre ellas mismas dentro del plazo de quince (15) días contados a partir de la notificación escrita en que cualquiera de ellas informe a la otra de un conflicto o controversia orIginado en el contrato. b). Conciliación: Agotado el plazo anterior sin que las partes lograsen un acuerdo por si mismas, acudirán a la asistencia de un conciliador legalmente autorizado que se designará y actuará según los parámetros establecidos por la Ley 446 de 1998 y el decreto 1818 del mismo año, la etapa de conciliación durará un mes (1) desde el momento en que las partes o cualquiera de ellas radique la solicitud de conciliación respectiva, en caso de lograrse la conciliación la misma producirá efectos de cosa juzgada entre las partes, en caso contrario agotará el requisito de procedibilidad para acudir a la jurisdicción ordinaria o arbitral según corresponda, de acuerdo con los literales c) y d) de la presente cláusula. c). Jurisdicción Ordinaria: Agotadas las instancias anteriores, si la cuantía de las pretensiones derivadas de la diferencia que surja entre las partes por la interpretación del presente contrato, su ejecución, cumplimiento, terminación o las consecuencias futuras del mismo, no excediere de 220 SMMLV las partes sujetarán su controversia a la decisión del juez de instancia que corresponda según la cuantía y competencia en arreglo a lo previsto por el código de procedimiento Civil. d). Jurisdicción Arbitral: Agotadas las instancias anteriores, si la cuantía de las pretensiones derivadas de la diferencia que surja entre las partes por la interpretación del presente contrato, su ejecución, cumplimiento, terminación o las consecuencias futuras del mismo, se llevará el conflicto a la decisión de un Tribunal de Arbitramento Institucional cuyo domicilio será la ciudad de Bogotá D.C., el Tribunal estará integrado por un (1) árbitro que será designado conjuntamente por las partes dentro de los quince (15) días hábiles siguientes al envío de la comunicación por correo certificado que una de ellas le haga llegar a la otra solicitando la conformación del Tribunal; en caso de desacuerdo o falta de respuesta de la parte requerida, la otra parte podrá solicitar la designación y conformación del Tribunal al centro de Arbitraje y Conciliación de la Cámara de Comercio de la ciudad de Bogotá D.C.. El Tribunal así conformado funcionará en la ciudad de Bogotá D.C. y el laudo deberá proferirse en derecho, sujetándose en un todo al Decreto 2279 de 1.989, la ley 23 de 1.991, a la Ley 446 de 1.998, sus decretos reglamentarios y demás normas que regulan esta figura judicial.
B78: LIQUIDACIÓN A PRORRATA EN CASO DE CANCELACIÓN DE LA PÓLIZA POR PARTE DEL ASEGURADO | E78: Bajo esta cláusula la aseguradora debe aceptar que en caso de cancelación de la póliza por parte del asegurado, la devolución de las primas respectivas se realizará a prorrata.
B79: LIQUIDACIÓN A PRORRATA PARA PRÓRROGA DE LA VIGENCIA | E79: En caso de que el asegurado lo requiera, la aseguradora realizara la liquidación de la prima de la prorroga a prorrata con las mismas tasas y condiciones de la póliza inicial. Siempre y cuando la siniestralidad de la póliza no sea mayor al 50%, en el caso que la siniestralidad supere el 50% la aseguradora acordará con el asegurado las condiciones en que se otorgará la prórroga.
B80: CLÁUSULA DE CONDICIONES PARTICULARES | E80: Queda expresamente acordado y convenido, que la aseguradora acepta las condiciones obigatorias (mínimas técnicas) establecidas en este anexo, en los términos señalados en el mismo, por lo tanto, en caso de existir discrepancia ente los ofrecimientos contenidos en la propuesta técnica básica, frente a los textos de los ejemplares de las pólizas, a las condiciones generales, certificados, anexos o cualquier otro documento; prevalecerá la información y condiciones básicas técnicas establecidas de este anexo, de igual forma en caso de encontrarse contradicción en alguna condición prevalecerá la de mayor beneficio para el asegurado.
B81: DETERMINACIÓN DE CONDICIONES Y REQUISITOS PARA EL PAGO DE INDEMNIZACIONES | E81: La aseguradora manifiesta expresamente que acepta los requisitos y documentos contenidos en el ANEXO No. 11 REQUISITOS PARA EL PAGO DE LAS INDEMNIZACIONES, como unicos para la atención y pago de reclamaciones por siniestros. A futuro no podrá exigir documentos o trámites adicionales.
B82: 3.7. | C82: EXCLUSIÓN DE ENFERMEDADES TRANSMISIBLES O CONTAGIOSAS
B83: Este seguro no cubre cualquier reclamo de ninguna manera causado por o como resultado de: a) Enfermedad por coronavirus (COVID-19) b) Coronavirus 2 del síndrome respiratorio agudo severo (SARS-CoV-2) c) Cualquier mutación o variación de SARS-CoV-2; d) Cualquier otra enfermedad transmisible, epidemia o pandemia e) Cualquier temor o amenaza de a), b), c) ó d) anteriores f) La interrupción de negocios y/o pérdidas financieras sufridas por la Entidad al no poder desarrollar la actividad para la cual fue creada como consecuencia de a), b), c), d) y e) anteriores.
B84: “OFAC: El Asegurador no será responsable de proporcionar cobertura o hacer algún pago si el realizarlo pudiera ser considerado como una violación de alguna de las leyes o regulaciones de Sanciones Económicas, que expondría al Asegurador, su casa matriz o su entidad controladora a una sanción estipulada bajo estas leyes o regulaciones
B85: 3.8. | C85: COBERTURAS, AMPAROS Y BIENES SIN APLICACIÓN DE DEDUCIBLES EN FORMA OBLIGATORIA
B86: La Entidad, requiere oferta de cobertura SIN APLICACIÓN DE DEDUCIBLE, para los bienes y/o amparos y/o eventos, señalados a continuación y por lo tanto el proponente con la firma del FORMATO No. 2 - CARTA DE ACEPTACIÓN DE LAS CONDICIONES OBLIGATORIAS (MÍNIMAS TÉCNICAS), admite estas condiciones.
B87: • Gastos Médicos sin aplicación de deducibe.
B88: Teniendo en cuenta que esta póliza no contempla deducibles por tanto este factor no será objeto de evaluación, razón por la cual el puntaje de esta aspecto será sumado al puntaje establecido para la evaluación del factor económico de MAYOR VIGENCIA, es decir que este factor tendrá un puntaje total de setenta y tres (73) puntos.
B89: By: Tiger

Sheet 4. COND. BÁSICAS TRANSP. VAL.
B2: SECRETARIA DISTRITAL DE SEGURIDAD, CONVIVENCIA Y JUSTICIA DE BOGOTÁ - SCJ.
B3: ANEXO No. 1 - CONDICIONES OBLIGATORIAS (MÍNIMAS TÉCNICAS)
B4: GRUPO No. 1
B6: 4. PÓLIZA DE TRANSPORTE DE VALORES
B7: 4.1. | C7: INFORMACIÓN GENERAL
B8: TOMADOR: | C8: SECRETARIA DISTRITAL DE SEGURIDAD, CONVIVENCIA Y JUSTICIA DE BOGOTÁ - SCJ. | F8: NIT. | G8: =+'1. COND. BÁSICAS TRDM'!G8 -> 899.999.061-9
B9: ASEGURADO: | C9: SECRETARIA DISTRITAL DE SEGURIDAD, CONVIVENCIA Y JUSTICIA DE BOGOTÁ - SCJ. | F9: NIT. | G9: =+G8 -> 899.999.061-9
B10: BENEFICIARIO: | C10: SECRETARIA DISTRITAL DE SEGURIDAD, CONVIVENCIA Y JUSTICIA DE BOGOTÁ - SCJ. | F10: NIT. | G10: =+G8 -> 899.999.061-9
B11: 4.2. | C11: OBJETO DEL SEGURO
B12: Amparar las pérdidas y los daños materiales causados como consecuencia de los eventos que constituyen los amparos mencionados, por el transporte de dineros en efectivo, títulos valores, cheques, y cualquier otro documento de propiedad del asegurado que pueda ser convertido fácilmente en dinero en efectivo, incluyendo las movilizaciones de dinero en efectivo realizadas por los los funcionarios en comisión y delegados del manejo de las cajas menoresy demás títulos valores, por los cuales la Entidad sea o deba ser legalmente responsable.
B13: 4.3. | C13: LÍMITE ASEGURADO POR DESPACHO
B14: Límite: | F14: $10.000.000.
B15: 4.3.1. | C15: Presupuesto anual de movilización | F15: 120000000
B16: 4.3.2. | C16: Trayectos asegurados:
B17: Movilizaciones entre dependencias del asegurado y/o hasta, bancos o corporaciones, casas de cambio o entidades con las cuales que tengan interés con las transacciones de la Entidad asegurada y viceversa.
B18: 4.3.3. | C18: Medios de Transporte y alcance de la cobertura
B19: Por mensajero particular, terrestre, aéreo, marítimo, fluvial y/o férreo, y cualquier otro que el asegurado deba utilizar para el transporte de los bienes objeto de este seguro, aclarando que la póliza cubre todo tipo de medio de movilización sin excepción y sin restricción de horarios para la movilización De igual forma la aseguradora acepta como medio de transporte cuando se realice en vehículos propios, de funcionarios o contratistas de la Entidad o de terceros.
B20: 4.4. | C20: SISTEMA DE COBRO DE PRIMA
B21: La aseguradora acepta como sistema de cobro un único anual (o con base en las vigencias contratadas y con pago por vigencia fiscal) sobre el valor del presupuesto anual indicado sin reportes y sin ajuste al final de la vigencia. Procedimiento para reporte de movilizaciones: Se ampara cualquier despacho hasta el límite asegurado sin que se requiera suministro de relaciones periodicas de despachos y efectuando el cobro de una prima única por toda la vigencia de la póliza. Por tanto, la aseguradora no dará aplicación a la cláusula de falta de avisos o aplicaciones a la presente póliza, manteniendo de esta forma la cobertura durante la vigencia estipulada en la carátula de la póliza.
B22: NOTA: | C22: CADA SUBLÍMITE INDICADO ESTAN CONTEMPLADOS DENTRO DEL LÍMITE ASEGURADO.
B23: 4.5. | C23: AMPAROS BÁSICOS
B24: DAÑO MATERIAL DE LOS VALORES TRANSPORTADOS (CUANDO APLIQUE) | E24: La aseguradora se compromete a indemnizar al asegurado la pérdida o daño material que sufran los valores asegurados como consecuencia de incendio y/o rayo, cualquier evento de la naturaleza, caída a abismos o colisión o desbarrancamiento o volcamiento o fallas mecánicas imprevistas del medio de transporte, inundaciones, combustión espontánea, explosión, caída de aeronaves u otros objetos que se desprendan de ella u otros objetos aéreos.
B25: HURTO CALIFICADO | E25: La aseguradora se compromete a indemnizar al asegurado la pérdida o daño material que sufran los valores asegurados como consecuencia de hurto calificado (de acuerdo con su definición legal), suministro de sustancias a los transportadores de los valores que provoquen doblegación de la voluntad, apoderamiento forzoso del medio de transporte.
B26: HURTO SIMPLE | E26: La aseguradora se compromete a indemnizar al asegurado la pérdida o daño material que sufran los valores asegurados como consecuencia de hurto simple (de acuerdo con su definición legal).
B27: GASTOS ADICIONALES | E27: La aseguradora se compromete a pagar al asegurado los gastos razonables y debidamente justificados en que incurra el asegurado para evitar la extensión y propagación del siniestro o para el manejo del salvamento de los valores asegurados
B28: HUELGA - INCLUIDO ACTOS MAL INTENCIONADOS DE TERCEROS, HUELGA, ASONADA, SUSPENSIÓN DE HECHO DE LABORES, SUSPENSIÓN DE TRABAJO POR CIERRE PATRONAL, DISTURBIOS DE TRABAJO, MOTINES, CONMOCIONES CIVILES, ACTOS SUBVERSIVOS, TERRORISMO Y APODERAMIENTO O DESVÍO DE NAVES O AERONAVES. | E28: La aseguradora se compromete a indemnizar hasta el límite del valor asegurado los daños materiales o pérdidas que sufran los valores asegurados como consecuencia de actos mal intencionados de terceros, huelga, asonada, suspensión de hecho de labores, suspensión de trabajo por cierre patronal, disturbios de trabajo, motines, conmociones civiles, actos subversivos, terrorismo y apoderamiento o desvío de naves o aeronaves.
B29: PERMANENCIA EN LUGARES INICIALES, INTERMEDIOS O FINALES, DENTRO O FUERA DE CAJA FUERTE | E29: La aseguradora se compromete a indemnizar hasta el límite del valor, las pérdidas que sufran los valores asegurados por la permanencia en lugares iniciales, intermedios o finales y que ésten dentro o fuera de caja fuerte.
B30: MOVILIZACIONES EN TRAYECTOS MÚLTIPLES | E30: La aseguradora acepta expresamente que otorga cobertura para los dineros y valores que sean transportados por el asegurado en trayectos múltiples, entiendase por estos cuando el mensajero o personal que realiza la movilización de los bienes objeto de este seguro deba movilizarse o desplazarse por varios trayectos con los valores amparados bajo la presente póliza, sin importar los lugares que deba recorrer en el territorio colombiano o fuera de este.
B31: 4.6. | C31: CLÁUSULAS BÁSICAS
B32: REVOCACIÓN DE LA PÓLIZA, CLÁUSULAS O CONDICIONES. Con Termino de Noventa (90) días y para AMIT, AMCCOPH, Terrorismo y Sabotaje diez (10) días. | E32: La aseguradora podrá revocar la póliza, cláusulas o condiciones unilateralmente por la compañía, mediante noticia escrita enviada al asegurado, a su última dirección registrada, con no menos de noventa (90) días y para AMIT Y AMCCOPH diez (10) días, de antelación; contados a partir de la fecha del envío. El asegurado podra pedir la revocación en cualquier momento, según lo previsto en el Código de Comercio. Así mismo, en el caso de que la aseguradora decida no otorgar renovación o prorroga del contrato de seguro, excepto para AMIT, AMCCOPH, Terrorismo y Sabotaje, deberá dar aviso de ello al asegurado con no menos de noventa (90) días de antelación a la fecha de vencimiento de la póliza, en caso contrario se dará por entendido que la aseguradora acepta la renovación o prorroga hasta el límite legal establecido en la Ley 80 de 1993, para la adición de los contratos y manteniendo las mismas condiciones ofertadas en este proceso de aseguradoras.
B33: ERRORES, OMISIONES O INEXACTITUDES | E33: El tomador está obligado a declarar sinceramente los hechos y circunstancias que determinen el estado del riesgo. La inexactitud sobre hechos o circunstancias que, conocidas por la compañía, la hubieren retraído de celebrar el contrato o inducido a estipular condiciones más onerosas, produce la nulidad relativa del seguro. Sin embargo, si se incurriere en errores, omisiones e inexactitudes inculpables al tomador o al asegurado, el contrato no será nulo ni habrá lugar a la aplicación del inciso tercero del artículo 1058 del Código de Comercio sobre reducción porcentual de la prestación asegurada. En este caso se deberá pagar la prima adecuada al verdadero estado del riesgo.
B34: AMPLIACIÓN AVISO DEL SINIESTRO Con termino de noventa (90) días. | E34: Queda convenido y aceptado que el asegurado podrá dar aviso de la ocurrencia del siniestro en un término de noventa (90), siguientes a la fecha en que haya conocido o debido conocer la ocurrencia del mismo.
B35: CONOCIMIENTO DEL RIESGO | E35: La Compañía acepta mediante la presente cláusula que la Entidad, le ha brindado la oportunidad para realizar la inspección de los bienes y riesgos a que están sujetos los mismos y el patrimonio del Asegurado, razón por la cual se deja constancia del conocimiento y aceptación de los hechos, circunstancias y, en general, condiciones de los mismos. La compañía se reserva el derecho de llevar a cabo la inspección cuantas veces lo juzgue pertinente.
B36: ANTICIPO DE INDEMNIZACIÓN DEL 50% Se califica en Condiciones Adicionales (Formato No. 3) el aumento del porcentaje ofrecido. | E36: Queda expresamente acordado que, a petición escrita de la Entidad, la aseguradora anticipará pagos parciales sobre el valor de cualquier reclamo, con base en el valor de la estimación preliminar de la pérdida aceptada por el ajustador, para adelantar la reparación, reposición o remplazo de los bienes asegurados. En el caso de que no haya nombramiento de ajustador, el anticipo se liquidará con base en la valoración de la cuantía de la pérdida amparada, acreditada por la entidad mediante cotización de la misma. En caso que el anticipo o suma de anticipos que la compañía adelante al asegurado llegare a exceder la suma total indemnizable a que tenga derecho, éste se compromete a devolver el exceso pagado. Para esta cláusula la aseguradora debe contemplar un plazo máximo para el pago del anticipo de diez (10) días hábiles contados a partir de la fecha de solicitud y formalización del mismo.
B37: MODIFICACIONES A FAVOR DEL ASEGURADO | E37: Los cambios o modificaciones a las condiciones de la presente póliza, serán acordados mutuamente entre la compañía y el asegurado. El certificado, documento o comunicaciones que se expidan para formalizarlos debe ser firmado, en señal de aceptación, por un representante legal del asegurado o funcionario autorizado, prevaleciendo sobre las condiciones de esta póliza. No obstante si durante la vigencia de la póliza se presentan modificaciones en las condiciones del seguro, legalmente aprobadas que representen un beneficio a favor del asegurado, tales modificaciones se consideran automáticamente incorporadas. Siempre y cuando no causen cobro de prima adicional.
B38: NOMBRAMIENTO Y DESIGNACIÓN DE AJUSTADORES | E38: El nombramiento de ajustadores deberá efectuarse de común acuerdo entre la aseguradora y el asegurado, para lo cual la aseguradora presentará para cada reclamo una relación de cinco (5) firmas ajustadoras. No obstante la anterior condición, el asegurador con su propuesta se obliga a presentar la lista de todos sus ajustadores y la Entidad se reserva el derecho de nombrar al ajustador que considere más adecuado o solicitar el cambio de los mismos en caso de que no fueren de su entera satisfacción, sin que para ello se requiera motivación alguna.
B39: VARIACIONES DEL RIESGO | E39: Queda entendido, convenido y aceptado que las notificaciones que sobre los hechos o circunstancias no previsibles que sobrevengan con posterioridad a la celebración del contrato de seguro y que, conforme al criterio consignado en el inciso 1° del artículo 1058 del código de comercio, signifiquen agravación del riesgo, se efectuarán por la Entidad dentro de los noventa (90) días siguientes a la fecha de modificación del riesgo.
B40: NO CONCURRENCIA DE AMPAROS, CLÁUSULAS O CONDICIONES | E40: Queda entendido, convenido y aceptado, que si dos o más amparos, cláusulas o condiciones otorgan cobertura a un mismo evento, se indemnizará con base en aquella que ofrezca mayor protección para los intereses del asegurado. De igual manera prevalecerán los amparos, cláusulas o condiciones que otorguen coberturas sobre aquellos que las excluyan. En todo caso y ante cualquier discrepancia sobre cual es el amparo, cláusula o condición aplicable a un caso determinado, se aplicara aquella o aquellas que en conjunto determine el asegurado de acuerdo a su conveniencia.
B41: NO APLICACIÓN DE GARANTÍAS | E41: Queda expresamente acordado y aceptado que la cobertura otorgada bajo la presente póliza no queda sujeta al cumplimiento de ningún tipo de garantía por parte de la entidad asegurada.
B42: PAGO DE LA INDEMNIZACIÓN | E42: Queda expresamente acordado que la aseguradora acepta efectuar el pago de la indemnización, en dinero o mediante el giro a los contratistas y/o proveedores de servicios o suministro de éstos u otros similares con los cuales la Entidad, decida remplazar, reconstruir, reparar y/o reponer el bien o bienes afectados; y para este último caso la compañía efectuará el pago hasta el monto de su responsabilidad, a petición escrita de la Entidad Asegurada. De todas formas queda convenido que la entidad asegurada se reserva el derecho de determinar si el giro de la indemnización se realiza en dinero o giro a los contratistas y la aseguradora acepta esta condición.
B43: COMPROMISO PARA EL PAGO DE LAS INDEMNIZACIONES Plazo de diez (10) días hábiles. Se califica en Condiciones Adicionales (Formato No. 3) la reducción del término para el pago de las indemnizaciones. | E43: Bajo esta condición la aseguradora se compromete al pago de la indemnización dentro del plazo establecido, una vez el asegurado demuestre ocurrencia y cuantía.
... B63: DETERMINACIÓN DE CONDICIONES Y REQUISITOS PARA EL PAGO DE INDEMNIZACIONES | E63: La aseguradora manifiesta expresamente que acepta los requisitos y documentos contenidos en el ANEXO No. 11 REQUISITOS PARA EL PAGO DE LAS INDEMNIZACIONES, como unicos para la atención y pago de reclamaciones por siniestros. A futuro no podrá exigir documentos o trámites adicionales.
B64: 4.7. | C64: EXCLUSIÓN DE ENFERMEDADES TRANSMISIBLES O CONTAGIOSAS
B65: Exclusión absoluta de enfermedades infecciosas o contagiosas: Sin perjuicio de cualquier otra disposición en contrario, se aclara que este seguro no cubre ninguna reclamación, pérdida, responsabilidad, costo o gasto de cualquier naturaleza que surja directa o indirectamente de, contribuya o resulte de enfermedades, epidemias o pandemias, tales como el Coronavirus (COVID-19), enfermedad respiratoria aguda grave síndrome coronavirus 2 (SARS-CoV-2), o cualquier mutación o variación de los mismos. Esta exclusión también aplica a cualquier reclamo, pérdida, costo o gasto de cualquier naturaleza que surja directa o indirectamente de, en contribución a, o resultante de: 1) Cualquier temor o amenaza que surja en respuesta a una enfermedad infecciosa real o potencial; o 2) Cualquier acción tomada para controlar, prevenir, suprimir o de cualquier manera relacionada con cualquier brote de enfermedades infecciosas tales como coronavirus (COVID-19), coronavirus 2 por síndrome respiratorio agudo severo (SARS-CoV-2), cualquier mutación o variación de los mismos, o de cualquier otra enfermedad, epidemia o pandemia.
B66: 4.8. | C66: COBERTURAS, AMPAROS Y BIENES SIN APLICACIÓN DE DEDUCIBLES EN FORMA OBLIGATORIA
B67: La Entidad, requiere oferta de cobertura SIN APLICACIÓN DE DEDUCIBLE, para los bienes y/o amparos y/o eventos, señalados a continuación y por lo tanto el proponente con la firma del FORMATO No. 2 - CARTA DE ACEPTACIÓN DE LAS CONDICIONES OBLIGATORIAS (MÍNIMAS TÉCNICAS), admite estas condiciones.
B68: Teniendo en cuenta que esta póliza no contempla deducibles por tanto este factor no será objeto de evaluación, razón por la cual el puntaje de esta aspecto será sumado al puntaje establecido para la evaluación del factor económico de MAYOR VIGENCIA, es decir que este factor tendrá un puntaje total de setenta y tres (73) puntos.
B69: By: Tiger

Sheet 5. COND. BÁSICAS TRANSP. MCIAS.
B2: SECRETARIA DISTRITAL DE SEGURIDAD, CONVIVENCIA Y JUSTICIA DE BOGOTÁ - SCJ.
B3: ANEXO No. 1 - CONDICIONES OBLIGATORIAS (MÍNIMAS TÉCNICAS)
B4: GRUPO No. 1
B6: 5. PÓLIZA DE TRANSPORTE DE MERCANCÍAS
B7: 5.1. | C7: INFORMACIÓN GENERAL
B8: TOMADOR: | C8: SECRETARIA DISTRITAL DE SEGURIDAD, CONVIVENCIA Y JUSTICIA DE BOGOTÁ - SCJ. | F8: NIT. | G8: =+'1. COND. BÁSICAS TRDM'!G8 -> 899.999.061-9
B9: ASEGURADO: | C9: SECRETARIA DISTRITAL DE SEGURIDAD, CONVIVENCIA Y JUSTICIA DE BOGOTÁ - SCJ. | F9: NIT. | G9: =+G8 -> 899.999.061-9
B10: BENEFICIARIO: | C10: SECRETARIA DISTRITAL DE SEGURIDAD, CONVIVENCIA Y JUSTICIA DE BOGOTÁ - SCJ. | F10: NIT. | G10: =+G9 -> 899.999.061-9
B11: 5.2 | C11: OBJETO DEL SEGURO
B12: Amparar las pérdidas y los daños materiales causados como consecuencia de los eventos que constituyen los amparos mencionados,en el transporte de cualquier tipo de mercancías nuevas y usadas incluida maquinaría, por cualquier medio de transporte, de los bienes de su propiedad, bajo tenencia, responsabilidad y/o control; propios del giro normal de las actividades de la Entidad.
B13: 5.3. | C13: LÍMITE ASEGURADO POR DESPACHO | F13: 250000000
B14: 5.3.1. | C14: Presupuesto anual de movilización | F14: 3000000000
B15: 5.4. | C15: TRAYECTOS ASEGURADOS
B16: Importaciones, Exportaciones y Reexportaciones: Desde cualquier lugar del mundo, hasta su destino final en Colombia y viceversa, bodega a bodega. Despachos Nacionales: Desde y hasta cualquier ciudad en el territorio nacional. Despachos Urbanos: Desde cualquier parte de la ciudad hasta su destino final en la misma.
B17: 5.4.1. | C17: Medios de Transporte y alcance de la cobertura
B18: Cualquier vehículo propio, de terceros o de firma especializada, ya sea terrestre, ferreo, aéreo, charter, marítimo y fluvial (incluso para las maritimas y fluviales que no se encuentren clasificadas por las autoridades competentes), y cualquier otro que el asegurado deba utilizar para el transporte de los bienes objeto de este seguro, aclarando que la póliza cubre todo tipo de medio de movilización sin excepción y sin restricción de horarios para la movilización, incluido los bienes transportados en vehículos arrendados, de funcionarios o contratistas de la entidad o de terceros.
B19: 5.5. | C19: SISTEMA DE COBRO DE PRIMA
B20: La aseguradora acepta como sistema de cobro un único anual (o con base en las vigencias contratadas y con pago por vigencia fiscal) sobre el valor del presupuesto anual indicado sin reportes y sin ajuste al final de la vigencia. Procedimiento para reporte de movilizaciones: Se ampara cualquier despacho hasta el límite asegurado sin que se requiera suministro de relaciones periodicas de despachos y efectuando el cobro de una prima única por toda la vigencia de la póliza. Por tanto, la aseguradora no dará aplicación a la cláusula de falta de avisos o aplicaciones a la presente póliza, manteniendo de esta forma la cobertura durante la vigencia estipulada en la carátula de la póliza.
B21: 5.6. | C21: AMPAROS BÁSICOS
B22: COBERTURA COMPLETA, INCLUYENDO:
B23: PÉRDIDA TOTAL Y/O DAÑOS MATERIALES | E23: La aseguradora se compromete a indemnizar la pérdida o daño material de los bienes producida por cualquier riesgo no expresamente excluido, siempre que se produzca con ocasión de su transporte, incluidas las operaciones de cargue, trasiego, trasbordo, descargue o desenvasado y permanencias. Así mismo, esta cobertura incluye los amparos de incendio y/o rayo, vientos fuertes, caída a abismos, hundimiento, colisión, volcamiento, inundaciones, fallas mecánicas imprevistas, combustión espontánea, desbarrancamiento, explosión, derrames accidentales imprevistos y repentinos, caídas accidentales de mercancías, caída de aeronaves u otros objetos que se desprendan de ella u otros objetos aéreos, encallamiento, guerra internacional, maremoto, tsunami, mar de leva, marea alta, iceberg, tempestades, huracanes, vientos fuertes en general, nevadas, ciclón, granizo, deslizamiento de tierra, avalanchas, fallas geológicas, terremoto, temblor y/o erupción volcánica, asentamientos, inconsistencias del suelo o cualquier otra convulsión de la naturaleza, colisión por culpa concurrente y aquellos estipulados en la carátula de la póliza y/o sus condiciones particulares.
B24: FALTA DE ENTREGA | E24: Esta cobertura incluye los amparos de hurto calificado, asonada, motín, conmoción civil o popular, y huelga, actos malintencionados de terceros incluidos actos de piratería y terrorismo, guerra internacional, guerra civil, rebelión, insurrección, acto hostil de un poder beligerante o contra dicho poder, aprehensión, minas, torpedos, bombas u otros artefactos de guerra abandonado y aquellos estipulados en la carátula de la póliza y/o sus condiciones particulares.
B25: AVERÍA PARTICULAR | E25: La aseguradora se compromete a indemnizar los daños ocurridos a la mercancía como consecuencia de descargue forzoso, avería sin accidente del medio de transporte, en general daños por la movilización de los bienes y aquellos estipulados en la carátula de la póliza y/o sus condiciones particulares.
B26: SAQUEO | E26: La aseguradora se compromete a indemnizar las pérdidas de la mercancía ocasionadas por el extravio o el hurto de las mercancías transportadas.
B27: HUELGA ( ASONADA, MOTIN, CONMOCIÓN CIVIL O POPULAR, ACTOS MAL INTENCIONADOS DE TERCEROS, INCLUIDOS ACTOS TERRORISTAS Y DE MOVIMIENTOS SUBVERSIVOS) | E27: La aseguradora se compromete a indemnizar las pérdidas de la mercancías como consecuncia de la Huelga y definida como la Asonada, motín, conmoción civil o popular, actos mal intencionados de terceros, inlcuidos los actos terroristas y de movimientos subversivos.
B28: OPERACIONES DE CARGUE Y DESCARGUE | E28: La aseguradora se compromete a indemnizar las pérdidas de la mercancía ocasionadas en el cargue o descargu de las mismas.
B29: 5.7. | C29: CLÁUSULAS BÁSICAS
B30: REVOCACIÓN DE LA PÓLIZA, CLÁUSULAS O CONDICIONES. Con Termino de Noventa (90) días y para AMIT, AMCCOPH, Terrorismo y Sabotaje diez (10) días. | E30: La aseguradora podrá revocar la póliza, cláusulas o condiciones unilateralmente por la compañía, mediante noticia escrita enviada al asegurado, a su última dirección registrada, con no menos de noventa (90) días y para AMIT Y AMCCOPH diez (10) días, de antelación; contados a partir de la fecha del envío. El asegurado podra pedir la revocación en cualquier momento, según lo previsto en el Código de Comercio. Así mismo, en el caso de que la aseguradora decida no otorgar renovación o prorroga del contrato de seguro, excepto para AMIT, AMCCOPH, Terrorismo y Sabotaje, deberá dar aviso de ello al asegurado con no menos de noventa (90) días de antelación a la fecha de vencimiento de la póliza, en caso contrario se dará por entendido que la aseguradora acepta la renovación o prorroga hasta el límite legal establecido en la Ley 80 de 1993, para la adición de los contratos y manteniendo las mismas condiciones ofertadas en este proceso de aseguradoras.
B31: ERRORES, OMISIONES O INEXACTITUDES | E31: El tomador está obligado a declarar sinceramente los hechos y circunstancias que determinen el estado del riesgo. La inexactitud sobre hechos o circunstancias que, conocidas por la compañía, la hubieren retraído de celebrar el contrato o inducido a estipular condiciones más onerosas, produce la nulidad relativa del seguro. Sin embargo, si se incurriere en errores, omisiones e inexactitudes inculpables al tomador o al asegurado, el contrato no será nulo ni habrá lugar a la aplicación del inciso tercero del artículo 1058 del Código de Comercio sobre reducción porcentual de la prestación asegurada. En este caso se deberá pagar la prima adecuada al verdadero estado del riesgo.
B32: AMPLIACIÓN AVISO DEL SINIESTRO Con termino de noventa (90) días. | E32: Queda convenido y aceptado que el asegurado podrá dar aviso de la ocurrencia del siniestro en un término de noventa (90), siguientes a la fecha en que haya conocido o debido conocer la ocurrencia del mismo.
B33: DESIGNACIÓN O DENOMINACIÓN DE BIENES | E33: La aseguradora acepta el título, nombre, denominación o nomenclatura con que el asegurado identifica o describe los bienes asegurados en sus registros o libros de comercio o contabilidad.
B34: CONOCIMIENTO DEL RIESGO | E34: La Compañía acepta mediante la presente cláusula que la Entidad, le ha brindado la oportunidad para realizar la inspección de los bienes y riesgos a que están sujetos los mismos y el patrimonio del Asegurado, razón por la cual se deja constancia del conocimiento y aceptación de los hechos, circunstancias y, en general, condiciones de los mismos. La compañía se reserva el derecho de llevar a cabo la inspección cuantas veces lo juzgue pertinente.
B35: ANTICIPO DE INDEMNIZACIÓN DEL 50% Se califica en Condiciones Adicionales (Formato No. 3) el aumento del porcentaje ofrecido. | E35: Queda expresamente acordado que, a petición escrita de la Entidad, la aseguradora anticipará pagos parciales sobre el valor de cualquier reclamo, con base en el valor de la estimación preliminar de la pérdida aceptada por el ajustador, para adelantar la reparación, reposición o remplazo de los bienes asegurados. En el caso de que no haya nombramiento de ajustador, el anticipo se liquidará con base en la valoración de la cuantía de la pérdida amparada, acreditada por la entidad mediante cotización de la misma. En caso que el anticipo o suma de anticipos que la compañía adelante al asegurado llegare a exceder la suma total indemnizable a que tenga derecho, éste se compromete a devolver el exceso pagado. Para esta cláusula la aseguradora debe contemplar un plazo máximo para el pago del anticipo de diez (10) días hábiles contados a partir de la fecha de solicitud y formalización del mismo.
B36: MODIFICACIONES A FAVOR DEL ASEGURADO | E36: Los cambios o modificaciones a las condiciones de la presente póliza, serán acordados mutuamente entre la compañía y el asegurado. El certificado, documento o comunicaciones que se expidan para formalizarlos debe ser firmado, en señal de aceptación, por un representante legal del asegurado o funcionario autorizado, prevaleciendo sobre las condiciones de esta póliza. No obstante si durante la vigencia de la póliza se presentan modificaciones en las condiciones del seguro, legalmente aprobadas que representen un beneficio a favor del asegurado, tales modificaciones se consideran automáticamente incorporadas. Siempre y cuando no causen cobro de prima adicional.
B37: NOMBRAMIENTO Y DESIGNACIÓN DE AJUSTADORES | E37: El nombramiento de ajustadores deberá efectuarse de común acuerdo entre la aseguradora y el asegurado, para lo cual la aseguradora presentará para cada reclamo una relación de cinco (5) firmas ajustadoras. No obstante la anterior condición, el asegurador con su propuesta se obliga a presentar la lista de todos sus ajustadores y la Entidad se reserva el derecho de nombrar al ajustador que considere más adecuado o solicitar el cambio de los mismos en caso de que no fueren de su entera satisfacción, sin que para ello se requiera motivación alguna.
B38: VARIACIONES DEL RIESGO | E38: Queda entendido, convenido y aceptado que las notificaciones que sobre los hechos o circunstancias no previsibles que sobrevengan con posterioridad a la celebración del contrato de seguro y que, conforme al criterio consignado en el inciso 1° del artículo 1058 del código de comercio, signifiquen agravación del riesgo, se efectuarán por la Entidad dentro de los noventa (90) días siguientes a la fecha de modificación del riesgo.
B39: NO CONCURRENCIA DE AMPAROS, CLÁUSULAS O CONDICIONES | E39: Queda entendido, convenido y aceptado, que si dos o más amparos, cláusulas o condiciones otorgan cobertura a un mismo evento, se indemnizará con base en aquella que ofrezca mayor protección para los intereses del asegurado. De igual manera prevalecerán los amparos, cláusulas o condiciones que otorguen coberturas sobre aquellos que las excluyan. En todo caso y ante cualquier discrepancia sobre cual es el amparo, cláusula o condición aplicable a un caso determinado, se aplicara aquella o aquellas que en conjunto determine el asegurado de acuerdo a su conveniencia.
B40: NO APLICACIÓN DE GARANTÍAS | E40: Queda expresamente acordado y aceptado que la cobertura otorgada bajo la presente póliza no queda sujeta al cumplimiento de ningún tipo de garantía por parte de la entidad asegurada.
B41: PAGO DE LA INDEMNIZACIÓN | E41: Queda expresamente acordado que la aseguradora acepta efectuar el pago de la indemnización, en dinero o mediante el giro a los contratistas y/o proveedores de servicios o suministro de éstos u otros similares con los cuales la Entidad, decida remplazar, reconstruir, reparar y/o reponer el bien o bienes afectados; y para este último caso la compañía efectuará el pago hasta el monto de su responsabilidad, a petición escrita de la Entidad Asegurada. De todas formas queda convenido que la entidad asegurada se reserva el derecho de determinar si el giro de la indemnización se realiza en dinero o giro a los contratistas y la aseguradora acepta esta condición.
... B63: DETERMINACIÓN DE CONDICIONES Y REQUISITOS PARA EL PAGO DE INDEMNIZACIONES | E63: La aseguradora manifiesta expresamente que acepta los requisitos y documentos contenidos en el ANEXO No. 11 REQUISITOS PARA EL PAGO DE LAS INDEMNIZACIONES, como unicos para la atención y pago de reclamaciones por siniestros. A futuro no podrá exigir documentos o trámites adicionales.
B64: 5.8. | C64: EXCLUSIÓN DE ENFERMEDADES TRANSMISIBLES O CONTAGIOSAS
B65: Exclusión absoluta de enfermedades infecciosas o contagiosas: Sin perjuicio de cualquier otra disposición en contrario, se aclara que este seguro no cubre ninguna reclamación, pérdida, responsabilidad, costo o gasto de cualquier naturaleza que surja directa o indirectamente de, contribuya o resulte de enfermedades, epidemias o pandemias, tales como el Coronavirus (COVID-19), enfermedad respiratoria aguda grave síndrome coronavirus 2 (SARS-CoV-2), o cualquier mutación o variación de los mismos. Esta exclusión también aplica a cualquier reclamo, pérdida, costo o gasto de cualquier naturaleza que surja directa o indirectamente de, en contribución a, o resultante de: 1) Cualquier temor o amenaza que surja en respuesta a una enfermedad infecciosa real o potencial; o 2) Cualquier acción tomada para controlar, prevenir, suprimir o de cualquier manera relacionada con cualquier brote de enfermedades infecciosas tales como coronavirus (COVID-19), coronavirus 2 por síndrome respiratorio agudo severo (SARS-CoV-2), cualquier mutación o variación de los mismos, o de cualquier otra enfermedad, epidemia o pandemia.
B66: Se incluye la Exclusión de cyber virus y riesgo cibenético
B67: 5.9. | C67: COBERTURAS, AMPAROS Y BIENES SIN APLICACIÓN DE DEDUCIBLES EN FORMA OBLIGATORIA
B68: La Entidad, requiere oferta de cobertura SIN APLICACIÓN DE DEDUCIBLE, para los bienes y/o amparos y/o eventos, señalados a continuación y por lo tanto el proponente con la firma del FORMATO No. 2 - CARTA DE ACEPTACIÓN DE LAS CONDICIONES OBLIGATORIAS (MÍNIMAS TÉCNICAS), admite estas condiciones.
B69: Teniendo en cuenta que esta póliza no contempla deducibles por tanto este factor no será objeto de evaluación, razón por la cual el puntaje de esta aspecto será sumado al puntaje establecido para la evaluación del factor económico de MAYOR VIGENCIA, es decir que este factor tendrá un puntaje total de setenta y tres (73) puntos.
B70: By: Tiger

Sheet 7. G2 COND. BÁSICAS SEMOVIENTES
B2: SECRETARIA DISTRITAL DE SEGURIDAD, CONVIVENCIA Y JUSTICIA DE BOGOTÁ - SCJ.
B3: ANEXO No. 1 - CONDICIONES OBLIGATORIAS (MÍNIMAS TÉCNICAS)
B4: GRUPO No. 2
B6: 7. PÓLIZA DE SEMOVIENTES
B7: 7.1. | C7: INFORMACIÓN GENERAL
B8: TOMADOR: | C8: SECRETARIA DISTRITAL DE SEGURIDAD, CONVIVENCIA Y JUSTICIA DE BOGOTÁ - SCJ. | F8: NIT. | G8: =+'1. COND. BÁSICAS TRDM'!G8 -> 899.999.061-9
B9: ASEGURADO: | C9: SECRETARIA DISTRITAL DE SEGURIDAD, CONVIVENCIA Y JUSTICIA DE BOGOTÁ - SCJ. | F9: NIT. | G9: =+G8 -> 899.999.061-9
B10: BENEFICIARIO: | C10: SECRETARIA DISTRITAL DE SEGURIDAD, CONVIVENCIA Y JUSTICIA DE BOGOTÁ - SCJ. | F10: NIT. | G10: =+G8 -> 899.999.061-9
B11: 7.2. | C11: OBJETO DEL SEGURO
B12: Amparar los Equinos y Caninos de propiedad de la SECRETARIA DISTRITAL DE SEGURIDAD, CONVIVENCIA Y JUSTICIA, bajo su responsabilidad, cuidado, tenencia y/o control, y en general los recibidos a cualquier título y/o por los que tenga algún interés asegurable. NOTA: Se permite la presentación de oferta de esta cobertura, bajo póliza(s) o anexo(s) de cualquier ramo o ramos que tenga aprobado(s) el proponente, siempre y cuando cumpla con las condiciones exigidas en el presente Pliego de Condiciones.
B13: 7.3. | C13: GRUPO ASEGURADO
B14: El grupo asegurado corresponde a los Equinos y caninos de propiedad de la SECRETARIA DISTRITAL DE SEGURIDAD, CONVIVENCIA Y JUSTICIA, que se encuentre bajo su responsabilidad, tenencia y/o control, según Anexo No. 3 y el valor asegurado indicado en el mismo.
B15: 7.4. | C15: DETERMINACIÓN DE VALOR ASEGURADO ADMITIDO
B16: El valor asegurado de equinos y caninos de propiedad de la SECRETARIA DISTRITAL DE SEGURIDAD, CONVIVENCIA Y JUSTICIA, que se encuentre bajo su responsabilidad, tenencia y/o control, corresponde a valor admitido: | G16: 2062895944
B17: 7.5. | C17: COBERTURAS BÁSICAS
B18: Se aclara que de la SECRETARIA DISTRITAL DE SEGURIDAD, CONVIVENCIA Y JUSTICIA, adelantará la evaluación de las Condiciones Generales de la Póliza y se reserva el derecho de solicitar a los proponentes las aclaraciones que considere pertinentes, en especial respecto a la precisión del alcance de la cobertura y exclusiones, así como concertar con los proponentes los términos de las mismas, dirigido a obtener el adecuado aseguramiento de los bienes e intereses de de la SECRETARIA DISTRITAL DE SEGURIDAD, CONVIVENCIA Y JUSTICIA y de aquellos por los que sea responsable.
B19: NOTA: El oferente deberá indicar en su propuesta el ramo sobre el cual presenta su oferta.
B20: MUERTE | E20: Ocurrida durante la vigencia de la póliza como consecuencia de un accidente, enfermedad o dolencia que sufra el animal, incluyendo Actos Mal Intencionados de Terceros, Asonada, Motín, Conmoción Civil o Popular y Huelga.
E21: Que sea consecuencia directa o indirecta de cualquier operación quirúrgica realizada por un veterinario cirujano calificado, que certifique que dicha intervención ha sido necesaria exclusivamente por accidente, enfermedad o dolencia y como intento para conservar la vida del animal.
E22: Causada por la administración de cualquier medicamento siempre que haya sido recetado por un médico veterinario calificado o por personal experimentado bajo sus órdenes, y siempre que dicho veterinario certifique el carácter profiláctico o la necesidad del medicamento para tratar un accidente, enfermedad o dolencia. Para efectos de este contrato la palabra medicamento significa cualquier droga, hormona, vitamina o proteína.
B23: SACRIFICIO | E23: El sacrificio del animal o cuando su realización inmediata sea imperativa por razones de humanidad, si el animal ha sufrido una lesión o enfermedad incurable o extremadamente dolorosa, siempre y cuando que por tal circunstancia haya sido certificada con anterioridad al sacrificio por un médico veterinario nombrado por la compañía o, en caso de suma urgencia, cuando no sea posible esperar a que se produzca dicho nombramiento, por un médico veterinario calificado nombrado por el asegurado.
B24: ANEXO DE CIRUGIA. Sublímite de $100.000.000 evento / vigencia. Se califica en Condiciones Adicionales (Formato No. 3) el aumento de este sublímite. | E24: Queda convenido y acordado que la aseguradora reconocera hasta el monto estipulado los costos que se generen por las cirugias que requieran los semovientes.
B25: GASTOS MÉDICOS VETERINARIOS EN CASO DE ACCIDENTE Sublímite de $30.000.000 evento / $200.000.000 vigencia. Se califica en Condiciones Adicionales (Formato No. 3) el aumento de estos sublímites. | E25: Queda convenido y acordado que la aseguradora reconocera hasta el monto estipulado los costos que se generen por Gastos Médicos Veterinarios en caso de Accidente.
B26: PROTOCOLO PROFILÁCTICO Sublímite de $180.000.000 vigencia. Se califica en Condiciones Adicionales (Formato No. 3) el aumento de estos sublímites. | E26: Queda convenido y acordado que la aseguradora reconocera el Protocolo Profiláctico determinado por MEBOG y la SECRETARIA DISTRITAL DE SEGURIDAD, CONVIVENCIA Y JUSTICIA y aprobados por los médicos veterinarios de estas instituciones hasta el sublimite establecido para manejo preventivo y paraclínicos para todos los semovientes de la Entidad.
B27: HURTO SIMPLE Y HURTO CALIFICADO | E27: Según definición legal consagrada en el Código Penal.
B28: 7.6. | C28: CLÁUSULAS BÁSICAS
B29: REVOCACIÓN DE LA PÓLIZA, CLÁUSULAS O CONDICIONES. Con Termino de Noventa (90) días y para AMIT, AMCCOPH, Terrorismo y Sabotaje diez (10) días. | E29: La aseguradora podrá revocar la póliza, cláusulas o condiciones unilateralmente por la compañía, mediante noticia escrita enviada al asegurado, a su última dirección registrada, con no menos de noventa (90) días y para AMIT Y AMCCOPH diez (10) días, de antelación; contados a partir de la fecha del envío. El asegurado podra pedir la revocación en cualquier momento, según lo previsto en el Código de Comercio. Así mismo, en el caso de que la aseguradora decida no otorgar renovación o prorroga del contrato de seguro, excepto para AMIT, AMCCOPH, Terrorismo y Sabotaje, deberá dar aviso de ello al asegurado con no menos de noventa (90) días de antelación a la fecha de vencimiento de la póliza, en caso contrario se dará por entendido que la aseguradora acepta la renovación o prorroga hasta el límite legal establecido en la Ley 80 de 1993, para la adición de los contratos y manteniendo las mismas condiciones ofertadas en este proceso de aseguradoras.
B30: COBERTURA AUTOMÁTICA PARA NUEVOS SEMOVIENTES, INCLUIDOS NACIMIENTOS, COMRAS O RECIBO POR CUALQUIER CONCEPTO. Sublímite de $120.000.000 evento / vigencia y aviso 120 días. | E30: La aseguradora debe contemplar bajo esta cláusula que otorga cobertura automática contra los mismos eventos amparados por la póliza, para todos los nuevos semovientes por nacimientos o que el asegurado adquiera a cualquier título durante la vigencia de la misma, a partir del momento en que el asegurado asuma la responsabilidad por estos y a que éste se obliga a darle aviso de tal adquisición o recibo de los mismos. Esta cobertura automática genera cobro de prima.
B31: AMPARO AUTOMÁTICO PARA CUALQUIER SEMOVIENTE QUE POR ERROR U OMISIÓN NO SE HAYA INFORMADO AL INICIO DE LA VIGENCIA. Con término de aviso de 120 días. | E31: Queda entendido, convenido y aceptado que en el evento de que el asegurado, por error u omisión, no haya informado cualquier semoviente al inicio de la cobertura, sobre los cuales éste tuviere interés asegurable; las coberturas y amparos adicionales de esta póliza se extenderán automáticamente a dichos semovientes. El asegurado está obligado a dar aviso a la compañía dentro del término pactado a la fecha de iniciación de la vigencia de la póliza. La prima adicional se liquidara con base en las tasas contratadas.
B32: CONTINUIDAD DE COBERTURA PARA LOS SEMOVIENTES. | E32: Queda convenido y acordado que la aseguradora debe contemplar bajo esta cláusula que otorga continuidad de la cobertura para los semovientes y, por lo tanto, ampara las preexistencias y el estado de salud de los mismos al momento de iniciar la vigencia de la póliza
B33: AMPLIACIÓN DEL AVISO DE SINIESTRO. Término de noventa (90) días. | E33: La póliza extiende el término de aviso de la ocurrencia del siniestro, por parte del asegurado a un término de noventa (90) días siguientes a la fecha en que lo haya conocido o debido conocer.
B34: ANTICIPO DE INDEMNIZACIÓN DEL 50% Se califica en Condiciones Adicionales (Formato No. 3) el aumento del porcentaje ofrecido. | E34: Queda expresamente acordado que, a petición escrita de la Entidad, la aseguradora anticipará pagos parciales sobre el valor de cualquier reclamo, con base en el valor de la estimación preliminar de la pérdida aceptada por el ajustador, para adelantar la reparación, reposición o remplazo de los bienes asegurados. En el caso de que no haya nombramiento de ajustador, el anticipo se liquidará con base en la valoración de la cuantía de la pérdida amparada, acreditada por la entidad mediante cotización de la misma. En caso que el anticipo o suma de anticipos que la compañía adelante al asegurado llegare a exceder la suma total indemnizable a que tenga derecho, éste se compromete a devolver el exceso pagado. Para esta cláusula la aseguradora debe contemplar un plazo máximo para el pago del anticipo de diez (10) días hábiles contados a partir de la fecha de solicitud y formalización del mismo.
B35: MODIFICACIONES A FAVOR DEL ASEGURADO | E35: Los cambios o modificaciones a las condiciones de la presente póliza, serán acordados mutuamente entre la compañía y el asegurado. El certificado, documento o comunicaciones que se expidan para formalizarlos debe ser firmado, en señal de aceptación, por un representante legal del asegurado o funcionario autorizado, prevaleciendo sobre las condiciones de esta póliza. No obstante si durante la vigencia de la póliza se presentan modificaciones en las condiciones del seguro, legalmente aprobadas que representen un beneficio a favor del asegurado, tales modificaciones se consideran automáticamente incorporadas.
B36: NOMBRAMIENTO Y DESIGNACIÓN DE AJUSTADORES | E36: El nombramiento de ajustadores deberá efectuarse de común acuerdo entre la aseguradora y el asegurado, para lo cual la aseguradora presentará para cada reclamo una relación de cinco (5) firmas ajustadoras. No obstante la anterior condición, el asegurador con su propuesta se obliga a presentar la lista de todos sus ajustadores y la Entidad se reserva el derecho de nombrar al ajustador que considere más adecuado o solicitar el cambio de los mismos en caso de que no fueren de su entera satisfacción, sin que para ello se requiera motivación alguna.
B37: ERRORES, OMISIONES O INEXACTITUDES | E37: El tomador está obligado a declarar sinceramente los hechos y circunstancias que determinen el estado del riesgo. La inexactitud sobre hechos o circunstancias que, conocidas por la compañía, la hubieren retraído de celebrar el contrato o inducido a estipular condiciones más onerosas, produce la nulidad relativa del seguro. Sin embargo, si se incurriere en errores, omisiones e inexactitudes inculpables al tomador o al asegurado, el contrato no será nulo ni habrá lugar a la aplicación del inciso tercero del artículo 1058 del Código de Comercio sobre reducción porcentual de la prestación asegurada. En este caso se deberá pagar la prima adecuada al verdadero estado del riesgo.
B38: COMPROMISO PARA EL PAGO DE LAS INDEMNIZACIONES Plazo de treinta (30) días calendarios. | E38: Bajo esta condición la aseguradora se compromete al pago de la indemnización dentro del plazo establecido, una vez el asegurado demuestre ocurrencia y cuantía.
B39: NO APLICACIÓN DE GARANTÍAS | E39: Queda expresamente acordado y aceptado que la cobertura otorgada bajo la presente póliza no queda sujeta al cumplimiento de ningún tipo de garantía por parte de la entidad asegurada.
B40: PAGO DE LA INDEMNIZACIÓN DIRECTAMENTE A CONTRATISTAS Y PROVEEDORES | E40: Queda expresamente acordado que mediante esta cláusula el oferente acepta expresamente, que en caso de siniestro el asegurado se reserva el derecho de solicitar a la compañía de seguros el pago de la indemnización directamente a los contratistas y/o proveedores de estos semovientes o a comprarlos directamente y la compañía a petición escrita de la Entidad Asegurada, efectuará el pago de la indemnización, hasta el monto de su responsabilidad, bajo estas condiciones.
... B48: DETERMINACIÓN DE CONDICIONES Y REQUISITOS PARA EL PAGO DE INDEMNIZACIONES | E48: La aseguradora manifiesta expresamente que acepta los requisitos y documentos contenidos en el ANEXO No. 11 REQUISITOS PARA EL PAGO DE LAS INDEMNIZACIONES, como unicos para la atención y pago de reclamaciones por siniestros. A futuro no podrá exigir documentos o trámites adicionales.
B49: 7.7. | C49: EXCLUSIONES
B50: Exclusión absoluta de enfermedades infecciosas o contagiosas: Sin perjuicio de cualquier otra disposición en contrario, se aclara que este seguro no cubre ninguna reclamaión, pérdida, responsabilidad, costo o gasto de cualquier naturaleza que surja directa o indirectamente de, contribuya o resulte de enfermedades, epidemias o pandemias, tales como el Coronavirus (COVID-19), enfermedad respiratoria aguda grave síndrome coronavirus 2 (SARS-CoV-2), o cualquier mutación o variación de los mismos. Esta exclusión también aplica a cualquier reclamo, pérdida, costo o gasto de cualquier naturaleza que surja directa o indirectamente de, en contribución a, o resultante de: 1) Cualquier temor o amenaza que surja en respuesta a una enfermedad infecciosa real o potencial; o 2) Cualquier acción tomada para controlar, prevenir, suprimir o de cualquier manera relacionada con cualquier brote de enfermedades infecciosas tales como coronavirus (COVID-19), coronavirus 2 por síndrome respiratorio agudo severo (SARS-CoV-2), cualquier mutación o variación de los mismos, o de cualquier otra enfermedad, epidemia o pandemia.
B51: 7.8. | C51: COBERTURAS Y AMPAROS SIN APLICACIÓN DE DEDUCIBLES EN FORMA OBLIGATORIA
B52: La Entidad, requiere oferta de cobertura SIN APLICACIÓN DE DEDUCIBLE, para las coberturas y amparos de está póliza y por lo tanto el proponente con la firma del FORMATO No. 2 - CARTA DE ACEPTACIÓN DE LAS CONDICIONES OBLIGATORIAS (MÍNIMAS TÉCNICAS), admite esta condición de No aplicación de deducible, so pena de rechazo de oferta.
B53: Teniendo en cuenta que esta póliza no contempla deducibles por tanto este factor no será objeto de evaluación, razón por la cual el puntaje de esta aspecto será sumado al puntaje establecido para la evaluación del factor económico de MAYOR VIGENCIA, es decir que este factor tendrá un puntaje total de setenta y tres (73) puntos.
B54: By: Tiger

Sheet 8. G3 COND. BÁSICAS DRONES
B2: SECRETARIA DISTRITAL DE SEGURIDAD, CONVIVENCIA Y JUSTICIA DE BOGOTÁ - SCJ.
B3: ANEXO No. 1 - CONDICIONES OBLIGATORIAS (MÍNIMAS TÉCNICAS)
B4: GRUPO No. 3
B6: 8. CASCO AVIACIÓN (DRONES)
B7: 8.1. | C7: INFORMACIÓN GENERAL
B8: TOMADOR: | C8: SECRETARIA DISTRITAL DE SEGURIDAD, CONVIVENCIA Y JUSTICIA DE BOGOTÁ - SCJ. | F8: NIT. | G8: =+'1. COND. BÁSICAS TRDM'!G8 -> 899.999.061-9
B9: ASEGURADO: | C9: SECRETARIA DISTRITAL DE SEGURIDAD, CONVIVENCIA Y JUSTICIA DE BOGOTÁ - SCJ. | F9: NIT. | G9: =+G8 -> 899.999.061-9
B10: BENEFICIARIO: | C10: SECRETARIA DISTRITAL DE SEGURIDAD, CONVIVENCIA Y JUSTICIA DE BOGOTÁ - SCJ. | F10: NIT. | G10: =+G8 -> 899.999.061-9
B11: 8.2 | C11: OBJETO DEL SEGURO
B12: Amparar las pérdidas o daños y la responsabilidad civil frente a terceros y las pérdidas o daños materiales que sufran las aeronaves no tripuladas (Drones) de propiedad de la SECRETARIA DISTRITAL DE SEGURIDAD, CONVIVENCIA Y JUSTICIA - SDSCJ, bajo su responsabilidad, tenencia y/o control, y en general los recibidos a cualquier titulo y/o por los que tenga algún interés asegurable. Acorde con las disposiciones legales que se encuentran en la Circular Reglamentaria No. 2 - REQUISITOS GENERALES DE AERONAVEGABILIDAD Y OPERACIÓN PARA AERONAVES PILOTEADAS A DISTANCIA (RPAS). NOTA: La SECRETARIA DISTRITAL DE SEGURIDAD CONVIVENCIA Y JUSTICIA SDSCJ está interesada en obtener propuestas que ofrezcan la mayor cobertura, de tal forma que le permita lograr la mayor indemnización posible en los casos de pérdidas y/o daños, sin aplicación de demérito y/o mejora tecnológica.
B13: 8.3. | C13: VALOR ASEGURADO | F13: 245597446
B14: 8.4. | C14: LÍMITES ASEGURADOS
B15: RESPONSABILIDAD CIVIL RESPECTO A TERCEROS. (Artículo 1827 y 1835 del Código de Comercio) | E15: Límite único combinado (lesiones corporales / daños a la propiedad) | G15: $4.140.125.265 cada ocurrencia / cada aeronave.
B16: CASCO TODO RIESGO | E16: 100% del Valor acordado
B17: ACCESORIOS | E17: 30% como máximo valor acordado.
B18: 8.5. | C18: TRIPULANTES
B19: Pilotos con licencia, nombrados y aprobados. Experiencia mínima de 40 horas totales, incluyendo 200 despegues o lanzamientos o aterrizajes recuperaciones.
B20: 8.6. | C20: LIMITE GEOGRÁFICO Y OPERACIÓN
B21: Colombia. Operación Diurna y Nocturna.
B22: 8.7. | C22: AMPAROS BÁSICOS
B23: COBERTURAS: PÓLIZA DE SEGURO DE AERONAVES AVN 1C (EXCLUYENDO SECCIONES I Y III)
B24: - PÉRDIDAS O DAÑOS A LA NAVE NO TRIPULADA INCLUIDA LA DESAPARICIÓN | E24: Queda expresamente acordado que la aseguradora pagara o reparará, a su elección, la pérdida o daño accidental al vehículo aéreo no tripulado descrito en la carátula de la póliza, hasta el límite del valor asegurado allí indicado, que surja de los riesgos cubiertos, incluyendo su desaparición.
B25: - RESPONSABILIDAD CIVIL EXTRACONTRACTUAL | E25: Queda expresamente acordado que la aseguradora indemnizará al asegurado por todas las sumas por las que legalmente este sea responsable y/o deba pagar por los perjuicios causados patrimonial y extrapatrimonialmente y relacionados con heridas corporales accidentales (fatales o no) y daños accidentales a propiedad de terceros, causados por el vehículo aéreo no tripulado o por cualquier objeto que se caiga de este.
B26: INCORPORANDO LO SIGUIENTE:
B27: - CLÁUSULA DE INCLUSIONES Y EXCLUSIONES (APLICABLE A RESPONSABILIDADES ÚNICAMENTE) AVN 18A. (CUANDO APLIQUE) | E27: 1. El seguro otorgado por la presente póliza se extiende automáticamente, a cambio de una prima adicional, para incluir otras(s) aeronave(s) adicionada(s) durante la vigencia de esta póliza, siempre y cuando tal (es) aeronave(s) sea(n) de propiedad u operada(s) por el asegurado y que sea(n) del mismo tipo de las ya aseguradas. 2. La inclusión de aeronaves de tipo distinto o de mayor capacidad, quedara sujeta a un acuerdo y a una tarifación especial, determinada por el asegurador previamente a la inclusión. 3. Las aeronaves que hayan sido vendidas o cedidas serán retiradas de esta póliza y el asegurado tendrá derecho a una devolución de las primas a prorrata.
B28: - CLÁUSULA DE EXCLUSIÓN DE RUIDO, POLUCIÓN Y OTROS PELIGROS AVN 46B. (CUANDO APLIQUE) | E28: Esta póliza no cubre siniestros directa o indirectamente causados u ocurridos por consecuencia del alcance de las exclusiones de ruido, polución y otros peligros AVN 46B.
B29: CLÁUSULA DE EXCLUSIÓN DE CONTRATOS (DERECHOS DE TERCERAS PARTES) AVN 72. | E29: Toda reclamación será controlada por la compañía aseguradora, incluyendo el nombramiento del ajustador según sea el caso. Están excluidos de este seguro o reaseguro, los derechos para que una persona que no sea parte en este seguro o reaseguro haga cumplir un mandato de este seguro o reaseguro y / o no haber revocado, modificado o alterado este seguro o reaseguro sin su consentimiento, en virtud de las disposiciones de los contratos
B30: CLÁUSULA DE EXCLUSIÓN DE CONTRATOS (DERECHOS DE TERCERAS PARTES) AVN 72. | E30: Toda reclamación será controlada por la compañía aseguradora, incluyendo el nombramiento del ajustador según sea el caso. Están excluidos de este seguro o reaseguro, los derechos para que una persona que no sea parte en este seguro o reaseguro haga cumplir un mandato de este seguro o reaseguro y / o no haber revocado, modificado o alterado este seguro o reaseguro sin su consentimiento, en virtud de las disposiciones de los contratos
B31: 8.8. | C31: CLÁUSULAS BÁSICAS
B32: REVOCACIÓN DE LA PÓLIZA, CLÁUSULAS O CONDICIONES. Con Termino de Noventa (90) días y para AMIT, AMCCOPH, Terrorismo y Sabotaje diez (10) días. | E32: La aseguradora podrá revocar la póliza, cláusulas o condiciones unilateralmente por la compañía, mediante noticia escrita enviada al asegurado, a su última dirección registrada, con no menos de noventa (90) días y para AMIT Y AMCCOPH diez (10) días, de antelación; contados a partir de la fecha del envío. El asegurado podra pedir la revocación en cualquier momento, según lo previsto en el Código de Comercio. Así mismo, en el caso de que la aseguradora decida no otorgar renovación o prorroga del contrato de seguro, excepto para AMIT, AMCCOPH, Terrorismo y Sabotaje, deberá dar aviso de ello al asegurado con no menos de noventa (90) días de antelación a la fecha de vencimiento de la póliza, en caso contrario se dará por entendido que la aseguradora acepta la renovación o prorroga hasta el límite legal establecido en la Ley 80 de 1993, para la adición de los contratos y manteniendo las mismas condiciones ofertadas en este proceso de aseguradoras.
B33: ERRORES, OMISIONES O INEXACTITUDES | E33: El tomador está obligado a declarar sinceramente los hechos y circunstancias que determinen el estado del riesgo. La inexactitud sobre hechos o circunstancias que, conocidas por la compañía, la hubieren retraído de celebrar el contrato o inducido a estipular condiciones más onerosas, produce la nulidad relativa del seguro. Sin embargo, si se incurriere en errores, omisiones e inexactitudes inculpables al tomador o al asegurado, el contrato no será nulo ni habrá lugar a la aplicación del inciso tercero del artículo 1058 del Código de Comercio sobre reducción porcentual de la prestación asegurada. En este caso se deberá pagar la prima adecuada al verdadero estado del riesgo.
B34: AMPLIACIÓN AVISO DEL SINIESTRO Con termino de noventa (90) días. | E34: Queda convenido y aceptado que el asegurado podrá dar aviso de la ocurrencia del siniestro en un término de noventa (90), siguientes a la fecha en que haya conocido o debido conocer la ocurrencia del mismo.
B35: DESIGNACIÓN O DENOMINACIÓN DE BIENES | E35: La aseguradora acepta el título, nombre, denominación o nomenclatura con que el asegurado identifica o describe los bienes asegurados en sus registros o libros de comercio o contabilidad.
B36: CONOCIMIENTO DEL RIESGO | E36: La Compañía acepta mediante la presente cláusula que la Entidad, le ha brindado la oportunidad para realizar la inspección de los bienes y riesgos a que están sujetos los mismos y el patrimonio del Asegurado, razón por la cual se deja constancia del conocimiento y aceptación de los hechos, circunstancias y, en general, condiciones de los mismos. La compañía se reserva el derecho de llevar a cabo la inspección cuantas veces lo juzgue pertinente.
B37: ANTICIPO DE INDEMNIZACIÓN DEL 50% Se califica en Condiciones Adicionales (Formato No. 3) el aumento del porcentaje ofrecido. | E37: Queda expresamente acordado que, a petición escrita de la Entidad, la aseguradora anticipará pagos parciales sobre el valor de cualquier reclamo, con base en el valor de la estimación preliminar de la pérdida aceptada por el ajustador, para adelantar la reparación, reposición o remplazo de los bienes asegurados. En el caso de que no haya nombramiento de ajustador, el anticipo se liquidará con base en la valoración de la cuantía de la pérdida amparada, acreditada por la entidad mediante cotización de la misma. En caso que el anticipo o suma de anticipos que la compañía adelante al asegurado llegare a exceder la suma total indemnizable a que tenga derecho, éste se compromete a devolver el exceso pagado. Para esta cláusula la aseguradora debe contemplar un plazo máximo para el pago del anticipo de diez (10) días hábiles contados a partir de la fecha de solicitud y formalización del mismo.
B38: MODIFICACIONES A FAVOR DEL ASEGURADO | E38: Los cambios o modificaciones a las condiciones de la presente póliza, serán acordados mutuamente entre la compañía y el asegurado. El certificado, documento o comunicaciones que se expidan para formalizarlos debe ser firmado, en señal de aceptación, por un representante legal del asegurado o funcionario autorizado, prevaleciendo sobre las condiciones de esta póliza. No obstante si durante la vigencia de la póliza se presentan modificaciones en las condiciones del seguro, legalmente aprobadas que representen un beneficio a favor del asegurado, tales modificaciones se consideran automáticamente incorporadas. Siempre y cuando no causen cobro de prima adicional.
B39: NOMBRAMIENTO Y DESIGNACIÓN DE AJUSTADORES | E39: El nombramiento de ajustadores deberá efectuarse de común acuerdo entre la aseguradora y el asegurado, para lo cual la aseguradora presentará para cada reclamo una relación de cinco (5) firmas ajustadoras. No obstante la anterior condición, el asegurador con su propuesta se obliga a presentar la lista de todos sus ajustadores y la Entidad se reserva el derecho de nombrar al ajustador que considere más adecuado o solicitar el cambio de los mismos en caso de que no fueren de su entera satisfacción, sin que para ello se requiera motivación alguna.
B40: VARIACIONES DEL RIESGO | E40: Queda entendido, convenido y aceptado que las notificaciones que sobre los hechos o circunstancias no previsibles que sobrevengan con posterioridad a la celebración del contrato de seguro y que, conforme al criterio consignado en el inciso 1° del artículo 1058 del código de comercio, signifiquen agravación del riesgo, se efectuarán por la Entidad dentro de los noventa (90) días siguientes a la fecha de modificación del riesgo.
B41: NO CONCURRENCIA DE AMPAROS, CLÁUSULAS O CONDICIONES | E41: Queda entendido, convenido y aceptado, que si dos o más amparos, cláusulas o condiciones otorgan cobertura a un mismo evento, se indemnizará con base en aquella que ofrezca mayor protección para los intereses del asegurado. De igual manera prevalecerán los amparos, cláusulas o condiciones que otorguen coberturas sobre aquellos que las excluyan. En todo caso y ante cualquier discrepancia sobre cual es el amparo, cláusula o condición aplicable a un caso determinado, se aplicara aquella o aquellas que en conjunto determine el asegurado de acuerdo a su conveniencia.
B42: NO APLICACIÓN DE GARANTÍAS | E42: Queda expresamente acordado y aceptado que la cobertura otorgada bajo la presente póliza no queda sujeta al cumplimiento de ningún tipo de garantía por parte de la entidad asegurada.
B43: PAGO DE LA INDEMNIZACIÓN | E43: Queda expresamente acordado que la aseguradora acepta efectuar el pago de la indemnización, en dinero o mediante el giro a los contratistas y/o proveedores de servicios o suministro de éstos u otros similares con los cuales la Entidad, decida remplazar, reconstruir, reparar y/o reponer el bien o bienes afectados; y para este último caso la compañía efectuará el pago hasta el monto de su responsabilidad, a petición escrita de la Entidad Asegurada. De todas formas queda convenido que la entidad asegurada se reserva el derecho de determinar si el giro de la indemnización se realiza en dinero o giro a los contratistas y la aseguradora acepta esta condición.
... B55: DETERMINACIÓN DE CONDICIONES Y REQUISITOS PARA EL PAGO DE INDEMNIZACIONES | E55: La aseguradora manifiesta expresamente que acepta los requisitos y documentos contenidos en el ANEXO No. 11 REQUISITOS PARA EL PAGO DE LAS INDEMNIZACIONES, como unicos para la atención y pago de reclamaciones por siniestros. A futuro no podrá exigir documentos o trámites adicionales.
B56: 8.9. | C56: EXCLUSIONES
B57: Esta Póliza no cubre las pérdidas o daños materiales, ni la destrucción física que sean ocasionados directamente por:
B58: 1. Se excluyen las reclamaciones de terceros basadas en la violación de los derechos personalísimos (derecho al honor, a la intimidad o a la propia imagen).
B59: 2. Se excluyen los vuelos autónomos sin control visual por parte del operador.
B60: 3. Se excluye uso recreativo.
B61: 4. Exclusión de cyber virus.
B62: 5. Se excluyen daños como consecuencia de la operación simultánea de dos o más RPA´s por el mismo piloto.
B63: 6. Cláusula de EXCLUSIÓN DE RESPONSABILIDAD POR EVENTO DE DATOS ELECTRÓNICOS- LIIBA AVIATION 12.09.2019
B64: 7. Cláusula de exclusión de asbestos 2488AGM00003
B65: 8. Cláusula de exclusión de los riesgos de guerra, secuestro y otros AVN48B
B66: 9.Cláusula de exclusión de riesgos nucleares AVN 38B
B67: 10. Cláusula de exclusión de reconocimiento de fecha AVN 2000A
B68: 11. Cláusula de sanciones y embargos AVN111
B69: 12. Exclusión absoluta de enfermedades infecciosas o contagiosas: Sin perjuicio de cualquier otra disposición en contrario, se aclara que este seguro no cubre ninguna reclamaión, pérdida, responsabilidad, costo o gasto de cualquier naturaleza que surja directa o indirectamente de, contribuya o resulte de enfermedades, epidemias o pandemias, tales como el Coronavirus (COVID-19), enfermedad respiratoria aguda grave síndrome coronavirus 2 (SARS-CoV-2), o cualquier mutación o variación de los mismos. Esta exclusión también aplica a cualquier reclamo, pérdida, costo o gasto de cualquier naturaleza que surja directa o indirectamente de, en contribución a, o resultante de: 1) Cualquier temor o amenaza que surja en respuesta a una enfermedad infecciosa real o potencial; o 2) Cualquier acción tomada para controlar, prevenir, suprimir o de cualquier manera relacionada con cualquier brote de enfermedades infecciosas tales como coronavirus (COVID-19), coronavirus 2 por síndrome respiratorio agudo severo (SARS-CoV-2), cualquier mutación o variación de los mismos, o de cualquier otra enfermedad, epidemia o pandemia.
B70: 8.10. | C70: COBERTURAS, AMPAROS Y BIENES SIN APLICACIÓN DE DEDUCIBLES EN FORMA OBLIGATORIA
B71: TODA Y CADA PERDIDA: 15% del valor de la pérdida sin minimo
B72: • Responsabilidad Civil Exracontractual: Sin aplicación de deducibles
B73: By: Tiger

Sheet 9. G4 COND. BÁSICAS ACC. P.
B2: SECRETARIA DISTRITAL DE SEGURIDAD, CONVIVENCIA Y JUSTICIA DE BOGOTÁ - SCJ.
B3: ANEXO No. 1 - CONDICIONES OBLIGATORIAS (MÍNIMAS TÉCNICAS)
B4: GRUPO No. 4
B6: 10. PÓLIZA DE ACCIDENTES PERSONALES
B7: 10.1. | C7: INFORMACIÓN GENERAL
B8: TOMADOR: | C8: SECRETARIA DISTRITAL DE SEGURIDAD, CONVIVENCIA Y JUSTICIA DE BOGOTÁ - SCJ. | F8: NIT. | G8: =+'10. G5 COND. BÁSICAS IRF'!G8 -> 899.999.061-9
B9: ASEGURADO: | C9: SECRETARIA DISTRITAL DE SEGURIDAD, CONVIVENCIA Y JUSTICIA DE BOGOTÁ - SCJ. | F9: NIT. | G9: =+G8 -> 899.999.061-9
B10: BENEFICIARIO: | C10: BENEFICIARIOS DE LA PÓLIZA
B11: 10.2. | C11: OBJETO DEL SEGURO
B12: Amparar a los ciudadanos sancionados por infringir el Código de Policía de Bogotá, los cuales se obligan para con el Distrito a realizar trabajos comunitarios por los cuales la SECRETARIA DISTRITAL DE SEGURIDAD CONVIVENCIA Y JUSTICIA - SDSCJ se hace responsable durante el desarrollo de dichas actividades.
B13: 10.3. | C13: GRUPO ASEGURADO
B14: El grupo asegurado de ciudadanos sancionados por infringir el Código de Policía de Bogotá, los cuales se obligan para con el Distrito a realizar trabajos comunitarios por los cuales la SECRETARIA DISTRITAL DE SEGURIDAD CONVIVENCIA Y JUSTICIA - SDSCJ se hace responsable durante el desarrollo de dichas actividades y cuyo numero es de 793 personas.
B15: 10.4. | C15: SISTEMA DE COBRO DE LA PRIMA
B16: Cobro de prima única durante la vigencia de la presente póliza, cobertura en horario en la que se desarrolla la prestación social del(a) sancionado(a)en la Entidad Distrital asignada.
B17: 10.5. | C17: COBERTURAS REQUERIDAS | G17: LÍMITES ASEGURADOS / POR PERSONA
B18: MUERTE ACCIDENTAL | G18: 2000000
B19: INCAPACIDAD TOTAL Y PERMANENTE Y DESMEMBRACIÓN | G19: 2000000
B20: REEMBOLSO POR GASTOS MÉDICOS POR ACCIDENTE | G20: 500000
B21: REEMBOLSO POR GASTOS FUNERARIOS | G21: 500000
B22: RENTA DIARIA POR HOSPITALIZACIÓN EN CASO DE ACCIDENTE POR CINCO (5 ) DÍAS | G22: 30000
B23: 10.6. | C23: DEFINICIONES
B24: ACCIDENTE | E24: Se entiende por accidente el hecho violento, externo, visible y fortuito que produzca durante la vigencia de la póliza, en la integridad física del asegurado, lesiones corporales evidenciadas por contusiones o heridas visibles o lesiones internas médicamente comprobadas o ahogamiento.
B25: MUERTE ACCIDENTAL | E25: Para los efectos de los amparos contenidos en la póliza, se define como accidente: el hecho violento, externo, imprevisto, repentino e independiente de la voluntad del alumno asegurado, que cause la muerte o lesiones corporales en la integridad física, evidenciadas por contusiones o heridas visibles o lesiones internas médicamente comprobadas.
B26: INCAPACIDAD TOTAL Y PERMANENTE Y DESMEMBRACIÓN | E26: Si como consecuencia de un accidente le produce al asegurado inhabilitación o desmembración diagnosticada la aseguradora reconocerá la indemnización correspondiente de acuerdo al valor asegurado.
B27: REEMBOLSO POR GASTOS MÉDICOS POR ACCIDENTE | E27: Si como consecuencia directa de un accidente, el asegurado requiere, asistencia medica, quirúrgica, hospitalaria, ambulatoria, farmacéutica, prótesis; la aseguradora reembolsará los gastos causados hasta el valor asegurado, incluido gastos de traslado. Los oferentes indemnizarán hasta el límite establecido en la póliza y dentro de los términos y con sujeción a las condiciones de este seguro, los gastos razonables que se causen, por concepto de primeros auxilios inmediatos, servicios médicos, quirúrgicos, de ambulancia de hospital, de enfermeras y medicamentos, como consecuencia de las lesiones corporales producidas a la población asegurada por la SECRETARIA DISTRITAL DE SEGURIDAD CONVIVENCIA Y JUSTICIA.
B28: REEMBOLSO POR MEDICAMENTOS | E28: En caso de afectacion de la poliza y cuando la aseguradora no tenga convenio con la drogueria o drogerias, estos aplicaran bajo la modalidad de reembolso. Para lo cual se debera adjuntar facturas originales, historia medica y formato de autorizacion por la SECRETARIA DISTRITAL DE SEGURIDAD CONVIVENCIA Y JUSTICIA.
B29: 10.7. | C29: COBERTURAS BÁSICAS
B30: MUERTE ACCIDENTAL | E30: La aseguradora se compromete expresamente a reconocer al beneficiario o beneficiarios la suma asegurada individual establecida en estas condiciones particulares, si como consecuencia del accidente amparado sobreviene la muerte del asegurado.
B31: INCAPACIDAD TOTAL Y PERMANENTE | E31: La aseguradora se compromete expresamente a indemnizar al asegurado la Incapacidad Total y Permanente que produzca lesiones orgánicas o alteraciones funcionales incurables, que de por vida impidan a la persona desempeñar cualquier trabajo o actividad.
B32: DESMEMBRACIÓN | E32: Se entiende por desmembración cuando en asegurado durante la vigencia de la póliza padeciere como consecuencia de accidente amparado la pérdida funcional o inutilización corporal descritas en la tabla pertinente.
B33: AMPARO AUTOMÁTICO PARA CUALQUIER PERSONA QUE ENTRE A FORMAR PARTE DEL GRUPO ASEGURADO. | E33: Amparo Automátco a los ciudadanos sancionados por infringir el Código de Policía de Bogotá, los cuales se obligan para con el Distrito a realizar trabajos comunitarios por los cuales la SECRETARIA DISTRITAL DE SEGURIDAD CONVIVENCIA Y JUSTICIA - SDSCJ se hace responsable durante el desarrollo de dichas actividades sin exigencia de requisitos de asegurabilidad adicionales y/o aplicación de límite de edad y/o de preexistencias.
B34: NO APLICACIÓN DE LA CLÁUSULA DE PREEXISTENCIAS PARA LA CONTRATACIÓN DEL SEGURO NI PARA LOS INGRESOS DE PERSONAL | E34: Queda entendido, convenido y aceptado, que la aseguradora no aplicará la cláusula de prexistencia para la contratación del seguro ni para los ingresos de personal a la póliza.
B35: INDEMNIZACIÓN A BENEFICARIOS DE LEY | E35: En caso de muerte por cualquier causa accidental, la indemnización será girada por la aseguradora a quien demuestre ser beneficiario de ley del fallecido.
B36: PAGO INDEMNIZATORIO POR DESMEMBRACIÓN | E36: Cuando como consecuencia de un accidente haya lugar a pagar beneficios por desmembracion y despues, como consecuencia del mismo accidente, el asegurado quedará incapacitado en forma total y permanente; la aseguradora pagará De acuerdo a los porcentajes establecidos en la siguiente tabla de indemnizaciones.
E37: Perdida total e irreparable de la vista por ambos ojos | G37: 1
E38: Perdida de ambos pies por encima del tobillo o ambas manos por encima de la muñeca | G38: 1
E39: Perdida de una mano y un pie | G39: 1
E40: Perdida de una mano o un pie y la visión de un ojo | G40: 1
E41: Perdida total e irrecuperable de la audicion y el habla | G41: 1
E42: Perdida total e irreparable de la audición por ambos oídos | G42: 0.8
E43: Perdida del brazo derecho o izquierdo según sea diestro o zurdo | G43: 0.7
E44: Perdida de un pie conservando el talón, o de una mano conservando la muñeca | G44: 0.5
E45: Pérdida total e irreparable del habla | G45: 0.5
E46: Perdida del dedo pulgar de la mano derecha si es diestro o de la izquierda si es zurdo | G46: 0.25
E47: Perdida del dedo pulgar de la mano derecha o izquierda contralateral a su destreza | G47: 0.15
E48: Perdida de un dedo de la mano, excepto el pulgar | G48: 0.1
... E50: Perdida de un dedo del pie excepto el grueso artejo | G50: 0.05
B51: 10.8. | C51: CLÁUSULAS BÁSICAS
B52: NO REVOCACIÓN DE LA PÓLIZA, CLÁUSULAS O CONDICIONES. | E52: Queda convenido y acordado que de conformidad con lo previsto en el Articulo 1159, del Código de Comercio, el asegurador no podrá, en ningún caso, revocar unilateralmente el contrato de seguro, incluidos sus amparos adicionales.
B53: AMPLIACIÓN DEL AVISO DE SINIESTRO. Término de noventa (90) días. | E53: La póliza extiende el término de aviso de la ocurrencia del siniestro, por parte del asegurado a un término de noventa (90) días siguientes a la fecha en que lo haya conocido o debido conocer.
B54: MODIFICACIONES A FAVOR DEL ASEGURADO | E54: Los cambios o modificaciones a las condiciones de la presente póliza, serán acordados mutuamente entre la compañía y el asegurado. El certificado, documento o comunicaciones que se expidan para formalizarlos debe ser firmado, en señal de aceptación, por un representante legal del asegurado o funcionario autorizado, prevaleciendo sobre las condiciones de esta póliza. No obstante si durante la vigencia de la póliza se presentan modificaciones en las condiciones del seguro, legalmente aprobadas que representen un beneficio a favor del asegurado, tales modificaciones se consideran automáticamente incorporadas.
B55: ERRORES, OMISIONES O INEXACTITUDES | E55: El tomador está obligado a declarar sinceramente los hechos y circunstancias que determinen el estado del riesgo. La inexactitud sobre hechos o circunstancias que, conocidas por la compañía, la hubieren retraído de celebrar el contrato o inducido a estipular condiciones más onerosas, produce la nulidad relativa del seguro. Sin embargo, si se incurriere en errores, omisiones e inexactitudes inculpables al tomador o al asegurado, el contrato no será nulo ni habrá lugar a la aplicación del inciso tercero del artículo 1058 del Código de Comercio sobre reducción porcentual de la prestación asegurada. En este caso se deberá pagar la prima adecuada al verdadero estado del riesgo.
B56: COMPROMISO PARA EL PAGO DE LAS INDEMNIZACIONES Plazo de treinta (30) días calendarios. | E56: Bajo esta condición la aseguradora se compromete al pago de la indemnización dentro del plazo establecido, una vez el asegurado demuestre ocurrencia y cuantía.
B57: EXTENSIÓN DE COBERTURA POR MUERTE PRESUNTA Y/ O DESAPARICIÓN | E57: En caso de desaparecimiento de algún asegurado bajo la presente póliza, la aseguradora pagará en calidad de anticipo el cincuenta (50%) de la indemnización correspondiente, previa presentación y aceptación de la demanda de presunción de muerte por desaparecimiento ante la autoridad competente, sin que por el término establecido para presentar la misma (dos años después de la desaparición) de acuerdo con lo establecido en el artículo 97 del Código Civil, haya lugar a la aplicación de la prescripción ordinaria del artículo 1081 del Código de Comercio; previa constitución de la caución consagrada en el artículo 1145 del Código de Comercio. El saldo, es decir, el otro 50%, se pagará con la presentación del fallo ejecutoriado. Para efecto de la fecha de ocurrencia del siniestro ésta corresponderá a la fecha de desaparecimiento del asegurado de acuerdo con el aviso presentado ante la autoridad competente
B58: CONOCIMIENTO DEL RIESGO | E58: La Compañía acepta mediante la presente cláusula que la Entidad, le ha brindado la oportunidad para realizar la inspección de los bienes y riesgos a que están sujetos los mismos y el patrimonio del Asegurado, razón por la cual se deja constancia del conocimiento y aceptación de los hechos, circunstancias y, en general, condiciones de los mismos. La compañía se reserva el derecho de llevar a cabo la inspección cuantas veces lo juzgue pertinente.
B59: APLICACIÓN DE TASA ÚNICA PARA TODOS LOS EFECTOS | E59: Queda entendido, convenido y aceptado que el cálculo de la prima anual se efectuará tomando una tasa única para todos los asegurados
B60: CLÁUSULA DE JURISDICCION Y SOLUCION DE CONTROVERSIAS | E60: Toda y cualquier diferencia que surja entre las partes por la interpretación del presente contrato, su ejecución, cumplimiento, terminación o las consecuencias futuras del mismo, será dirimida bajo la jurisdicción y legislación de la República de Colombia. Las diferencias y controversias que surjan se solucionarán con sujeción a las siguientes instancias que se agotarán de forma sucesiva o a elección de las partes, así: a). Arreglo Directo: Las partes tratarán de resolver sus diferencias de forma directa y entre ellas mismas dentro del plazo de quince (15) días contados a partir de la notificación escrita en que cualquiera de ellas informe a la otra de un conflicto o controversia orIginado en el contrato. b). Conciliación: Agotado el plazo anterior sin que las partes lograsen un acuerdo por si mismas, acudirán a la asistencia de un conciliador legalmente autorizado que se designará y actuará según los parámetros establecidos por la Ley 446 de 1998 y el decreto 1818 del mismo año, la etapa de conciliación durará un mes (1) desde el momento en que las partes o cualquiera de ellas radique la solicitud de conciliación respectiva, en caso de lograrse la conciliación la misma producirá efectos de cosa juzgada entre las partes, en caso contrario agotará el requisito de procedibilidad para acudir a la jurisdicción ordinaria o arbitral según corresponda, de acuerdo con los literales c) y d) de la presente cláusula. c). Jurisdicción Ordinaria: Agotadas las instancias anteriores, si la cuantía de las pretensiones derivadas de la diferencia que surja entre las partes por la interpretación del presente contrato, su ejecución, cumplimiento, terminación o las consecuencias futuras del mismo, no excediere de 220 SMMLV las partes sujetarán su controversia a la decisión del juez de instancia que corresponda según la cuantía y competencia en arreglo a lo previsto por el código de procedimiento Civil. d). Jurisdicción Arbitral: Agotadas las instancias anteriores, si la cuantía de las pretensiones derivadas de la diferencia que surja entre las partes por la interpretación del presente contrato, su ejecución, cumplimiento, terminación o las consecuencias futuras del mismo, se llevará el conflicto a la decisión de un Tribunal de Arbitramento Institucional cuyo domicilio será la ciudad de Bogotá D.C., el Tribunal estará integrado por un (1) árbitro que será designado conjuntamente por las partes dentro de los quince (15) días hábiles siguientes al envío de la comunicación por correo certificado que una de ellas le haga llegar a la otra solicitando la conformación del Tribunal; en caso de desacuerdo o falta de respuesta de la parte requerida, la otra parte podrá solicitar la designación y conformación del Tribunal al centro de Arbitraje y Conciliación de la Cámara de Comercio de la ciudad de Bogotá D.C.. El Tribunal así conformado funcionará en la ciudad de Bogotá D.C. y el laudo deberá proferirse en derecho, sujetándose en un todo al Decreto 2279 de 1.989, la ley 23 de 1.991, a la Ley 446 de 1.998, sus decretos reglamentarios y demás normas que regulan esta figura judicial.
B62: LIQUIDACIÓN A PRORRATA EN CASO DE CANCELACIÓN DE LA PÓLIZA POR PARTE DEL ASEGURADO | E62: Bajo esta cláusula la aseguradora debe aceptar que en caso de cancelación de la póliza por parte del asegurado, la devolución de las primas respectivas se realizará a prorrata.
B63: LIQUIDACIÓN A PRORRATA PARA PRÓRROGA DE LA VIGENCIA | E63: En caso de que el asegurado lo requiera, la aseguradora realizara la liquidación de la prima de la prorroga a prorrata con las mismas tasas y condiciones de la póliza inicial. Siempre y cuando la siniestralidad de la póliza no sea mayor al 50%, en el caso que la siniestralidad supere el 50% la aseguradora acordará con el asegurado las condiciones en que se otorgará la prórroga.
B64: CLÁUSULA DE CONDICIONES PARTICULARES | E64: Queda expresamente acordado y convenido, que la aseguradora acepta las condiciones obigatorias (mínimas técnicas) establecidas en este anexo, en los términos señalados en el mismo, por lo tanto, en caso de existir discrepancia ente los ofrecimientos contenidos en la propuesta técnica básica, frente a los textos de los ejemplares de las pólizas, certificados, anexos o cualquier otro documento; prevalecerá la información y condiciones básicas técnicas establecidas de este anexo, de igual forma en caso de encontrarse contradicción en alguna condición prevalecerá la de mayor beneficio para el asegurado.
B65: DETERMINACIÓN DE CONDICIONES Y REQUISITOS PARA EL PAGO DE INDEMNIZACIONES | E65: La aseguradora manifiesta expresamente que acepta los requisitos y documentos contenidos en el ANEXO No. 11 REQUISITOS PARA EL PAGO DE LAS INDEMNIZACIONES, como unicos para la atención y pago de reclamaciones por siniestros. A futuro no podrá exigir documentos o trámites adicionales.
B66: 10.9. | C66: COBERTURAS Y AMPAROS SIN APLICACIÓN DE DEDUCIBLES EN FORMA OBLIGATORIA
B67: La Entidad, requiere oferta de cobertura SIN APLICACIÓN DE DEDUCIBLE, para las coberturas y amparos de está póliza y por lo tanto el proponente con la firma del FORMATO No. 2 - CARTA DE ACEPTACIÓN DE LAS CONDICIONES OBLIGATORIAS (MÍNIMAS TÉCNICAS), admite esta condición de No aplicación de deducible, so pena de rechazo de oferta.
B68: Teniendo en cuenta que esta póliza no contempla deducibles por tanto este factor no será objeto de evaluación, razón por la cual el puntaje de esta aspecto será sumado al puntaje establecido para la evaluación del factor económico de MAYOR VIGENCIA, es decir que este factor tendrá un puntaje total de setenta y tres (73) puntos.
B69: By: Tiger

Sheet 10. G5 COND. BÁSICAS IRF
B2: =+'8. G3 COND. BÁSICAS DRONES'!B2:G2 -> SECRETARIA DISTRITAL DE SEGURIDAD, CONVIVENCIA Y JUSTICIA DE BOGOTÁ - SCJ.
B3: ANEXO No. 1 - CONDICIONES OBLIGATORIAS (MÍNIMAS TÉCNICAS)
B4: GRUPO No. 5.
B6: 9. PÓLIZA DE INFIDELIDAD Y RIESGOS FINANCIEROS
B7: 9.1. | C7: INFORMACIÓN GENERAL
B8: TOMADOR: | C8: =+'8. G3 COND. BÁSICAS DRONES'!C8:E8 -> SECRETARIA DISTRITAL DE SEGURIDAD, CONVIVENCIA Y JUSTICIA DE BOGOTÁ - SCJ. | F8: NIT. | G8: =+'8. G3 COND. BÁSICAS DRONES'!$G$8 -> 899.999.061-9
B9: ASEGURADO: | C9: =+C8 -> SECRETARIA DISTRITAL DE SEGURIDAD, CONVIVENCIA Y JUSTICIA DE BOGOTÁ - SCJ. | F9: NIT. | G9: =+G8 -> 899.999.061-9
B10: BENEFICIARIO: | C10: =+C9 -> SECRETARIA DISTRITAL DE SEGURIDAD, CONVIVENCIA Y JUSTICIA DE BOGOTÁ - SCJ. | F10: NIT. | G10: =+G8 -> 899.999.061-9
B11: 9.2. | C11: OBJETO DEL SEGURO
B12: Amparar bajo las condiciones de la Póliza de Infidelidad de Riesgos Financieros – IRF, las perdidas, daños y gastos en que tenga que incurrir la SECRETARIA DISTRITAL DE SEGURIDAD, CONVIVENCIA Y JUSTICIA, a consecuencia de los riesgos a que está expuesto en el giro de su actividad, causados por empleados, terceros o en complicidad con éstos.
B13: 9.3. | C13: LÍMITE ASEGURADO EVENTO /AGREGADO VIGENCIA
B14: Oferta Básica: Ver Anexo Formulario de Infideldad y Riesgos Financieros | E14: $14.000.000.000 Evento / Agregado vigencia
B15: NOTA: No se acepta la presentación de condiciones o subjetividades que establezcan condicionamiento para el otorgamiento o expedición de la póliza, tales como: sujeción a envío de información a satisfacción de suscriptores, confirmación de cambios materiales, estudio de riesgos dentro de la vigencia del seguro, entre otros; la propuesta que contenga este tipo de condiciones será objeto de rechazo para la presente póliza.
B16: 9.5. | C16: COBERTURAS BÁSICAS (Se precisa que las condiciones, coberturas y cláusulas de esta póliza aplican para las pérdidas derivadas de infidelidad de empleados, solos o en concurso con otros, o con terceros, con la intención manifiesta de hacer que el asegurado sufra dicha pérdida.)
B17: Clausulado DHP-84. Se eliminan las Condiciones Precedentes a Responsabilidad del Clausulado DHP84 y se modifican por exclusiones.
B18: INFIDELIDAD | E18: Actos deshonestos o fraudulentos de los empleados públicos y trabajadores (Texto DHP-84), con cambios en la cláusula de Infidelidad por KFA81.
B19: PREDIOS DHP84 | E19: Como consecuencia de la pérdida de cualquier propiedad bien sea por hurto, sustracción, medios fraudulentos o desaparición misteriosa e inexplicable, o que sea dañada, destruida o extraviada, de cualquier manera, o sea causado por cualquier persona o personas mientras tal propiedad se encuentra dentro de cualquier predio, situado en cualquier lugar, incluyendo tráiler, móviles y/o predios similares usados temporalmente por el Asegurado para el manejo de su negocio, excepto mientras estén en el correo o con un transportador contratado, distinto de una compañía transportadora con vehículos blindados para su transporte. Como consecuencia de la pérdida de cualquiera de los bienes de la propiedad, definidos en la Sección Tercera Definiciones, literal C, en poder de cualquier cliente del Asegurado o de cualquier representante de dicho cliente, ya sea o no el Asegurado legalmente responsable de su pérdida. (i) por cualquier causa mientras tal propiedad se encuentre dentro de cualquiera de los predios del Asegurado, o
E20: (ii) mediante robo mientras dicho cliente o representante este tramitando negocios con el Asegurado en una ventanilla exterior, cajero automático u otra instalación similar proporcionada por el Asegurado para este fin, o mientras dicho cliente o representante se encuentre dentro de cualquier edificio, acceso, parqueadero o lugar similar mantenido por el Asegurado para conveniencia de tales clientes o representantes, siempre que su presencia en dichos predios sea con el propósito de hacer transacciones bancarias con el Asegurado, sujeto siempre a las disposiciones de la Condición 3, y excluyendo, en todos los casos, pérdidas causadas por tal cliente o representante. Como consecuencia de la pérdida o daño causado a los muebles y enseres, instalaciones, equipo (excepto computadores y su equipo periférico), papelería y elementos de oficina, suministros, enseres, o cajas de seguridad y bóvedas que se encuentren dentro de los predios del Asegurado, causados por robo, hurto, hurto calificado, atraco o cualquier intento, o por vandalismo o acto malintencionado, exceptuando siempre toda pérdida o daño causado por incendio; Como consecuencia de la pérdida por daño causado a los predios, o el interior de dichos predios, causados por robo, hurto, hurto calificado, atraco o cualquier intento, o por vandalismo o acto malintencionado. Previsto siempre y cuando el Asegurado sea el propietario de tales predios, muebles y enseres, instalaciones, equipo (excepto computadores y su equipo periférico), papelería y elementos de oficina, suministros, enseres, o cajas de seguridad y bóvedas que se encuentren dentro de los predios del Asegurado, causados por robo, hurto, hurto calificado, atraco o cualquier intento, o por vandalismo o acto malintencionado, exceptuando siempre toda pérdida o daño causado por incendio.
B21: TRÁNSITO DHP84 | E21: La aseguradora se compromete a indemnizar al asegurado las pérdidas directas causadas por la destrucción, la desaparición o hurto de dinero o títulos valores fuera de los predios, mientras que se encuentren transportados por el asegurado, un socio, un empleado, una compañía de transporte de valores, o por cualquier otra persona debidamente autorizada por el asegurado para tener custodia de ellos, o mientras se encuentren temporalmente en la residencia del asegurado, un socio, un empleado, o cualquier otra de tales personas, la cobertura bajo este amparo también incluirá la indemnización por las pérdida o daño de otras propiedades por hurto calificado o por un intento de ello fuera del predio, mientras que la propiedad esté siendo transportada.
B22: FALSIFICACIÓN O ADULTERACIÓN DHP 84 | E22: La presente póliza cubre pérdidas como consecuencia de falsificación o alteración de cheques, giros, letras de cambio, aceptaciones, ordenes de pago, certificados de depósito, cartas de crédito, garantías, giros postales, recibos para retiro de fondos y similares. Así mismo, la transferencia, pago o entrega de fondos, constitución de créditos, entrega de bienes asegurables con base en instrucciones escritas, telegráficas, cablegráficas o hechas por teletipo, dirigidas al asegurado, las cuales habiendo sido alteradas o siendo falsas, aparenten haber sido firmadas o endosadas por algún cliente del asegurado o por una institución bancaria sin consentimiento de estos.
E23: Como consecuencia de la transferencia, pago o entrega de cualquiera fondos o bienes, la constitución de cualquier crédito, la entrega de cualquier bien asegurable, confiando en cualquier instrucción escrita o aviso dirigido al Asegurado y autorizando o reconociendo tal transferencia, pago entrega o recibo de fondos o bienes, cuyas instrucciones o avisos aparentan haber sido firmados o endosados por cualquier cliente del Asegurado o por cualquier otra institución bancario pero que dichas instrucciones o avisos ya sea que lleven la firma o el endoso falsificado o hayan sido alterados sin conocimiento y consentimiento de tal cliente o institución bancario. Las instrucciones o avisos como se menciona anteriormente, telegráficas, cablegráficas o por teletipo, enviadas por una persona diferente del cliente del Asegurado o institución bancario aparentando como que han enviado tales instrucciones o avisos serán consideradas como firmas falsificada. También, como consecuencia del pago por parte del Asegurado de cualquier pagaré, pagadero en cualquier oficina del Asegurado el cual pruebe que lleva un endoso falsificado. Queda convenido que cualquier cheque o giro pagadero a un beneficiario ficticio y endosado a nombre del mismo o efectuado en una transacción cara a cara con el creador o girador de este o cualquiera suplantando a otro, pagadero a aquel suplantado y endosado por cualquier persona diferente del suplantado, será considerado como un endoso falsificado. Las firmas facsímiles mecánicamente reproducidas serán consideradas como firmas manuscritas.
B24: FALSIFICACIÓN EXTENDIDA | E24: Mediante la presente cobertura, el amparo de falsificación se extiende a cubrir las pérdidas ocurridas por compra, adquisición, aceptación, recibo, venta, envío u otorgamiento de algún valor, concesión de crédito, asunción de alguna obligación o en general actuación de buena fe sobre cualquier título valor, documento y otro instrumento escrito, que haya sido falsificado o adulterado en cuanto a la firma de cualquier girador, librador, emisor, endosante, cedente, arrendatario, intermediario, aceptante o fiador, o que hubiese sido borrado, alterado, perdido o hurtado. Así mismo, la garantía otorgada por escrito sobre cualquier título o documento que transfiera o pretenda transferir un título.
B25: PÉRDIDA DE GIROS POSTALES | E25: La presente cobertura opera únicamente con respecto a falsificación.
B26: CRIMEN POR COMPUTADOR (Extensión de crimen por computador según el texto LSW-983) cláusulas 1 a 7.) | E26: Se amparan las pérdidas a través de sistemas de computo, para los sistemas usados por el asegurado.
B27: DINERO FALSIFICADO | E27: Bajo esta cobertura se amparan las pérdidas a consecuencia de la recepción de buena fe, por parte del asegurado, de cualquier papel moneda o dinero falsificado o alterado.
B28: MONEDA FALSIFICADA | E28: Para monedas de todo el mundo.
B29: EXTENSIÓN DE DIRECTORES Miembros de la Junta Directiva, cuando sean funcionarios del asegurado. Texto HANC70 | E29: Se amparan lo Miembros de Junta Directiva mientras actúen en sus funciones ejecutivas y administrativas en las operaciones normales de la actividad del Asegurado. Según texto HANC 70 y/o cualquier otro texto que contenga la misma cobertura solicitada.
B30: PÉRDIDA DE DERECHO DE SUSCRIPCIÓN DHP84 | E30: Pérdida de derechos de suscripción, conversión, rescate por extravío o pérdida de títulos valores y otros instrumentos negociables, en cualquier predio o en tránsito mediante mensajero o en vehículos blindados.
B31: COBERTURA PARA TRANSACCIONES INCOMPLETAS | E31: Se cubren las pérdidas que resulten directamente de la responsabilidad del asegurado con respecto a terceros como consecuencia directa del incumplimiento, falla o incapacidad del asegurado para completar cualquier transacción debido a: a) Pérdida de dineros y títulos valores como resultado directo de hurto, hurto calificado, extravío, desaparición misteriosas e inexplicable, sustracción, y el daño o destrucción de dinero y títulos valores mientras éste en tránsito en o hacia cualquier parte o mientras esté guardada o depositada en oficinas o instalaciones localizadas en cualquier parte. b) Pérdida que resulte directamente cuando el asegurado, de buena fe, actúe, negocie maneje o posea, por cualquier razón dinero y títulos valores que resulte ser: (i) falsa o (ii) fraudulentamente alterada, o (iii) falsificada, o (iv) perdida o hurtada c) Pérdidas que resulten directamente cuando el asegurado haya sido engañado con respecto a la identidad de alguna persona con el fin de comprar o vender dinero y títulos valores.
B32: AMPARO ADICIONAL FRAUDES POR INTERNET | E32: La aseguradora conviene en incluir bajo la sección de amparos de la cobertura de crimen por computador LSW 983, el siguiente amparo adicional: En razón de que el asegurado haya transferido, pagado o entregado cualesquiera fondos, establecido algún crédito, debitado alguna cuenta o dado algún valor confiado en alguna comunicación electrónica fraudulenta dirigida al asegurado autorizando o acusando recibo de la transferencia, pago, entrega o recepción de fondos y que fraudulentamente pretendan haber sido enviadas por un cliente, por una institución financiera o entre oficinas del asegurado, pero tales comunicaciones electrónicas no fueron enviadas por dicho cliente, institución financiera u oficina; o como resultado directo del ingreso, modificación o destrucción fraudulenta de datos electrónicos por una persona con el propósito de causar que el asegurado sufra una pérdida o para obtener una ganancia personal indebida para si mismo o para otra persona en las que dichas comunicaciones electrónicas o datos electrónicos fueron transmitidos a través de internet al sistema de computadores del asegurado.
E33: Definición Especial: "INTERNET" significa el grupo mundial de redes conectadas que permite el acceso a la red de computadores del asegurado a través de proveedores de servicios en línea usando el servicio de llamada telefónica, líneas de suscriptor digital, líneas de red digital de servicio integrado, acceso por cable o modem o medios similares de transferencia. Como una condición precedente a los derechos a ser indemnizado bajo esta póliza, el asegurado mantendrá para todos los sistemas de computador cubiertos por esta póliza un método de autenticación electrónica para la seguridad e integridad de los datos electrónicos y transmisiones de comunicaciones electrónicas e identificación del remitente el cual: 1) Autenticará la identidad de o información del remitente de los datos o comunicación; 2) Confirmará que los datos o comunicaciones no fueron alterados o modificados durante la transmisión; y 3) Verificará, que los datos o comunicaciones fueron enviados por el remitente y que el remitente tiene la autoridad requerida para ello.
E34: Definición Especial "AUTENTICACIÓN ELECTRÓNICA", como se usa en esta cláusula se refiere a aquellas tecnologías que proporcionan firmas electrónicamente manuscritas, números pin virtuales, firmas digitales, criptogramas públicos cifrados, tarjetas inteligentes o métodos similares de tecnología o encriptación.
B35: COBERTURA PARA COSTOS DE LIMPIEZA Sublímite de $310.000.000 evento / vigencia. Se califica en Condiciones Adicionales (Formato No. 3) el aumento del sublímite. | E35: Mediante esta cobertura la aseguradora se compromete a indemnizar al asegurado por todos los gastos incurridos y/o honorarios pagados por el asegurado (todos con la aprobación previa de los aseguradores dada por escrito) para la verificación y reconstitución de instrucciones computarizadas electrónicas que hayan sido preparadas o modificadas de manera fraudulenta de manera que puedan dar origen a un siniestro bajo las cláusulas de seguro aplicables de esta póliza.
B36: ANEXO DE COSTO FINANCIERO Sublímite de $140.000.000 por mes y límite de 9 meses de $1.260.000.000. | E36: Se reconocerá al asegurado una tasa del 1.5% mensual con un límite máximo de indemnización de 9 meses pagadero por mes y sujeto a un límite $140.000.000 por mes y límite total de 9 mesese $1.260.000.000 parte del límite total agregado de la póliza. El deducible será de treinta (30) días del período de indemnización y dicho período no excederá de nueve (9) meses por evento. Se excluye la pérdida o extravío negligente de títulos valores. “Lo anterior sujeto a carta de liberación de responsabilidad por parte del asegurado”.
B37: TERMINAL DE COMUNICACIONES EXTENDIDA PARA INCLUIR COMPUTADORES PERSONALES MIENTRAS SE ENCUENTRAN COMO TERMINALES SEGÚN TEXTO LSW983 | E37: Mediante la presente cobertura se amparan los terminales de comunicaciones extendiendo los mismos para incluir los computadores personales mientras se encuentran como terminales según texto LSW983
B38: ANEXO DE REPOSICIÓN PARA DINEROS Y TÍTULOS VALORES | E38: En caso de pérdida o daño a títulos valores, como se define en la póliza resultante de cualquier accidente, incendio u otra causa cubierta bajo la presente, entonces la responsabilidad de la compañía bajo ésta cláusula estará limitada a los gastos y/o costos incurridos por el asegurado en la reimpresión y/o obtención de reexpedición de los títulos valores perdidos y/o dañados. No obstante lo anterior, dichos títulos valores deberán previamente ser considerados totalmente destruidos o irremediablemente perdidos, ser subsecuentemente presentados por terceras partes y finalmente ser pagados por el expedidor, entonces la compañía de la presente indemnizarán al asegurado por el valor total de dichos títulos valores como fue pagado por el expedidor. Sujeto siempre a los términos, condiciones y exclusiones de la póliza como se especifica en la misma. Los demás términos, condiciones y/o excepciones no modificados por el presente anexo continúan vigentes.
B39: EXTENSIÓN DE EXTORSIÓN A PERSONAS | E39: Extensión de extorsión a personas, excluyendo el secuestro y propiedad de acuerdo a las disposiciones legales colombianas y excluyendo daños a oficinas y contenidos. Se excluyen pérdidas por pagos efectuados bajo amenaza de secuestro y/o rescates efectuados para liberar a personas secuestradas. No obstante, lo que se estipule en esta cláusula, se excluye absolutamente cualquier reclamación y/o pérdida que surja de, esté relacionada con o sea consecuencia de amenaza cibernética y/o extorsión cibernética y/o ciber extorsión y/o ransomeware.”
B40: EXTENSIÓN DE COBERTURA DE INCENDIO, TERREMOTO Y LÓNEAS ALIADAS INCLUIDOS ACTOS DE LA NATURALEZA PARA DINERO Y/O TÍTULOS VALORES | E40: Se incluye extensión de incendio, terremoto y líneas aliadas incluido actos de la naturaleza para dinero y/o títulos valores, opera bajo el amparo de infidelidad de riesgos financieros precisando que es derivada de los actos de infidelidad de los funcionarios. Se excluyen daños a oficinas y sus contenidos.
B41: DESAPARICIÓN MISTERIOSA EN PREDIOS TEXTO DHP84 | E41: Desaparición misteriosa en predios de dineros y/o títulos valores.
B42: ENDOSO DE FALSIFICACIÓN SEGÚN TEXTO DHP84 | E42: Endoso de falsificación de télex codificado, fax e instrucciones escritas incluyendo e-mails y facsímiles.
B43: CLÁUSULA DE EXCLUSIÓN DE TERRORISMO NMA2921 | E43: La aseguradora acepta la exclusión la cláusula de Exclusión de Terrorismo NMA2921
B44: COBERTURA DE HUELGA, MOTIN, CONMOCIÓN CIVIL O POPULAR Y ACTOS MAL INTENCIONADOS DE TERCEROS (TEXTO NMA-1387) Sublímite de $500.000.000 evento / vigencia. Se califica en Condiciones Adicionales (Formato No. 3) el aumento del sublímite. | E44: Cobertura de huelga, motín, conmoción civil o popular y actos mal intencionadas de terceros para dineros y títulos valores. Según texto NMA-1387, para pérdidas derivadas de infidelidad de empleados | F44: Mediante Adenda se incluyó el texto resaltado en color rojo
B45: RETROACTIVIDAD | E45: 30 de mayo de 2011, al inicio para cualquier incremento de límite asegurado y nuevas coberturas (sin interrupción de vigencias). | F45: Mediante Adenda se incluyó el texto resaltado en color rojo
